Workbook
Name _2PAGE2_4: #N/A
Name _4PAGE2_4: #N/A
Name abcdef: #N/A
Name CASH: [2]Sheet2!#REF!
Name CASH: [2]Sheet2!#REF!
Name CASH: [2]Sheet2!#REF!
Name CASH: [2]Sheet2!#REF!
Name CASHFLOW: #REF!
Name CASHFLOW: #REF!
Name CASHFLOW: #REF!
Name CASHFLOW: #REF!
Name G_ÿ_P_: #REF!
Name G_ÿ_P_: #REF!
Name G_ÿ_P_: #REF!
Name G_ÿ_P_: #REF!
Name h: [2]Sheet2!#REF!
Name h: [2]Sheet2!#REF!
Name h: [2]Sheet2!#REF!
Name INPUT_SHEET: #REF!
Name INPUT_SHEET: #REF!
Name INPUT_SHEET: #REF!
Name INPUT_SHEET: #REF!
Name SUMMARY: #REF!
Name SUMMARY: #REF!
Name SUMMARY: #REF!
Name SUMMARY: #REF!
Name TRANSFER: '[3]COLD RM'!#REF!
Name TRANSFER: '[3]COLD RM'!#REF!
Name TRANSFER: '[3]COLD RM'!#REF!

Sheet Cover

Sheet How This Guide Works
J22: This document is to be used for estimates from FEL2 to FEL3a ONLY.
J24: The guide presents some essentail
J25: information for the purposes of a project estimating for the permission.
J27: The rates are based on January 2019. BER Building Cost Report, 2019Q1.

Sheet Contents
G3: Project Life Cycle: | M3: Page 1
G4: User Notes | M4: Page 2
G5: Escalation | M5: Page 3
G6: Trend anaylsis | M6: Page 4
G7: New Building Works
H8: Assumptions & Allowances | M8: Page 5
H9: Cost Rates Summary | M9: Page 6
G10: Building Reburbishment
H11: Assumptions & Allowances | M11: Page 7
H12: Cost Rates Summary | M12: Page 8
G13: Civil Rehabilitation
H14: Assumptions & Allowances | M14: Page 9
H15: Cost Rates Summary | M15: Page 10
H16: Rate Build Up Tool | M16: Page 11
G17: Ground Floor Construction | M17: Page 12
G18: Project Estimate
H19: Project Summary | M19: Page 13
H20: Estimate Example | M20: Page 14
H21: Cashflow | M21: Page 15
H22: Cost Programming | M22: Page 16
H23: Indices | M23: Page 17
G24: Master Apron Stands | M24: Page 18
H25: Code C,E & F Stands | M25: Page 19
H26: Code F, C Taxilane & Service Roads | M26: Page 20
H27: Sample Estimate | M27: Page 21
H28: ICAO Tables (Taxiway) | M28: Page 22
H29: Sketches (Taxiway) | M29: Page 23
G30: Master Taxiways | M30: Page 24
H31: Code F Taxiways | M31: Page 25
H32: Code F Runways | M32: Page 26
H33: Sample Estimate | M33: Page 27
H34: ICAO Tables | M34: Page 28
H35: Sketches | M35: Page 29
G36: Master Runways | M36: Page 30
H37: Code F Runways | M37: Page 31
H38: Sample Estimate | M38: Page 32

Sheet Project Life Cycle
B2: ACSA
B3: CAPITAL PROJECTS LIFE CYCLE
D40: FRONT END LOADING
B41: CAPITAL PROJECTS LIFE CYCLE | C41: FEL STAGES | D41: BUSINESS NEED DEFINED | E41: FEL 1 - CONCEPT STUDY | F41: FEL 2 - PRE-FEASIBILITY | H41: FEL 3 - | M41: FEASIBILITY | S41: IMPLEMENTATION | W41: CLOSE OUT | Y41: OPERATION
H42: A. STRATEGIC / FUNCTIONAL PROJECT BRIEF (EMPLOYERS REQUIREMENTS) DEFINED | M42: B. TECHNICAL DESIGN AND FEASIBILTY
B44: PROJECT LIFE-CYCLE (LEVEL 3 / 4 DETAILED PROCESSES) | C44: PRINCE 2 | D44: Starting up a project | M44: Initiating a project | S44: Managing product delivery | W44: Closing a project
D45: Managing a stage boundary
D46: Controlling a stage
D47: Directing a project
C49: PROCSA | M49: Project Initiation | O49: Inception | P49: Concept and Viability | R49: Design Development | S49: Documentation and Procurement | U49: Construction | W49: Close Out
C51: SACPCMP | M51: Project Initiation and Briefing | P51: Concept and Feasibility | R51: Design Development | S51: Tender Documentation and Procurement | U51: Construction Documentation and Management | W51: Project Close Out
C53: ECSA | M53: Inception | P53: Concept and Viability | R53: Design Development | S53: Documentation and Procurement | U53: Contract Administration and Inspection | W53: Close Out
C55: SACAP | M55: Inception | P55: Concept and Viability | R55: Design Development | S55: Documentation and Procurement | U55: Construction | W55: Close Out
C57: SACQSP | M57: Inception | P57: Concept and Viability | R57: Design Development | S57: Documentation and Procurement | U57: Construction | W57: Close Out
C59: PMBOK | M59: Initiating | P59: Planning | S59: Executing | W59: Closing
M60: Monitoring and Controlling
C62: SIPDM | H62: Stage 0 - Project Initiation | I62: Stage 1 - Infrastructure Planning | J62: Stage 2 - Strategic Resourcing | K62: Stage 3(a) - Prefeasilibity | L62: Stage 3(b) - Preparation and Briefing | M62: Stage 4 - Concept and Viability or Feasibility | R62: Stage 5 - Design Development | S62: Stage 6(a) - Design Documentation - Production Information | T62: Stage 6(b) - Manufacture, fabrication and construction information | U62: Stage 7 - Works | V62: Stage 8 - Handover | W62: Stage 9 - Package Completion
W63: OPERATION
D67: OPEX / PRE-DEVELOPMENT FUNDING | M67: CAPEX
D69: PROCESS MANAGED BY ASSET OWNER / USER | M69: PROCESS MANAGED BY EXECUTION OWNER
D71: KEY STAKEHOLDERS INVOLVED THROUGH WHOLE LIFE CYCLE
D74: BU / BUSINESS PLANNING PROCESSES TO BE DEVELOPED ALIGNED TO EPMO FRAMEWORKS | M74: LEVEL 3 AND 4 PROJECT PROCESSES TO BE DEVELOPED ALIGNED TO EPMO FRAMEWORKS
H75: EPMO ASSURANCE, MONITORING AND REPORTING

Sheet User Notes
B13: Cost / m2 rates are indicative by their nature. A detailed an comprehensive excersie is required to get a accurate cost of a building.
B14: These rates are however very useful when the exact scope and details of the project are still relatively unknown
B15: This is certainly the case when estimating for permission purposes.
B17: Estimating Classess:
J28: Reference:Estimating Framework
B29: FEL 1: Concept Study
B30: Definition to business concepts.
B32: FEL 2: Pre-Feasibility/ Order of Magnitude Estimate - CLASS 5 Estimate: | J32: Care must be taken when using indicative building cost rates.
B33: Used primarily for providing management with an indicative estimate and options | J33: The following elements must be considered when putting together an estimate:
B34: identified during concept phase.
K35: Specification (Weighting of sub- disciplines)
B36: FEL 3a and 3b: Feasibility AND Control Budget Estimate - CLASS 5,4&3 Estimate: | K36: Plumbing, electrical and mechanical installations
B37: Used primarily to establish and verify viability, initiate financing and obtain approval. | K37: IT installations
K38: Internal subdivisions
B39: IMPLEMENTATION: Definitive estimate - CLASS 2&1 Estimate | K39: Construction areas
K40: Site specific conditions ( P + G related)
K41: Risks
K42: Avertising costs
J44: Building rates in the coastal regions exceed those in the heartland . These disparities could be due to: | O44: Page 2
K45: Material cost
K46: Labour cost
K47: Composition of labour
K48: Building methods
K49: Competiveness in bidding
K50: Productivity
N55: Back to Contents

Sheet Estimating Classification
A3: PROJECT ESTIMATE | B3: FEL PHASES | D3: FEL 1 | E3: FEL 2 | F3: FEL 3a | G3: FEL 3b
D4: Concept Study | E4: Pre-Feasib ility | F4: Feasibility
B5: FIDPM | C5: Classes | D5: N/A | E5: Class 5 | F5: Class 5 | G5: Class 5,4&3
C6: Gates | D6: N/A | F6: Portfolio & Programme Process | G6: Inception Stage
B8: FEL 1 | C8: FEL 2 | D8: FEL 3a | E8: FEL 3b | F8: IMPLEMENTATION
B9: Concept Study | C9: Pre-Feasibility | D9: Feasibility | F9: Control | G9: Definitive
C10: Order of Magnitude | D10: Budgetary | F10: Definitive
A11: Class | C11: Class 5 | D11: Class 5 | E11: Class 5,4&3 | F11: Class 2 | G11: Class 1
A12: Eng. Definition | C12: <5% | D12: <5% | E12: 15%-40% | F12: 0.75 | G12: 1
A13: Plus % | C13: 100 | D13: 20 | F13: 10
A14: Minus % | C14: 10 | D14: 10 | F14: 10

Sheet Escalation
B12: There are two type of building cost escalation nalmely, pretender and post tender escalation.
B14: Post tender escalation makes allowance for any change in material and labour over the contract period.
B15: The following indices make allowance for this type of escalation:
C16: Safcec
C17: Haylett
C18: PPI
B20: Pre-tender escalation takes care of the current market conditions. When building activity rises, contractors have an opportunity
B21: to increase their profit margins on tender prices as there is plenty of work to go around. They can not afford to lose contracts.
B22: When the opposite happens, contractors trim thier profit margins to try compete for the few jobs availble in the market.
B23: BER indices make allwance for this change in market conditions.
B25: The average annual inflation rate as per CPI is 3.88%
E27: Summary of Building Costs - Annual Percentage Change.
E28: 2014 | F28: 2015 | G28: 2016 | H28: 2017 | I28: 2018 | J28: 2019 | K28: 2020 | L28: 2021 | M28: 2022 | N28: 2023 | O28: 2024 | P28: 2025 | Q28: 2026
A29: Haylett (Commercial and Industrial Buildings) | E29: 6.6 | F29: 2.5 | G29: 6.4 | H29: 5.7 | I29: 5.1 | J29: 4.1 | K29: 3.1 | L29: 11.7 | M29: 6.8
A30: BER Building Cost Index | E30: 10.2 | F30: 4.0 | G30: 5.1 | H30: 5.4 | I30: 8 | J30: 3.6 | K30: 1.5 | L30: 3.5 | M30: 6.3
B32: * Builders’ input prices are expected to maintain their momentum through 2021.
B33: *In January 2021, Builder's input price increased by 4.6% as indicated in the above table, which came in well above consumer inflation.

Sheet BER Bldg Cost Report 2021Q4

Sheet Trend Analysis
B14: 1 | C14: Western Cape: The Western Cape has little mining resources; hence, the regional economy
C15: grew less rapidly than in the country as a whole during the nineteen seventies and eighties at the time of
C16: the gold boom. However, during the nineties, after the transition to democracy, tourism and the services
C17: industry flourished in the Western Cape. These positive trends combined to push building costs upward,
C18: outstripping the national average in some years by between 5% and 15%.
B20: 2 | C20: Eastern Cape: Long a region lagging economically, building costs in the Eastern Cape were
C21: below the national average for much of the seventies and eighties. However, the economy then expanded
C22: because of the new export harbour and other public sector investment projects, and building costs
C23: exceeded the nationwide average by between 5% and 15%.
B25: 3 | C25: KwaZulu-Natal: The level of building costs in this region exceeded the nationwide average
C26: during the eighties and nineties by roughly 5% to 10%, but building rates are currently competitive and
C27: even moving below the national average.
B29: 4 | C29: Gauteng: It is evident that building rates in Gauteng exceeded the national average by roughly
C30: 4% to 7% at the time of the eighties gold boom. Thereafter, building rates were below the national
C31: average for a long period, varying between -5% and -8%. In recent times, this difference widened with
C32: tender prices being about -10% below the norm. However, just lately this margin has declined to -5%.
C33: In general, one can conclude that building costs are higher in the coastal regions (especially in the
B35: 5 | C35: Western Cape and the Eastern Cape) than in the heartland. What could explain these regional
C36: disparities in building cost levels? We conducted a survey amongst quantity surveyors to ascertain
C37: possible reasons for this finding. The following suggestions were made.
B39: 6 | C39: Materials costs: Most manufacturers of construction materials are situated in Gauteng and transport
C40: costs to the coastal regions are high. This also implies that savings on transport costs are passed on to
C41: clients and consumers in the inland area.
B43: 7 | C43: Labour costs: It is possible that labour costs are higher in the coastal regions than in the inland area.
B45: 8 | C45: Composition of labour: It is possible that proportionately more (lower-paid) unskilled labour is
C46: employed in the inland region than in the coastal areas.
B48: 9 | C48: Building methods: These may vary on a regional basis. For example, due to adverse weather conditions
C49: at the coast more robust (and more expensive) building techniques are required (e.g. cavity walls
C50: compared to one-brick walls; aluminium windows; copper water heaters to combat rust at the coast).
B52: 10 | C52: Competitiveness in bidding: Differences in the workloads of building contractors may account for
C53: some of the differences in tender prices. Furthermore, the existence of oligopolies in the supplies of,
C54: inter alia, sand, stone, steel, cement, etc. can bring about regional price differentials.
B56: 11 | C56: Productivity: Adverse weather conditions may prevail from time to time. For example, in the Cape
C57: Town and Port Elizabeth regions construction cranes are sometimes unable to operate because of
C58: inclement weather and high wind velocities.
C60: Reference:Meduim-Term Forecasting Associates-Fourth Quarter 2018
L62: Page 4
L63: Back to Contents

Sheet Assumptions
B1: NEW BUILDING ASSUMPTIONS
B2: CONTRACTOR'S P&G ALLOWANCES
B3: General building works in Greenfield environment | D3: 0.13
B4: Large building works in operational environment | D4: 0.15
B5: Small building works in operational environment | D5: 0.1
B6: Civil New Works | D6: 0.18
B7: Mechanical and Engineering Works | D7: 0.2
B9: CONSULTANT REMUNERATION (incl. Disbursements, Supervision, Tenant Co-ord)
B10: Building Works | C10: R0 - R25mil | D10: 0.18 | F10: Civil Works | G10: incl. disbursements & supervision | H10: 0.18
B11: Building Works | C11: R25 - R50mil | D11: 0.18
B12: Building Works | C12: R50 - R100mil | D12: 12-16% | F12: Civil Works | G12: incl. disbursements, supervision, QS & PM | H12: 0.18
B13: Building Works | C13: R100mil+ | D13: 12-16% | F13: Small Civil Works | G13: incl. disbursements & supervision | H13: 0.12
B14: Note : Add 1% to above for alteration projects
B16: CONTINGENCY ALLOWANCE | F16: ACSA DIRECT COSTS
B17: Building Works | C17: R0 - R50mil | D17: 0.1 | F17: Insurance (Professional Indemnity, Public Liability, Construction Works)
B18: Building Works | C18: R50 - R100mil | D18: 0.1 | F18: Building Works | G18: of project cost | H18: 0.4%-3%
B19: Building Works | C19: R100mil+ | D19: 0.1 | F19: Civil Works | G19: of project cost | H19: 0.6% - 1.2%
B20: Civil Works | D20: 0.1
B22: Other (Operational accommodation, security access control,etc)
B23: Landside projects | C23: of project cost | D23: 0.005
B24: Airside projects | C24: of project cost | D24: 0.015
B26: BUIDING REFURBISHMENT ASSUMPTIONS
B27: CONTRACTOR'S P&G ALLOWANCES
B28: Large building refubishment works in operational environment R50-100mil | D28: 0.1
B29: Small building works in operational environment R0 - R50mil | D29: 0.12
B31: CONSULTANT REMUNERATION (incl. Disbursements, Supervision, Tenant Co-ord)
B32: Building Works | C32: R0 - R50mil | D32: 0.18 | F32: Civil Works | G32: incl. disbursements & supervision | H32: 0.09
B33: Building Works | C33: R50 - R100mil | D33: 0.22 | F33: Civil Works | G33: incl. disbursements, supervision, QS & PM | H33: 0.11
B34: Building Works | C34: R100mil+ | F34: Small Civil Works | G34: incl. disbursements & supervision | H34: 0.13
B36: CONTINGENCY ALLOWANCE | F36: ACSA DIRECT COSTS
B37: Building Works | C37: R0 - R50mil | D37: 0.08 | F37: Insurance (Professional Indemnity, Public Liability, Construction Works)
B38: Building Works | C38: R50 - R100mil | D38: 0.1 | F38: Building Works | G38: of project cost | H38: 0.004
B40: Other (Operational accommodation, security access control,etc) | F40: Projects used to assist with Percentages
B41: Landside projects | C41: of project cost | D41: 0.005 | F41: ORTIA- Additional baggage carousel
B42: Airside projects | C42: of project cost | D42: 0.015 | F42: ORTIA-Refurbishment of duty free
F43: CTIA-Cargo center
F44: CTIA- Northern Lounge
B46: CIVIL REHABILITATION ASSUMPTIONS
B47: CONTRACTOR'S P&G ALLOWANCES
B48: Civil Rehab Works | D48: 10-19%
B49: Night Works Allowance | D49: 0.025
B51: CONSULTANT REMUNERATION (incl. Disbursements, Supervision, Tenant Co-ord)
B52: Civil Works | C52: incl. disbursements & supervision | D52: 0.09
B53: Civil Works | C53: incl. disbursements, supervision, QS & PM | D53: 0.12
B54: Small Civil Works | C54: incl. disbursements & supervision | D54: 0.11
B57: CONTINGENCY ALLOWANCE
B58: Civil Works | D58: 5-10%
F59: Projects used to assist with Percentages
B60: ACSA DIRECT COSTS | F60: ORTIA - Rehabilitation of Runways and RETs
B61: Civil Works | C61: of project cost | D61: 0.012 | F61: PE- Rehabilitation of secondary runway 17/35
F62: KM- Rehabilitation of runways and taxiways
B63: Other (Operational accommodation, security access control,etc)
B64: Airside projects | C64: of project cost | D64: 0.015

Sheet New Bldg Rates
G3: BER Index
G4: Base Date | J4: 43040 | L4: 217.6 | M4: Reference 2021 Q4 Table 2 - BER Building Cost Index
G5: Current Date | J5: 44621 | L5: =127.1*2.1028 -> 267.26588
L8: TURNOUT FACTORS | R8: NOMINAL PRE-ESCALATION TURNOUT RATE
G9: Below rates exclude P&G, Sundry costs, Contingency, Esclation & Fees | L9: Pure indicative guideline, can vary per region, type of construction, consultant involvement, information risk profile, direct costs. (Below are high-level for order-of-magnitude estimates only) | R9: Rates excluding Escalation
C14: ELEMENT | D14: UNIT | E14: Base Date Jan 2009 (ZAR) | F14: Base Date July 2013 (ZAR) | G14: Base Date November 2017 (ZAR) | H14: March 2019 (ZAR) | I14: March 2021 (ZAR) | J14: March 2022 (ZAR) | L14: P&G | M14: SUNDRY DEVELOPMENT COSTS (1% Landside, 2% Airside) | N14: Contingency | O14: Fees | Q14: Base Date Nov 2017 (ZAR) Current date March 2022 (ZAR) | R14: Nominal Rate
B15: APRON WORKS INCLUDING LAYERWORKS, EXCLUDES BULK EARTHWORKS | T15: Check
B16: 1 | C16: Concrete apron stands inclusive of stormwater, sleeves, fire water, electrical, fuel (average stand rate) | D16: m2 | E16: 1900 | F16: =((167.2/145)-1)*E16+E16 -> 2190.8966 | G16: =(E16*(219/145-1)+E16) -> 2869.6552 | H16: =(G16*(245.9/217.6-1))+G16 -> 3242.8686 | I16: 3255.6438 | J16: =(G16*($L$5/$L$4-1))+G16 -> 3524.6366 | L16: 0.15 | M16: 0.02 | N16: 0.1 | O16: 0.18 | Q16: =ROUND(I16*(1+$L$16)*(1+$M$16)*(1+$N$16)*(1+$O$16),-1) -> 4960 | R16: =Q16 -> 4960
B17: =B16+1 -> 2 | C17: Miscellaneous hard stand areas (allowance) | D17: m2 | E17: 1000 | F17: =((177/145)-1)*E17+E17 -> 1220.6897 | G17: =(E17*(219/145-1)+E17) -> 1510.3448 | H17: =(G17*(245.9/217.6-1))+G17 -> 1706.7729 | I17: 1713.4968 | J17: =(G17*($L$5/$L$4-1))+G17 -> 1855.0719 | Q17: =ROUND(I17*(1+$L$16)*(1+$M$16)*(1+$N$16)*(1+$O$16),-1) -> 2610 | R17: =Q17 -> 2610 | T17: =$L$5/$L$4-1 -> 0.22824393 | U17: =G16*T17 -> 654.98139 | V17: =G16+U17 -> 3524.6366
B18: =B17+1 -> 3 | C18: Nose service Roads (average between high & low traffic roads) | D18: m2 | E18: 720 | F18: =((177/145)-1)*E18+E18 -> 878.89655 | G18: =(E18*(219/145-1)+E18) -> 1087.4483 | H18: =(G18*(245.9/217.6-1))+G18 -> 1228.8765 | I18: 1233.7177 | J18: =(G18*($L$5/$L$4-1))+G18 -> 1335.6517 | Q18: =ROUND(I18*(1+$L$16)*(1+$M$16)*(1+$N$16)*(1+$O$16),-1) -> 1880 | R18: =Q18 -> 1880 | T18: =$L$5/$L$4-1 -> 0.22824393 | U18: =G17*T18 -> 344.72704 | V18: =G17+U18 -> 1855.0719
B19: =B18+1 -> 4 | C19: Taxilanes and tail service roads | D19: m2 | E19: 660 | F19: =((177/145)-1)*E19+E19 -> 805.65517 | G19: =(E19*(219/145-1)+E19) -> 996.82759 | H19: =(G19*(245.9/217.6-1))+G19 -> 1126.4701 | I19: 1130.9079 | J19: =(G19*($L$5/$L$4-1))+G19 -> 1224.3474 | Q19: =ROUND(I19*(1+$L$16)*(1+$M$16)*(1+$N$16)*(1+$O$16),-1) -> 1720 | R19: =Q19 -> 1720 | T19: =$L$5/$L$4-1 -> 0.22824393 | U19: =G18*T19 -> 248.20347 | V19: =G18+U19 -> 1335.6517
B20: =B19+1 -> 5 | C20: Staging area (precast block paving) | D20: m2 | E20: 430 | F20: =((177/145)-1)*E20+E20 -> 524.89655 | G20: =(E20*(219/145-1)+E20) -> 649.44828 | H20: =(G20*(245.9/217.6-1))+G20 -> 733.91237 | I20: 736.80361 | J20: =(G20*($L$5/$L$4-1))+G20 -> 797.68091 | Q20: =ROUND(I20*(1+$L$16)*(1+$M$16)*(1+$N$16)*(1+$O$16),-1) -> 1120 | R20: =Q20 -> 1120 | T20: =$L$5/$L$4-1 -> 0.22824393 | U20: =G19*T20 -> 227.51985 | V20: =G19+U20 -> 1224.3474
T21: =$L$5/$L$4-1 -> 0.22824393 | U21: =G20*T21 -> 148.23263 | V21: =G20+U21 -> 797.68091
B22: TAXIWAYS (ASPHALT) INCLUDING LAYERWORKS, EXCLUDES BULK EARTHWORKS
B23: =B20+1 -> 6 | C23: Taxiways including layerworks & edge lighting | D23: m2 | E23: 1100 | F23: =((177/145)-1)*E23+E23 -> 1342.7586 | G23: =(E23*(219/145-1)+E23) -> 1661.3793 | H23: =(G23*(245.9/217.6-1))+G23 -> 1877.4502 | I23: 1884.8464 | J23: =(G23*($L$5/$L$4-1))+G23 -> 2040.5791 | L23: 0.15 | M23: 0.02 | N23: 0.1 | O23: 0.18 | Q23: =ROUND(J23*(1+$L$23)*(1+$M$23)*(1+$N$23)*(1+$O$23),-1) -> 3110 | R23: =Q23 -> 3110
B24: =B23+1 -> 7 | C24: Taxiway shoulders | D24: m2 | E24: 500 | F24: =((177/145)-1)*E24+E24 -> 610.34483 | G24: =(E24*(219/145-1)+E24) -> 755.17241 | H24: =(G24*(245.9/217.6-1))+G24 -> 853.38647 | I24: 856.74838 | J24: =(G24*($L$5/$L$4-1))+G24 -> 927.53594 | Q24: =ROUND(J24*(1+$L$23)*(1+$M$23)*(1+$N$23)*(1+$O$23),-1) -> 1410 | R24: =Q24 -> 1410 | T24: =$L$5/$L$4-1 -> 0.22824393 | U24: =G23*T24 -> 379.19975 | V24: =G23+U24 -> 2040.5791
B25: =B24+1 -> 8 | C25: Taxiway strip | D25: m2 | E25: 50 | F25: =((177/145)-1)*E25+E25 -> 61.034483 | G25: =(E25*(219/145-1)+E25) -> 75.517241 | H25: =(G25*(245.9/217.6-1))+G25 -> 85.338647 | I25: 85.674838 | J25: =(G25*($L$5/$L$4-1))+G25 -> 92.753594 | Q25: =ROUND(J25*(1+$L$23)*(1+$M$23)*(1+$N$23)*(1+$O$23),-1) -> 140 | R25: =Q25 -> 140 | T25: =$L$5/$L$4-1 -> 0.22824393 | U25: =G24*T25 -> 172.36352 | V25: =G24+U25 -> 927.53594
B26: =B25+1 -> 9 | C26: Taxiway incl. layerworks & edge lighting | D26: m | E26: 3800 | F26: =((177/145)-1)*E26+E26 -> 4638.6207 | G26: =(E26*(219/145-1)+E26) -> 5739.3103 | H26: =(G26*(245.9/217.6-1))+G26 -> 6485.7372 | I26: 6511.2877 | J26: =(G26*($L$5/$L$4-1))+G26 -> 7049.2731 | Q26: =ROUND(J26*(1+$L$23)*(1+$M$23)*(1+$N$23)*(1+$O$23),-1) -> 10730 | R26: =Q26 -> 10730 | T26: =$L$5/$L$4-1 -> 0.22824393 | U26: =G25*T26 -> 17.236352 | V26: =G25+U26 -> 92.753594
B27: =B26+1 -> 10 | C27: Taxiway shoulders (17.5m both sides) | D27: No | E27: 7 500 - 40 000 | F27: =(((219/145)-1)*40000)+40000 -> 60413.793 | G27: 11328-60414 | H27: 12 574 - 67 060 | I27: 13 000 - 70 000 | Q27: =ROUND(J27*(1+$L$23)*(1+$M$23)*(1+$N$23)*(1+$O$23),-1) -> 0 | R27: =Q27 -> 0 | V27: =G26+U27 -> 5739.3103
B28: =B27+1 -> 11 | C28: Taxiways incl. associated infrastructure (70m wide Code F) | D28: m | J28: 140000 | Q28: =ROUND(J28*(1+$L$23)*(1+$M$23)*(1+$N$23)*(1+$O$23),-1) -> 213160 | R28: =Q28 -> 213160
B29: =B28+1 -> 12 | C29: Average rate per meter (25m Code F) | D29: m | E29: 47100 | F29: =((219/145)-1)*E29+E29 -> 71137.241 | G29: =(E29*(219/145-1)+E29) -> 71137.241 | H29: =(G29*(245.9/217.6-1))+G29 -> 80389.006 | I29: 80705.697 | J29: =(G29*($L$5/$L$4-1))+G29 -> 87373.885 | Q29: =ROUND(J29*(1+$L$23)*(1+$M$23)*(1+$N$23)*(1+$O$23),-1) -> 133030 | R29: =Q29 -> 133030
B30: =B29+1 -> 13 | C30: Average rate per sq meter (25m Code F) | D30: m2 | E30: 1880 | F30: =((177/145)-1)*E30+E30 -> 2294.8966 | G30: =(E30*(219/145-1)+E30) -> 2839.4483 | H30: =(G30*(245.9/217.6-1))+G30 -> 3208.7331 | I30: 3221.3739 | J30: =(G30*($L$5/$L$4-1))+G30 -> 3487.5351 | Q30: =ROUND(J30*(1+$L$23)*(1+$M$23)*(1+$N$23)*(1+$O$23),-1) -> 5310 | R30: =Q30 -> 5310 | T30: =$L$5/$L$4-1 -> 0.22824393 | U30: =G29*T30 -> 16236.644 | V30: =G29+U30 -> 87373.885
F31: =((177/145)-1)*E31+E31 -> 0 | T31: =$L$5/$L$4-1 -> 0.22824393 | U31: =G30*T31 -> 648.08684 | V31: =G30+U31 -> 3487.5351
B32: RUNWAYS (ASPHALT) INCLUDING LAYERWORKS, EXCLUDES BULK EARTHWORKS
B33: =B30+1 -> 14 | C33: New runway, inclusive of sleeves, lights, ILS, etc. | D33: m2 | E33: 1430 | F33: =((177/145)-1)*E33+E33 -> 1745.5862 | G33: =(E33*(219/145-1)+E33) -> 2159.7931 | H33: =(G33*(245.9/217.6-1))+G33 -> 2440.6853 | I33: 2450.3004 | J33: =(G33*($L$5/$L$4-1))+G33 -> 2652.7528 | L33: 0.15 | M33: 0.02 | N33: 0.1 | O33: 0.18 | Q33: =ROUND(J33*(1+$L$33)*(1+$M$33)*(1+$N$33)*(1+$O$33),-1) -> 4040 | R33: =Q33 -> 4040
B34: =B33+1 -> 15 | C34: Runway shoulders | D34: m2 | E34: 500 | F34: =((177/145)-1)*E34+E34 -> 610.34483 | G34: =(E34*(219/145-1)+E34) -> 755.17241 | H34: =(G34*(245.9/217.6-1))+G34 -> 853.38647 | I34: 856.74838 | J34: =(G34*($L$5/$L$4-1))+G34 -> 927.53594 | Q34: =ROUND(J34*(1+$L$33)*(1+$M$33)*(1+$N$33)*(1+$O$33),-1) -> 1410 | R34: =Q34 -> 1410 | T34: =$L$5/$L$4-1 -> 0.22824393 | U34: =G33*T34 -> 492.95967 | V34: =G33+U34 -> 2652.7528
B35: =B34+1 -> 16 | C35: Runway ungraded strip | D35: m2 | E35: 50 | F35: =((177/145)-1)*E35+E35 -> 61.034483 | G35: =(E35*(219/145-1)+E35) -> 75.517241 | H35: =(G35*(245.9/217.6-1))+G35 -> 85.338647 | I35: 85.674838 | J35: =(G35*($L$5/$L$4-1))+G35 -> 92.753594 | Q35: =ROUND(J35*(1+$L$33)*(1+$M$33)*(1+$N$33)*(1+$O$33),-1) -> 140 | R35: =Q35 -> 140 | T35: =$L$5/$L$4-1 -> 0.22824393 | U35: =G34*T35 -> 172.36352 | V35: =G34+U35 -> 927.53594
B36: =B35+1 -> 17 | C36: Runway graded strip and Runway End Safety Area (RESA) | D36: m2 | E36: 100 | F36: =((177/145)-1)*E36+E36 -> 122.06897 | G36: =(E36*(219/145-1)+E36) -> 151.03448 | H36: =(G36*(245.9/217.6-1))+G36 -> 170.67729 | I36: 171.34968 | J36: =(G36*($L$5/$L$4-1))+G36 -> 185.50719 | Q36: =ROUND(J36*(1+$L$33)*(1+$M$33)*(1+$N$33)*(1+$O$33),-1) -> 280 | R36: =Q36 -> 280 | T36: =$L$5/$L$4-1 -> 0.22824393 | U36: =G35*T36 -> 17.236352 | V36: =G35+U36 -> 92.753594
B37: =B36+1 -> 18 | C37: Optional illumininated signs, stop bars | D37: No | E37: 7 500 - 40 000 | F37: =(((219/145)-1)*7500)+7500 -> 11327.586 | G37: 11 328-60 414 | H37: 12 574-67 060 | J37: 13 000 - 68 000 | Q37: =ROUND(49817*(1+$L$67)*(1+$M$67)*(1+$N$67)*(1+$O$67),-1) -> 77810 | R37: =Q37 -> 77810 | T37: =$L$5/$L$4-1 -> 0.22824393 | U37: =G36*T37 -> 34.472704 | V37: =G36+U37 -> 185.50719
B38: =B37+1 -> 19 | C38: Runway incl. associated infrastructure (3,885m long x 60m wide, Code F) | D38: m | J38: 315000 | Q38: =ROUND(J38*(1+$L$33)*(1+$M$33)*(1+$N$33)*(1+$O$33),-1) -> 479600 | R38: =Q38 -> 479600
B39: =B38+1 -> 20 | C39: Average rate per meter (60m wide, 4.2km long, Code F) | D39: m | E39: 110900 | F39: =((177/145)-1)*E39+E39 -> 135374.48 | G39: =(E39*(219/145-1)+E39) -> 167497.24 | H39: =(G39*(245.9/217.6-1))+G39 -> 189281.12 | I39: 190026.79 | J39: =(G39*($L$5/$L$4-1))+G39 -> 205727.47 | Q39: =ROUND(J39*(1+$L$33)*(1+$M$33)*(1+$N$33)*(1+$O$33),-1) -> 313230 | R39: =Q39 -> 313230 | T39: =$L$5/$L$4-1 -> 0.22824393 | U39: =G39*T39 -> 38230.229 | V39: =G39+U39 -> 205727.47
B40: =B39+1 -> 21 | C40: Average rate per sq meter (60m wide, 4.2km long, Code F) | D40: m2 | E40: 1850 | F40: =((177/145)-1)*E40+E40 -> 2258.2759 | G40: =(E40*(219/145-1)+E40) -> 2794.1379 | H40: =(G40*(245.9/217.6-1))+G40 -> 3157.53 | I40: 3169.969 | J40: =(G40*($L$5/$L$4-1))+G40 -> 3431.883 | Q40: =ROUND(J40*(1+$L$33)*(1+$M$33)*(1+$N$33)*(1+$O$33),-1) -> 5230 | R40: =Q40 -> 5230 | T40: =$L$5/$L$4-1 -> 0.22824393 | U40: =G40*T40 -> 637.74503 | V40: =G40+U40 -> 3431.883
F41: =((177/145)-1)*E41+E41 -> 0
B42: EARTHWORKS/ROADWAYS
B43: =B40+1 -> 22 | C43: Airside asphalt service roads, inclusive of layerworks, street lights & stormwater | D43: m2 | E43: 700 | F43: =((177/145)-1)*E43+E43 -> 854.48276 | G43: =(E43*(219/145-1)+E43) -> 1057.2414 | H43: =(G43*(245.9/217.6-1))+G43 -> 1194.7411 | I43: 1199.4477 | J43: =(G43*($L$5/$L$4-1))+G43 -> 1298.5503 | L43: 0.15 | M43: 0.02 | N43: 0.1 | O43: 0.18 | Q43: =ROUND(J43*(1+$L$43)*(1+$M$43)*(1+$N$43)*(1+$O$43),-1) -> 1980 | R43: =Q43 -> 1980 | T43: =$L$5/$L$4-1 -> 0.22824393 | U43: =G43*T43 -> 241.30893 | V43: =G43+U43 -> 1298.5503
B44: =B43+1 -> 23 | C44: At grade access roads ("provincial standard"), including layerworks, stormwater, lights, traffic signals | D44: m2 | E44: 1500 | F44: =((177/145)-1)*E44+E44 -> 1831.0345 | G44: =(E44*(219/145-1)+E44) -> 2265.5172 | H44: =(G44*(245.9/217.6-1))+G44 -> 2560.1594 | I44: 2570.2451 | J44: =(G44*($L$5/$L$4-1))+G44 -> 2782.6078 | L44: 0.15 | M44: 0.02 | N44: 0.1 | O44: 0.18 | Q44: =ROUND(J44*(1+$L$44)*(1+$M$44)*(1+$N$44)*(1+$O$44),-1) -> 4240 | R44: =Q44 -> 4240 | T44: =$L$5/$L$4-1 -> 0.22824393 | U44: =G44*T44 -> 517.09057 | V44: =G44+U44 -> 2782.6078
F45: =((177/145)-1)*E45+E45 -> 0
B46: PARKING, EXCLUDES BULK EARTHWORKS
B47: =B44+1 -> 24 | C47: Structured parking (public) /bay | D47: bay | E47: 76500 | F47: =((177/145)-1)*E47+E47 -> 93382.759 | G47: =(E47*(219/145-1)+E47) -> 115541.38 | H47: =(G47*(245.9/217.6-1))+G47 -> 130568.13 | I47: 131082.5 | J47: =(G47*($L$5/$L$4-1))+G47 -> 141913 | L47: 0.13 | M47: 0.01 | N47: 0.1 | O47: 0.15 | Q47: =ROUND(J47*(1+$L$47)*(1+$M$47)*(1+$N$47)*(1+$O$47),-1) -> 204890 | R47: =Q47 -> 204890 | T47: =$L$5/$L$4-1 -> 0.22824393 | U47: =G47*T47 -> 26371.619 | V47: =G47+U47 -> 141913
B48: =B47+1 -> 25 | C48: Structured parking (public) / m2 | D48: m2 | I48: 0 | J48: =(G48*($L$5/$L$4-1))+G48 -> 0 | L48: 0.13 | M48: 0.01 | N48: 0.1 | O48: 0.15 | Q48: =ROUND(I48*(1+$L$49)*(1+$M$49)*(1+$N$49)*(1+$O$49),-1) -> 0 | R48: =Q48 -> 0
B49: =B48+1 -> 26 | C49: Structured parking /bay | D49: bay | E49: 117000 | F49: =((177/145)-1)*E49+E49 -> 142820.69 | G49: =(E49*(219/145-1)+E49) -> 176710.34 | H49: =(G49*(245.9/217.6-1))+G49 -> 199692.43 | I49: 200479.12 | J49: =(G49*($L$5/$L$4-1))+G49 -> 217043.41 | L49: 0.13 | M49: 0.01 | N49: 0.1 | O49: 0.15 | Q49: =ROUND(J49*(1+$L$49)*(1+$M$49)*(1+$N$49)*(1+$O$49),-1) -> 313360 | R49: =Q49 -> 313360 | T49: =$L$5/$L$4-1 -> 0.22824393 | U49: =G49*T49 -> 40333.064 | V49: =G49+U49 -> 217043.41
B50: =B49+1 -> 27 | C50: Basement parking/bay | D50: bay | J50: 310000 | L50: 0.13 | M50: 0.01 | N50: 0.1 | O50: 0.15 | Q50: =ROUND(J50*(1+$L$50)*(1+$M$50)*(1+$N$50)*(1+$O$50),-1) -> 447560 | R50: =Q50 -> 447560
B51: =B50+1 -> 28 | C51: On-grade parking (shaded, fenced, lights) / bay | D51: bay | E51: 11700 | F51: =((177/145)-1)*E51+E51 -> 14282.069 | G51: =(E51*(219/145-1)+E51) -> 17671.034 | H51: =(G51*(245.9/217.6-1))+G51 -> 19969.243 | I51: 20047.912 | J51: =(G51*($L$5/$L$4-1))+G51 -> 21704.341 | L51: 0.13 | M51: 0.01 | N51: 0.1 | O51: 0.1 | Q51: =ROUND(J51*(1+$L$51)*(1+$M$51)*(1+$N$51)*(1+$O$51),-1) -> 29970 | R51: =Q51 -> 29970 | T51: =$L$5/$L$4-1 -> 0.22824393 | U51: =G49*T51 -> 40333.064 | V51: =G49+U51 -> 217043.41
F52: =((177/145)-1)*E52+E52 -> 0 | T52: =$L$5/$L$4-1 -> 0.22824393 | U52: =G51*T52 -> 4033.3064 | V52: =G51+U52 -> 21704.341
B53: PERIMETER FENCE/SECURITY GATES
B54: =B51+1 -> 29 | C54: Perimeter walls with PIDS or other security measures - PROVISIONAL | D54: m | E54: 3500 | F54: =((177/145)-1)*E54+E54 -> 4272.4138 | G54: =(E54*(219/145-1)+E54) -> 5286.2069 | H54: =(G54*(245.9/217.6-1))+G54 -> 5973.7053 | I54: 5997.2386 | J54: =(G54*($L$5/$L$4-1))+G54 -> 6492.7516 | L54: 0.08 | M54: 0.02 | N54: 0.1 | O54: 0.1 | Q54: =ROUND(J54*(1+$L$54)*(1+$M$54)*(1+$N$54)*(1+$O$54),-1) -> 8650 | R54: =Q54 -> 8650 | T54: =$L$5/$L$4-1 -> 0.22824393 | U54: =G54*T54 -> 1206.5447 | V54: =G54+U54 -> 6492.7516
B55: =B54+1 -> 30 | C55: Security gate - PROVISIONAL | D55: no | E55: 6500000 | F55: =((177/145)-1)*E55+E55 -> 7934482.8 | G55: =(E55*(219/145-1)+E55) -> 9817241.4 | H55: =(G55*($L$5/$L$4-1))+G55 -> 12057967 | I55: 11137729 | J55: =(G55*($L$5/$L$4-1))+G55 -> 12057967 | L55: 0.08 | M55: 0.02 | N55: 0.1 | O55: 0.15 | Q55: =ROUND(J55*(1+$L$55)*(1+$M$55)*(1+$N$55)*(1+$O$55),-1) -> 16803070 | R55: =Q55 -> 16803070 | T55: =$L$5/$L$4-1 -> 0.22824393 | U55: =G55*T55 -> 2240725.8 | V55: =G55+U55 -> 12057967
B56: =B55+1 -> 31 | C56: Super security gate - PROVISIONAL | D56: no | E56: 20000000 | F56: =((177/145)-1)*E56+E56 -> 24413793 | G56: =(E56*(219/145-1)+E56) -> 30206897 | H56: =(G56*($L$5/$L$4-1))+G56 -> 37101437 | I56: 34269935 | J56: =(G56*($L$5/$L$4-1))+G56 -> 37101437 | L56: 0.08 | M56: 0.02 | N56: 0.1 | O56: 0.15 | Q56: =ROUND(J56*(1+$L$56)*(1+$M$56)*(1+$N$56)*(1+$O$56),-1) -> 51701740 | R56: =Q56 -> 51701740 | T56: =$L$5/$L$4-1 -> 0.22824393 | U56: =G56*T56 -> 6894540.9 | V56: =G56+U56 -> 37101437
B58: TERMINAL & OTHER BUILDINGS, EXCLUDING BULK EARTH, EXTERNAL SITE & SERVICES WORKS
B59: =B56+1 -> 32 | C59: Terminal building excluding Baggage & X-ray machines | D59: m2 | E59: 11700 | F59: =((177/145)-1)*E59+E59 -> 14282.069 | G59: =(E59*(219/145-1)+E59) -> 17671.034 | H59: =(G59*(245.9/217.6-1))+G59 -> 19969.243 | I59: 20047.912 | J59: =(G59*($L$5/$L$4-1))+G59 -> 21704.341 | L59: 0.2 | M59: 0.02 | N59: 0.1 | O59: 0.16 | Q59: =ROUND(J59*(1+$L$59)*(1+$M$59)*(1+$N$59)*(1+$O$59),-1) -> 33900 | R59: =Q59 -> 33900 | T59: =$L$5/$L$4-1 -> 0.22824393 | U59: =G59*T59 -> 4033.3064 | V59: =G59+U59 -> 21704.341
B60: =B59+1 -> 33 | C60: Terminal building including Baggage & X-ray machines | D60: m2 | E60: 15300 | F60: =((177/145)-1)*E60+E60 -> 18676.552 | G60: =(E60*(219/145-1)+E60) -> 23108.276 | H60: =(G60*(245.9/217.6-1))+G60 -> 26113.626 | I60: 26216.5 | J60: =(G60*($L$5/$L$4-1))+G60 -> 28382.6 | L60: 0.2 | M60: 0.02 | N60: 0.1 | O60: 0.16 | Q60: =ROUND(J60*(1+$L$60)*(1+$M$60)*(1+$N$60)*(1+$O$60),-1) -> 44330 | R60: =Q60 -> 44330 | T60: =$L$5/$L$4-1 -> 0.22824393 | U60: =G60*T60 -> 5274.3238 | V60: =G60+U60 -> 28382.6
B61: =B60+1 -> 34 | C61: Pier Terminal building excluding telescopic Air bridges, Seating & ADS but including fixed bridges | D61: m2 | E61: 12200 | F61: =((177/145)-1)*E61+E61 -> 14892.414 | G61: =(E61*(219/145-1)+E61) -> 18426.207 | H61: =(G61*(245.9/217.6-1))+G61 -> 20822.63 | I61: 20904.66 | J61: =(G61*($L$5/$L$4-1))+G61 -> 22631.877 | L61: 0.13 | M61: 0.02 | N61: 0.1 | O61: 0.16 | Q61: =ROUND(J61*(1+$L$61)*(1+$M$61)*(1+$N$61)*(1+$O$61),-1) -> 33290 | R61: =Q61 -> 33290 | T61: =$L$5/$L$4-1 -> 0.22824393 | U61: =G61*T61 -> 4205.6699 | V61: =G61+U61 -> 22631.877
B62: =B61+1 -> 35 | C62: Pier Terminal building including telescopic Air bridges, Seating & ADS but including fixed bridges | D62: m2 | E62: 16200 | F62: =((177/145)-1)*E62+E62 -> 19775.172 | G62: =(E62*(219/145-1)+E62) -> 24467.586 | H62: =(G62*(245.9/217.6-1))+G62 -> 27649.722 | I62: 27758.647 | J62: =(G62*($L$5/$L$4-1))+G62 -> 30052.164 | L62: 0.13 | M62: 0.02 | N62: 0.1 | O62: 0.16 | Q62: =ROUND(J62*(1+$L$62)*(1+$M$62)*(1+$N$62)*(1+$O$62),-1) -> 44200 | R62: =Q62 -> 44200 | T62: =$L$5/$L$4-1 -> 0.22824393 | U62: =G62*T62 -> 5584.5781 | V62: =G62+U62 -> 30052.164
B63: =B62+1 -> 36 | C63: Telescopic air bridges | D63: unit | E63: 4300000 | F63: =((177/145)-1)*E63+E63 -> 5248965.5 | G63: =(E63*(219/145-1)+E63) -> 6494482.8 | H63: =(G63*(245.9/217.6-1))+G63 -> 7339123.7 | I63: 7368036.1 | J63: =(G63*($L$5/$L$4-1))+G63 -> 7976809.1 | L63: 0.05 | M63: 0.02 | N63: 0.1 | O63: 0.05 | Q63: =ROUND(J63*(1+$L$63)*(1+$M$63)*(1+$N$63)*(1+$O$63),-1) -> 9867350 | R63: =Q63 -> 9867350 | T63: =$L$5/$L$4-1 -> 0.22824393 | U63: =G63*T63 -> 1482326.3 | V63: =G63+U63 -> 7976809.1
B64: =B63+1 -> 37 | C64: ADS (per unit) | D64: unit | E64: 655000 | F64: =((177/145)-1)*E64+E64 -> 799551.72 | G64: =(E64*(219/145-1)+E64) -> 989275.86 | H64: =(G64*(245.9/217.6-1))+G64 -> 1117936.3 | I64: 1122340.4 | J64: =(G64*($L$5/$L$4-1))+G64 -> 1215072.1 | L64: 0.05 | M64: 0.02 | N64: 0.1 | O64: 0.05 | Q64: =ROUND(J64*(1+$L$64)*(1+$M$64)*(1+$N$64)*(1+$O$64),-1) -> 1503050 | R64: =Q64 -> 1503050 | T64: =$L$5/$L$4-1 -> 0.22824393 | U64: =G64*T64 -> 225796.21 | V64: =G64+U64 -> 1215072.1
B66: DOMESTIC TERMINAL BUILDINGS
B67: =B64+1 -> 38 | C67: Terminal building refurbishment excluding baggage and X ary machines ( Preliminary) | D67: m2 | E67: 7800-10800 | F67: =((219/154.4)-1)*10800+10800 -> 15318.653 | G67: 11063 - 15319 | H67: 12 279 - 17 004 | I67: 14642 | J67: =I67*1.063 -> 15564.446 | L67: 0.2 | M67: 0.02 | N67: 0.1 | O67: 0.16 | Q67: =ROUND(J67*(1+$L$67)*(1+$M$67)*(1+$N$67)*(1+$O$67),-1) -> 24310 | R67: =Q67 -> 24310
B69: NEW OFFICE BUILDINGS**
B70: =B67+1 -> 39 | C70: Low - rise office park development with standard specification | D70: m2 | E70: 15400 | F70: =8500*(219/210.8)+8500 -> 17330.645 | G70: 14068-17331 | H70: 13 320 - 15 318 | I70: 15400 | J70: =I70*1.06 -> 16324 | L70: 0.13 | M70: 0.01 | N70: 0.15 | O70: 0.12 | Q70: =ROUND(J70*(1+$L$70)*(1+$M$70)*(1+$N$70)*(1+$O$70),-1) -> 24000 | R70: =Q70 -> 24000
B71: =B70+1 -> 40 | C71: Low - rise office presigious park development | D71: m2 | E71: 16100 | F71: =9000*(219/210.8)+9000 -> 18350.095 | G71: 12000-13800 | H71: 15 615 - 19 237 | I71: 16905 | J71: =I71*1.06 -> 17919.3 | L71: 0.13 | M71: 0.01 | N71: 0.15 | O71: 0.12 | Q71: =ROUND(J71*(1+$L$71)*(1+$M$71)*(1+$N$71)*(1+$O$71),-1) -> 26340 | R71: =Q71 -> 26340
B72: =B71+1 -> 41 | C72: High - rise tower block with standard specification | D72: m2 | E72: 17200 | F72: =8500*(219/210.8)+8500 -> 17330.645 | G72: 12000-13800 | H72: 13 320 - 15 318 | I72: 18060 | J72: =I72*1.06 -> 19143.6 | L72: 0.13 | M72: 0.01 | N72: 0.15 | O72: 0.18 | Q72: =ROUND(J72*(1+$L$72)*(1+$M$72)*(1+$N$72)*(1+$O$72),-1) -> 29650 | R72: =Q72 -> 29650
B73: =B72+1 -> 42 | C73: High - rise prestigious tower block | D73: m2 | E73: 19500 | F73: =8500*(219/210.8)+8500 -> 17330.645 | G73: 15000-17250 | H73: 16 650 - 19 148 | I73: 20475 | J73: =I73*1.06 -> 21703.5 | L73: 0.13 | M73: 0.01 | N73: 0.15 | O73: 0.18 | Q73: =ROUND(J73*(1+$L$73)*(1+$M$73)*(1+$N$73)*(1+$O$73),-1) -> 33610 | R73: =Q73 -> 33610
B74: =B73+1 -> 43 | C74: Administration Offices (Building) | D74: m2 | E74: 7250 | I74: 7612.5 | J74: =I74*1.06 -> 8069.25 | L74: 0.08 | M74: 0.01 | N74: 0.1 | O74: 0.1 | Q74: =ROUND(J74*(1+$L$74)*(1+$M$74)*(1+$N$74)*(1+$O$74),-1) -> 10650 | R74: =Q74 -> 10650
B75: =B74+1 -> 44 | C75: Office (1x standard office) | D75: m2 | E75: 1658 | I75: 1740.9 | J75: =I75*1.06 -> 1845.354 | L75: 0.08 | M75: 0.01 | N75: 0.1 | O75: 0.1 | Q75: =ROUND(J75*(1+$L$75)*(1+$M$75)*(1+$N$75)*(1+$O$75),-1) -> 2440 | R75: =Q75 -> 2440
B76: =B75+1 -> 45 | C76: Change Room/Ablutions/Terminal Ablutions | D76: m2 | E76: 12200 | I76: 7612.5 | J76: =J74 -> 8069.25 | L76: 0.08 | M76: 0.01 | N76: 0.1 | O76: 0.1 | Q76: =ROUND(J76*(1+$L$76)*(1+$M$76)*(1+$N$76)*(1+$O$76),-1) -> 10650 | R76: =Q76 -> 10650
B77: =B76+1 -> 46 | C77: Departure Lounge | D77: m2 | E77: 6500 | I77: 6825 | J77: =I77*1.06 -> 7234.5 | L77: 0.08 | M77: 0.01 | N77: 0.1 | O77: 0.1 | Q77: =ROUND(J77*(1+$L$77)*(1+$M$77)*(1+$N$77)*(1+$O$77),-1) -> 9550 | R77: =Q77 -> 9550
B78: =B77+1 -> 47 | C78: Holding Lounge | D78: m2 | E78: 5850 | I78: 6142.5 | J78: =I78*1.06 -> 6511.05 | L78: 0.08 | M78: 0.01 | N78: 0.1 | O78: 0.1 | Q78: =ROUND(J78*(1+$L$78)*(1+$M$78)*(1+$N$78)*(1+$O$78),-1) -> 8590 | R78: =Q78 -> 8590
B80: Conference centres
B82: 40 | C82: International standard center | D82: m2 | E82: 33000 | G82: 24900-28640 | H82: 27 639 - 31 790 | I82: 34650 | J82: =I82*1.06 -> 36729 | L82: 0.13 | M82: 0.01 | N82: 0.15 | O82: 0.18 | Q82: =ROUND(J82*(1+$L$82)*(1+$M$82)*(1+$N$82)*(1+$O$82),-1) -> 56880 | R82: =Q82 -> 56880
B84: ** | C84: Note: the rates exclude parking
B87: General Building Construction Rates

Sheet Bldg Refurb Rates
C2: BER Index
B3: ='New Bldg Rates'!M4 -> Reference 2021 Q4 Table 2 - BER Building Cost Index | C3: Base Date | D3: 43040 | E3: 217.6
C4: Current Date | D4: ='New Bldg Rates'!J5 -> 44621 | E4: ='New Bldg Rates'!L5 -> 267.26588
B7: *Please note that the rates exclude an allowance for the relocation of tenants
C8: Below rates exclude Turnout Factors [P&G, Sundry costs, Contingency, Esclation & Fees] | E8: Below rates exclude Turnout Factors [P&G, Sundry costs, Contingency, Esclation & Fees]
B9: Major Refurb in Operational Enviroment | C9: Base Date | E9: Current date March 2022
B10: Includes removal and replacement of suspended ceilings and bulkheads, flooring, wall finishes, shopfonts, | C10: =5600*(200.9/169.8-1)+5600 -> 6625.6773 | D10: /m2 | E10: =(C10*($E$4/$E$3-1))+C10 -> 8137.9479 | F10: /m2
B11: carpentry and joinery , plumbing fittings, services and light fittings
B13: Major Rebubishment in Operational Enviroment-Cosmetic
B14: Includes removal and replacement of suspended ceilings and bulkheads, flooring and wall finishes | C14: =1800*(200.9/169.6-1)+1800 -> 2132.1934 | D14: /m2 | E14: =(C14*($E$4/$E$3-1))+C14 -> 2618.8536 | F14: /m2
B16: Isolated Small Works
B17: Includes removal and replacement of suspended ceilings and bulkheads, flooring, wall finishes, shopfonts, | C17: =3100*(200.9/169.6-1)+3100 -> 3672.1108 | D17: /m2 | E17: =(C17*($E$4/$E$3-1))+C17 -> 4510.2479 | F17: /m2
B18: carpentry and joinery , plumbing fittings, services ,light fittings,allwance for roof repairs and eternal work
B20: Isolated Small Works- Cosmentic
B21: Includes removal and replacement of suspended ceilings and bulkheads, flooring and wall finishes | C21: =1400*(200.9/169.6-1)+1400 -> 1658.3726 | D21: /m2 | E21: =(C21*($E$4/$E$3-1))+C21 -> 2036.8861 | F21: /m2
B23: Offices- Major Refubishment | C23: =4800*(200.9/169.6-1)+4800 -> 5685.8491 | D23: /m2 | E23: =(C23*($E$4/$E$3-1))+C23 -> 6983.6096 | F23: /m2
B24: Includes removal and replacement of suspended ceilings and bulkheads, flooring, wall finishes, shopfonts,
B25: carpentry and joinery , plumbing fittings, services and light fittings,
B27: Offices-Cosmetic Refubishment
B28: Includes removal and replacement of suspended ceilings and bulkheads, flooring and wall finishes | C28: =1300*(200.9/169.6-1)+1300 -> 1539.9175 | D28: /m2 | E28: =(C28*($E$4/$E$3-1))+C28 -> 1891.3943 | F28: /m2
B30: DOMESTIC TERMINAL BUILDINGS | E30: 14642 | F30: /m2
B31: Terminal building refurbishment excluding baggage and X ary machines ( Preliminary)
B33: Warehouse- Major Refurbishment | C33: =1400*(200.9/169.6-1)+1400 -> 1658.3726 | D33: /m2 | E33: =(C33*($E$4/$E$3-1))+C33 -> 2036.8861 | F33: /m2
B34: Includes removal and replacement of flooring, painting of soffits and walls, plumbing,servies ,
B35: light fittings and an allowance for the removal and replacement of carpentry and joinery
B37: Warehouse- Cosmetic Refubishment
B38: Includes removal and replacement of flooring, painting of soffits and walls | C38: =570*(200.9/169.6-1)+570 -> 675.19458 | D38: /m2 | E38: =(C38*($E$4/$E$3-1))+C38 -> 829.30364 | F38: /m2
B40: Parking Major Refurbishment | C40: =205*(200.9/169.6-1)+205 -> 242.83314 | D40: /m2 | E40: =(C40*($E$4/$E$3-1))+C40 -> 298.25833 | F40: /m2
B41: Includes painting to soffits, walls and colums, allowance for removal and replacement of services ,
B42: and an allowance for minor concrete repairs
B44: Parking Cosmetic Refurbishment
B45: Includes painting to soffits, walls and colums | C45: =170*(200.9/169.6-1)+170 -> 201.37382 | D45: /m2 | E45: =(C45*($E$4/$E$3-1))+C45 -> 247.33617 | F45: /m2

Sheet Building Rates
C2: BER Index
B3: ='New Bldg Rates'!M4 -> Reference 2021 Q4 Table 2 - BER Building Cost Index | C3: Base Date | D3: 115.3
C4: Current Date | D4: 117.4
E5: 1.063
B6: DESCRIPTION | C6: UNIT | D6: 2020 RATE | E6: 2022 RATE
B7: REMOVAL OF EXISTING WORK
B9: SITE CLEARANCE ETC
B11: Digging up and removing rubbish,debris,vegetation,hedges, | C11: m² | D11: 15.2732 | E11: =D11*$E$5 -> 16.235412
B12: shrubs and trees not exceeding 200mm girth,bush,etc
B14: Stripping average 150mm thick layer of topsoil and stockpile | C14: m² | D14: 15.2732 | E14: =D14*$E$5 -> 16.235412
B15: on site
B17: MAKING GOOD OF FINISHES
B19: Making good screeds
B21: Floors in patches | C21: m² | D21: 120 | E21: =D21*$E$5 -> 127.56
B23: Breaking down and removing brickwork etc
B25: Half brick walls | C25: m² | D25: 250 | E25: =D25*$E$5 -> 265.75
B27: One brick walls | C27: m² | D27: 285 | E27: =D27*$E$5 -> 302.955
B29: Removal of top soil
B31: Remove top soil to 150mm | C31: m³ | D31: 71.274935 | E31: =D31*$E$5 -> 75.765256
B33: Taking out and removing doors, windows, etc, including thresholds, sills, etc.
B35: Timber single leaf door and frame approximate size 725 x 1500mm from existing one brick walls | C35: No | D35: 330 | E35: =D35*$E$5 -> 350.79
B37: Timber single leaf door and steel frame approximate size 900 x 2100mm from existing one brick walls | C37: No | D37: 565 | E37: =D37*$E$5 -> 600.595
B39: Timber double leaf door and steel frame approximate size 1245 x 2100mm from existing one brick walls | C39: No | D39: 785 | E39: =D39*$E$5 -> 834.455
B41: Timber double leaf door and steel frame approximate size 1440 x 2100mm from existing one brick walls | C41: No | D41: 915 | E41: =D41*$E$5 -> 972.645
B43: Timber double leaf door and steel frame approximate size 1500 x 2100mm from existing one brick walls | C43: No | D43: 945 | E43: =D43*$E$5 -> 1004.535
B45: Timber double leaf door and steel frame approximate size 1660 x 2100mm from existing one brick walls | C45: No | D45: 1050 | E45: =D45*$E$5 -> 1116.15
B47: ATM metal strong room door and frame approximate size 750 x 2100mm from existing one brick walls | C47: No | D47: 2500 | E47: =D47*$E$5 -> 2657.5
B49: Taking down and removing roofs, floors, panelling, ceilings, partitions, etc.
B51: Suspended ceilings, including cornices, suspension grid, hangers, etc | C51: m² | D51: 85 | E51: =D51*$E$5 -> 90.355
B53: Internal metal mentis grating roof above airline ticket offices, with and including roof support brackets, suspended ceilings, cornices, suspension grid, hangers complete | C53: m² | D53: 250 | E53: =D53*$E$5 -> 265.75
B55: Drywall partitions approximately 2500mm high, including doors, windows, glazed borrowed lights, etc. | C55: m | D55: 125 | E55: =D55*$E$5 -> 132.875
B57: Drywall partitions approximately 3000mm high, including doors, windows, glazed borrowed lights, etc. | C57: m | D57: 125 | E57: =D57*$E$5 -> 132.875
B59: Taking out and removing sundry joinery work, fittings, etc
B61: Bidvest Bank Bureau De Change serving counters approximately 700 x 1000mm high with and including counter tops, skirtings, etc complete | C61: m | D61: 2000 | E61: =D61*$E$5 -> 2126
B63: Airline ticket sales serving counters approximately 700 x 1500mm high with and including counter tops, stainless steel bumper rails, etc complete | C63: m | D63: 2000 | E63: =D63*$E$5 -> 2126
B65: Timber column cladding including sub-structure | C65: m² | D65: 200 | E65: =D65*$E$5 -> 212.6
B67: Taking out/off and removing sundry metalwork
B69: Glazed aluminium shopfront approximate size 4000 x 3000mm high complete | C69: No | D69: 5000 | E69: =D69*$E$5 -> 5315
B71: Glazed aluminium shopfront approximate size 4050 x 3000mm high with and including double doors, frames, etc. complete | C71: No | D71: 5000 | E71: =D71*$E$5 -> 5315
B73: Glazed aluminium shopfront approximate size 5300 x 3000mm high with and including double doors, frames, etc. complete | C73: No | D73: 5000 | E73: =D73*$E$5 -> 5315
B75: Irregular shaped glazed aluminium shopfront approximate size 7890 x 3000mm high with and including double doors, frames, etc. complete | C75: No | D75: 5000 | E75: =D75*$E$5 -> 5315
B77: Sliding stacking glazed aluminium shopfront approximate size 4000 x 3000mm high including floor and ceiling sliding tracks complete | C77: No | D77: 5000 | E77: =D77*$E$5 -> 5315
B79: Sliding stacking glazed aluminium shopfront approximate size 4100 x 3000mm high including floor and ceiling sliding tracks complete | C79: No | D79: 5000 | E79: =D79*$E$5 -> 5315
B81: Sliding stacking glazed aluminium shopfront approximate size 9200 x 3000mm high including floor and ceiling sliding tracks complete | C81: No | D81: 5000 | E81: =D81*$E$5 -> 5315
B83: Metal roller shutter door approximate size 1440 x 1500mm from existing partitioning to be demolished (partitioning demolished elsewhere) | C83: No | D83: 2500 | E83: =D83*$E$5 -> 2657.5
B85: Metal roller shutter door approximate size 1830 x 1500mm from existing partitioning to be demolished (partitioning demolished elsewhere) | C85: No | D85: 2500 | E85: =D85*$E$5 -> 2657.5
B87: Metal roller shutter door approximate size 1500 x 2000mm from existing 230mm brick walls | C87: No | D87: 2500 | E87: =D87*$E$5 -> 2657.5
B89: Floor mounted stainless steel bumper rails fixed at approximately 500mm spacing | C89: m | D89: 125 | E89: =D89*$E$5 -> 132.875
B91: Stainless steel balustrades approximately 1000mm high, fixed to floors with and including brackets, etc complete | C91: m | D91: 300 | E91: =D91*$E$5 -> 318.9
... B101: Overhead retail signage fixed to ceiling soffits approximately 3m above floor level (above shopfronts) approximate size 10,000 x 500mm high including disconnecting, blanking off and making safe electrical | C101: No | D101: 2500 | E101: =D101*$E$5 -> 2657.5
B103: Hacking up/off and removing marble tiles including removing screeds and adhesive from concrete and preparing surface to receive new screeds and or new floor finishes (elsewhere measured)
B105: Tiles to floors | C105: m² | D105: 100 | E105: =D105*$E$5 -> 106.3
B107: Taking out and removing piping, sanitary fittings, etc. including cutting off as necessary, disconnecting piping from fittings and making good floor and wall finishes
B109: Wash hand basin, including short lengths of piping, etc | C109: No | D109: 500 | E109: =D109*$E$5 -> 531.5
B111: WC pan with flush valve, including short lengths of piping, etc | C111: No | D111: 500 | E111: =D111*$E$5 -> 531.5
B113: Taking out/off and removing glass and mirrors
B115: Bullet proof glass at Bidvest Bureau De Change, with and including ironmongery, glazing beads, pigeon holes louvres, etc complete | C115: m² | D115: 500 | E115: =D115*$E$5 -> 531.5
B117: Glass partitioning with and including doors, ironmongery, glazing beads including cleaning out rebates complete | C117: m² | D117: 500 | E117: =D117*$E$5 -> 531.5
B119: SOIL POISINING
B121: Soil insecticide
B123: Under floors etc incl.forming and poisoning shallow | C123: m² | D123: 15.2732 | E123: =D123*$E$5 -> 16.235412
B124: furrows against foundation walls etc, filling in furrows
B125: and ramming
B127: EXCAVATION, FILLING, ETC
B129: Excavation in earth not exceeding 2m deep
B131: Trenches | C131: m³ | D131: 86.548135 | E131: =D131*$E$5 -> 92.000668
B133: Sump | C133: m³ | D133: 86.548135 | E133: =D133*$E$5 -> 92.000668
B135: Extra over excavation for soft rock
B137: Soft rock | C137: m³ | D137: 112.00347 | E137: =D137*$E$5 -> 119.05969
B139: Hard rock | C139: m³ | D139: 305.46401 | E139: =D139*$E$5 -> 324.70824
B141: Risk of collapse of excavations
B143: Sides of trench and hole excavations not exceeding 1.5m | C143: m² | D143: 15.2732 | E143: =D143*$E$5 -> 16.235412
B144: deep
B146: Keeping excavation free of water
B148: Keeping excavations free of water other than subterranean water | C148: Item | D148: 2545.5334 | E148: =D148*$E$5 -> 2705.902
B150: Well compacted earth filling from the excavation
B152: Under floors, steps,paving,etc | C152: m³ | D152: 40.728534 | E152: =D152*$E$5 -> 43.294432
B154: Backfilling to trenches,holes,etc | C154: m³ | D154: 40.728534 | E154: =D154*$E$5 -> 43.294432
B156: Compaction of surfaces
B158: Compaction of ground surface under floors,etc including | C158: m² | D158: 15.2732 | E158: =D158*$E$5 -> 16.235412
B159: scarifying for a depth of 150mm,breaking down oversize
B160: material,adding suitable material where necessary and
B161: compaction to 93% Mod AASHTO density
B163: Excavation in earth for basement
B165: Not exceeding 2m deep | C165: m³ | D165: 55 | E165: =D165*$E$5 -> 58.465
B167: Exceeding 2m and not exceeding 4m deep | C167: m³ | D167: 55 | E167: =D167*$E$5 -> 58.465
B169: Exceeding 2m and not exceeding 4m deep including working around piles | C169: m³ | D169: 55 | E169: =D169*$E$5 -> 58.465
B171: Exceeding 4m and not exceeding 6m deep including working around piles | C171: m³ | D171: 55 | E171: =D171*$E$5 -> 58.465
B173: Exceeding 6m and not exceeding 8m deep including working around piles | C173: m³ | D173: 55 | E173: =D173*$E$5 -> 58.465
B175: Extra over bulk excavation in earth for excavation in
B177: Soft rock | C177: m³ | D177: 120 | E177: =D177*$E$5 -> 127.56
B179: Hard rock | C179: m³ | D179: 750 | E179: =D179*$E$5 -> 797.25
B181: Extra over all excavations for carting away
B183: Surplus material from excavations and/or stock piles on site, to a dumping site to be located by the contractor | C183: m³ | D183: 150 | E183: =D183*$E$5 -> 159.45
B185: EXCAVATION, FILLING, ETC
B187: Excavation in earth within basement (basement level exceeding 6.0m and not exceeding 8.0m deep below ground level)
B189: Removal of platforms created for piling machinery to final levels under floors etc | C189: m³ | D189: 50 | E189: =D189*$E$5 -> 53.15
B191: Holes including working around piles | C191: m³ | D191: 150.8 | E191: =D191*$E$5 -> 160.3004
B193: Trenches | C193: m³ | D193: 150.8 | E193: =D193*$E$5 -> 160.3004
B195: To remove sloping banks within basements | C195: m³ | D195: 50 | E195: =D195*$E$5 -> 53.15
...

Sheet Civil Rates
C2: BER Index
B3: ='New Bldg Rates'!M4 -> Reference 2021 Q4 Table 2 - BER Building Cost Index | C3: Base Date | D3: 43525 | E3: 115.3
C4: Current Date | D4: 43891 | E4: 117.4
B6: DESCRIPTION | C6: UNIT | D6: 2019 RATE | E6: 2021 RATE
B8: CIVILS WORK
B10: Unless otherwise stated herein, all items in this bill shall be deemed to fall into Work Group No 154 for Haylett formula purposes
B12: SUPPLEMENTARY PREAMBLES
B14: General notes
B16: Note: The use of product names simply serves to indicate a standard acceptable to the Employer. Any other brand may be used with the prior written approval of the Principal Agent
B18: contractors are advised to price items in conjunction with the relevant drawings contractor are to note that this portion of the works is measured and quantified as per SANS 1200
B20: SECTION : PRELIMINARY AND GENERAL
B22: FIXED-CHARGE ITEMS
A24: A | B24: Contractual Requirements | C24: SUM | E24: 53333255
B26: Establish Facilities on the Site :
B28: a) Facilities for Engineer (SANS 1200 AB)
A30: B | B30: Offices | C30: SUM
B32: b) Facilities for Contractor
A34: C | B34: Offices and storage containers | C34: SUM
A36: D | B36: Workshops | C36: SUM
A38: E | B38: Laboratories | C38: SUM
A40: F | B40: Ablution and latrine facilities | C40: SUM
A42: G | B42: Water supplies, electric power and communications | C42: SUM
A44: H | B44: Dealing with water (Sub-clause 5.5) | C44: SUM
A46: J | B46: Access to site offices (Sub-clause 5.8) | C46: SUM
A48: K | B48: Other fixed-charge obligations | C48: SUM
A50: L | B50: Remove Engineer's and Contractor's Site establishment on completion | C50: SUM
A52: M | B52: Comply with ACSA Health and Safety specification and permit application for the duration of the Contract. | C52: SUM
A54: A | B54: Comply with ACSA Environmental specification and permit application for the duration of the Contract. | C54: SUM
A56: B | B56: Allow access and co-ordinations between other Contractors during the Construction period. | C56: SUM
B58: TIME-RELATED ITEMS
A60: C | B60: Contractual Requirements | C60: SUM
B62: Operate and maintain facilities on the Site:
B64: a) Facilities for Engineer for duration of construction (SANS 1200 AB)
A66: D | B66: Offices | C66: SUM
A68: E | B68: Survey assistants and material | C68: SUM
B70: b) Facilities for Contractor for duration of construction, except where otherwise stated
A72: F | B72: Offices and storage sheds | C72: SUM
A74: G | B74: Workshops | C74: SUM
A76: H | B76: Laboratories | C76: SUM
A78: J | B78: Ablution and latrine facilities | C78: SUM
A80: K | B80: Water supplies, electric power and communications | C80: SUM
A82: L | B82: Dealing with water (Sub-clause 5.5) | C82: SUM
A84: M | B84: Access (Sub-clause 5.8) | C84: SUM
A86: N | B86: Supervision for the duration of the contract | C86: SUM
A88: A | B88: Company and head office overhead costs | C88: SUM
A90: B | B90: Other time-related obligations | C90: SUM
A92: C | B92: Comply with ACSA Health and Safety specification and permit application for the duration of the Contract. | C92: SUM
A94: D | B94: Comply with ACSA Environmental specification and permit application for the duration of the Contract. | C94: SUM
A96: E | B96: Allow access and co-ordinations between other Contractors during the Construction period. | C96: SUM
B98: GENERAL
A100: F | B100: Service Level Agreement between the Contractor and Client for the duration of the defects liability period for the stormwater reticulation network, pumps and related infrastructure. The sum will include for the contractor(s) responsibility to repair for any burst, non working of items and replacement during the retention period after practical completion. The SLA agreement shall include a 45 minutes response time to ACSA help-desk and call-out. All defects, faulty pumps or bursts shall be resolved within 4 hours, day or night. | C100: Day
A102: A | B102: Service Level Agreement between the Contractor and Client for the duration of the defects liability period for the sewer reticulation network, pumps and related infrastructure. The sum will include for the contractor(s) responsibility to repair for any burst, non working of items and replacement during the retention period after practical completion. The SLA agreement shall include a 45 minutes response time to ACSA help-desk and call-out. All defects, faulty pumps or bursts shall be resolved within 4 hours, day or night. | C102: Day
A104: B | B104: Service Level Agreement between the Contractor and Client for the duration of the defects liability period for the water reticulation network, pumps and related infrastructure. The sum will include for the contractor(s) responsibility to repair for any burst, non working of items and replacement during the retention period after practical completion. The SLA agreement shall include a 45 minutes response time to ACSA help-desk and call-out. All defects, faulty pumps or bursts shall be resolved within 4 hours, day or night. | C104: Day
B106: The above items rate shall include as a minimum of a Supervisor, two skilled workers and two unskilled workers. The amount will only be paid if the contractor can prove with record keeping of attending to the problem area. The amount will not cover, normal obligation of the Contractor under the defects liability period i.e. failure of the system due to defects by means of installation and/or non SANS approved products. Defects will still be for the Contractor's account to replace or repair at no costs to the Client.
B108: For work to be done by Contractor:
A110: A | B110: a) Supply and install 2No 10l/s @ 20m head vortex type sump pump. | C110: SUM
B112: For work to be done by a nominated sub-contractor (or the Employer)
A114: B | B114: a) Electricity installation (nominated sub-contractor) | C114: Item
A116: C | B116: b) Overheads, charges and profit on above item. | C116: %IT | E116: 0
B118: Land Survey Act
A120: D | B120: Provide access for the Engineer to a qualified surveyor on site for the duration of the contract as ordered by the Engineer. The item shall exclude any surveying required by the Contractor. | C120: Day
B122: GENERAL
B124: DAY WORKS
B126: Note: All Labour and plant Rates to include Mark-up
B128: LABOUR
A130: E | B130: a) Site foreman | C130: Hrs
A132: F | B132: b) Surveyor and assistants | C132: Hrs
A134: G | B134: c) Operator | C134: Hrs
A136: H | B136: d) Gang Boss | C136: Hrs
A138: J | B138: e) Skilled labourer | C138: Hrs
A140: K | B140: f) Unskilled labourer | C140: Hrs
B142: PLANT
B144: (contractor to fill in Model particulars, type, size, kW, etc.)
A146: A | B146: a) Bulldozer Model: | C146: Hrs
A148: B | B148: b) Grader Model: | C148: Hrs
A150: C | B150: c) Digger/ Loader Model: | C150: Hrs
A152: D | B152: d) Excavator Model: | C152: Hrs
A154: E | B154: e) Front end loader Model: | C154: Hrs
A156: F | B156: f) Roller (vib - self propelled) Model: | C156: Hrs
A158: G | B158: g) Roller (vib. - hand operated) Model: | C158: Hrs
A160: H | B160: h) Roller (pneumatic) Model: | C160: Hrs
A162: J | B162: i) Tip truck (10 m3) Model: | C162: Hrs
A164: K | B164: j) Truck - flat bed Model: | C164: Hrs
A166: L | B166: k) Water cart Model: | C166: Hrs
A168: M | B168: l) Pump (100 mm) Model: | C168: Hrs
... A172: P | B172: n) Bakkie Model: | C172: Hrs
B174: SECTION : SITE CLEARANCE
B176: CLEAR SITE
A178: A | B178: Clear Site including kerbs up to 200mm height, broken paver's up to 150mm thick and asphalt up to 60mm thick and dispose of at an approved dump-site including transport up to Vissershok. Contractor to provide delivery slips for proof of dumping at the approved dump-site. | C178: m³
A180: B | B180: Clear Site including concrete demolishing up to 700 mm thick and dispose of at an approved dump-site include transport up to Vissershok. Contractor to provide delivery slips for proof of dumping at the approved dump-site. | C180: m³
A182: C | B182: Clear Site including concrete and clay brick paver's up to 150 mm thick, stockpile unbroken paver's and maintain. Spoil broken paver's at an approved dump-site. | C182: m²
A184: D | B184: Excavate and clear temporary access ramp filling on completion and dispose of at an approved dump-site including transport up to Vissershok. Contractor to provide delivery slips for proof of dumping at the approved dump-site. | C184: m³
B186: DISMANTLE, REMOVE AND DISPOSE
A188: E | B188: Dismantle and remove fire and potable water pipelines up to 400 mm diameter not encased in concrete and dispose of at an approved dump-site including transport up to Vissershok. Contractor to provide delivery slips for proof of dumping at the approved dump-site. | C188: m
A190: A | B190: Dismantle and remove electricity transmission lines up to 11KV not encased in concrete and dispose of at an approved dump-site including transport up to Vissershok. Contractor to provide delivery slips for proof of dumping at the approved dump-site.(Provisional) | C190: m
A192: B | B192: Reusable cables to be stockpiled and maintained within the CTIA boundary or stores. | C192: m
A194: C | B194: Dismantle and remove uPVC and HDPE sleeves up to 250mm diameter not encased in concrete and dispose of at an approved dump-site including transport up to Vissershok. Contractor to provide delivery slips for proof of dumping at the approved dump-site. | C194: m
A196: D | B196: Dismantle and remove pipelines encased in concrete up to 0.5m2 sectional area. | C196: m
A198: E | B198: Demolish and remove reinforced concrete structures and or buildings with steel and dispose of at an approved dump-site including transport up to Vissershok. Contractor to provide delivery slips for proof of dumping at the approved dump-site. | C198: m³
A200: F | B200: Dismantle structural steelwork, etc. and dispose of at an approved dump-site including transport up to Vissershok. Contractor to provide delivery slips for proof of dumping at the approved dump-site | C200: t
...

Sheet New Civil Rates
J1: Below rates exclude Turnout Factors [P&G, Sundry costs, Contingency, Esclation & Fees]
C2: ELEMENT | I2: UNIT | J2: Current Rate March 2022 (ZAR)
D3: Multi | E3: Lenth | F3: Width | G3: H/D | H3: Rate
B4: Concrete Aprons Stands (85mm) - (construction) | J4: =SUM(J5:J15) -> 6576.62 | K4: /m2
C5: Soil Poisining | D5: 1 | E5: 1 | F5: 1 | G5: 1 | H5: 32 | I5: m2 | J5: =H5*G5*F5*E5*D5 -> 32
C6: Fill | D6: 1 | E6: 1 | F6: 1 | G6: 0.085 | H6: 265 | I6: m3 | J6: =H6*G6*F6*E6*D6 -> 22.525
C7: DPM | D7: 1 | E7: 1 | F7: 1 | G7: 1 | H7: 15 | I7: m2 | J7: =H7*G7*F7*E7*D7 -> 15
C8: Concrete | D8: 1 | E8: 1 | F8: 1 | G8: 0.085 | H8: 1763 | I8: m3 | J8: =H8*G8*F8*E8*D8 -> 149.855
C9: Woodfloat | D9: 1 | E9: 1 | F9: 1 | G9: 1 | H9: 35 | I9: m2 | J9: =H9*G9*F9*E9*D9 -> 35
C10: Mesh reinforcement | D10: 1 | E10: 1 | F10: 1 | G10: 1 | H10: 60 | I10: m2 | J10: =H10*G10*F10*E10*D10 -> 60
C11: Sawcut joints | D11: 1 | E11: 1 | F11: 1 | G11: 1 | H11: 64 | I11: m | J11: =H11*G11*F11*E11*D11 -> 64
C12: Backing rope | D12: 1 | E12: 1 | F12: 1 | G12: 1 | H12: 25 | I12: m | J12: =H12*G12*F12*E12*D12 -> 25
C13: Polysulphide sealant | D13: 1 | E13: 1 | F13: 1 | G13: 1 | H13: 25 | I13: m | J13: =H13*G13*F13*E13*D13 -> 25
C14: Formwork | D14: 2 | E14: 1 | F14: 1 | G14: 0.85 | H14: 3548 | I14: m2 | J14: =H14*G14*F14*E14*D14 -> 6031.6
C15: Sundries | H15: 0.02 | I15: m2 | J15: {=SUM(H5:H14*H15)} -> 116.64
B17: Pavement Construction | J17: =SUM(J18:J24) -> 865.1 | K17: /m2
C18: Excavation | D18: 1 | E18: 1 | F18: 1 | G18: 1 | H18: 116 | J18: =H18*G18*F18*E18*D18 -> 116
C19: Rip, scarify & compact | D19: 1 | E19: 1 | F19: 1 | G19: 1 | H19: 40 | J19: =H19*G19*F19*E19*D19 -> 40
C20: 150mm G6 Layer | D20: 1 | E20: 1 | F20: 1 | G20: 0.15 | H20: 380 | J20: =H20*G20*F20*E20*D20 -> 57
C21: 150mm G7 Base course | D21: 1 | E21: 1 | F21: 1 | G21: 0.3 | H21: 410 | J21: =H21*G21*F21*E21*D21 -> 123
C22: Add cement stabilizer | D22: 130 | E22: 1 | F22: 1 | G22: 0.3 | H22: 4 | J22: =H22*G22*F22*E22*D22 -> 156
C23: 800mm Interlocker paver | D23: 1 | E23: 1 | F23: 1 | G23: 1 | H23: 360 | J23: =H23*G23*F23*E23*D23 -> 360
C24: Sundries | H24: 0.01 | J24: {=SUM(H18:H23*H24)} -> 13.1
B26: Ashphalt Road Surface | J26: =SUM(J27:J33) -> 767.8 | K26: /m2
C27: Excavation | D27: 1 | E27: 1 | F27: 1 | G27: 0.4 | H27: 116 | J27: =H27*G27*F27*E27*D27 -> 46.4
C28: Rip, scarify & compact | D28: 1 | E28: 1 | F28: 1 | G28: 1 | H28: 40 | J28: =H28*G28*F28*E28*D28 -> 40
C29: 150mm G6 Layer | D29: 1 | E29: 1 | F29: 1 | G29: 0.15 | H29: 380 | J29: =H29*G29*F29*E29*D29 -> 57
C30: 150mm G7 Base course | D30: 1 | E30: 1 | F30: 1 | G30: 0.3 | H30: 410 | J30: =H30*G30*F30*E30*D30 -> 123
C31: Add cement stabilizer | D31: 130 | E31: 1 | F31: 1 | G31: 0.3 | H31: 4 | J31: =H31*G31*F31*E31*D31 -> 156
C32: Tarmac (Dependent on thickness of surface) | D32: 1 | E32: 1 | F32: 1 | G32: 1 | H32: 320 | J32: =H32*G32*F32*E32*D32 -> 320
C33: Sundries | H33: 0.02 | J33: {=SUM(H27:H32*H33)} -> 25.4
B35: Roadmarkings (Painting)
C36: Setting out and pre-marking the lines | D36: 1 | E36: 1 | F36: 1 | G36: 1 | H36: 116 | I36: /m | J36: =H36*G36*F36*E36*D36 -> 116
C38: White and Yellow lines (Broken and Unbroken) | D38: 1 | E38: 1 | F38: 1 | G38: 1 | H38: 26 | I38: /m | J38: =H38*G38*F38*E38*D38 -> 26
C39: 150mm Wide | D39: 1 | E39: 1 | F39: 1 | G39: 1 | H39: 12 | I39: /m | J39: =H39*G39*F39*E39*D39 -> 12
C40: 450mm Wide | D40: 1 | E40: 1 | F40: 1 | G40: 1 | H40: 21 | I40: /m | J40: =H40*G40*F40*E40*D40 -> 21
C41: 900mm Wide | D41: 1 | E41: 1 | F41: 1 | G41: 1 | H41: 37 | I41: /m | J41: =H41*G41*F41*E41*D41 -> 37
C42: 1800mm Wide | D42: 1 | E42: 1 | F42: 1 | G42: 1 | H42: 80 | I42: /m | J42: =H42*G42*F42*E42*D42 -> 80
C43: 6000mm Wide | D43: 1 | E43: 1 | F43: 1 | G43: 1 | H43: 250 | I43: /m | J43: =H43*G43*F43*E43*D43 -> 250
C45: White and Yellow lines (Broken and Unbroken) | D45: 1 | E45: 1 | F45: 1 | G45: 1 | H45: 3600 | I45: /Km | J45: =H45*G45*F45*E45*D45 -> 3600
C46: 150mm Wide | D46: 1 | E46: 1 | F46: 1 | G46: 1 | H46: 8000 | I46: /Km | J46: =H46*G46*F46*E46*D46 -> 8000
C47: 450mm Wide | D47: 1 | E47: 1 | F47: 1 | G47: 1 | H47: 18000 | I47: /Km | J47: =H47*G47*F47*E47*D47 -> 18000
C48: 900mm Wide | D48: 1 | E48: 1 | F48: 1 | G48: 1 | H48: 36000 | I48: /Km | J48: =H48*G48*F48*E48*D48 -> 36000
C49: 1800mm Wide | D49: 1 | E49: 1 | F49: 1 | G49: 1 | H49: 72000 | I49: /Km | J49: =H49*G49*F49*E49*D49 -> 72000
... C53: Red lettering and symbols | D53: 1 | E53: 1 | F53: 1 | G53: 1 | H53: 120 | I53: /m2 | J53: =H53*G53*F53*E53*D53 -> 120

Sheet Civil Rehab Rates 
J2: Below rates exclude Turnout Factors [P&G, Sundry costs, Contingency, Esclation & Fees]
C3: ELEMENT | I3: UNIT | J3: Current Rate March 2022 (ZAR)
D4: Multi | E4: Lenth | F4: Width | G4: H/D | H4: Rate
B5: Demolition works
C6: Breaking up existing pavement layers | D6: 1 | E6: 1 | F6: 1 | G6: 1 | H6: 55 | I6: m2 | J6: =H6*G6*F6*E6*D6 -> 55 | K6: /m2
C7: Breaking up existing concrete slab | D7: 1 | E7: 1 | F7: 1 | G7: 1 | H7: 270 | I7: m2 | J7: =H7*G7*F7*E7*D7 -> 270 | K7: /m2
C8: Miling out existing bituminious material | D8: 1 | E8: 1 | F8: 1 | G8: 1 | H8: 270 | I8: m3 | J8: =H8*G8*F8*E8*D8 -> 270 | K8: /m3
B10: Concrete Rehab. Stands | J10: 699 | K10: /m2
C11: Soil Poisining | D11: 1 | E11: 1 | F11: 1 | G11: 1 | H11: 32 | I11: m2 | J11: =H11*G11*F11*E11*D11 -> 32
C12: Fill | D12: 1 | E12: 1 | F12: 1 | G12: 0.085 | H12: 265 | I12: m3 | J12: =H12*G12*F12*E12*D12 -> 22.525
C13: DPM | D13: 1 | E13: 1 | F13: 1 | G13: 1 | H13: 15 | I13: m2 | J13: =H13*G13*F13*E13*D13 -> 15
C14: Concrete | D14: 1 | E14: 1 | F14: 1 | G14: 0.085 | H14: 1698 | I14: m3 | J14: =H14*G14*F14*E14*D14 -> 144.33
C15: Woodfloat | D15: 1 | E15: 1 | F15: 1 | G15: 1 | H15: 35 | I15: m2 | J15: =H15*G15*F15*E15*D15 -> 35
C16: Mesh reinforcement | D16: 1 | E16: 1 | F16: 1 | G16: 1 | H16: 60 | I16: m2 | J16: =H16*G16*F16*E16*D16 -> 60
C17: Sawcut joints | D17: 1 | E17: 1 | F17: 1 | G17: 1 | H17: 120 | I17: m | J17: =H17*G17*F17*E17*D17 -> 120
C18: Backing rope | D18: 1 | E18: 1 | F18: 1 | G18: 1 | H18: 25 | I18: m | J18: =H18*G18*F18*E18*D18 -> 25
C19: Polysulphide sealant | D19: 1 | E19: 1 | F19: 1 | G19: 1 | H19: 25 | I19: m | J19: =H19*G19*F19*E19*D19 -> 25
C20: Formwork | D20: 1 | E20: 1 | F20: 1 | G20: 1 | H20: 0.85 | I20: m2 | J20: =H20*G20*F20*E20*D20 -> 0.85
C21: Sundries | H21: 0.1 | I21: m2 | J21: {=SUM(H11:H20*H21)} -> 227.585
B23: Pavement Repairs | J23: 584 | K23: /m2
C24: Excavation to reduce level | D24: 1 | E24: 1 | F24: 1 | G24: 1 | H24: 116 | J24: =H24*G24*F24*E24*D24 -> 116
C25: Rip, scarify & compact | D25: 1 | E25: 1 | F25: 1 | G25: 1 | H25: 40 | J25: =H25*G25*F25*E25*D25 -> 40
C26: 150mm G6 Layer | D26: 1 | E26: 1 | F26: 1 | G26: 0.15 | H26: 350 | J26: =H26*G26*F26*E26*D26 -> 52.5
C27: Add cement stabilizer | D27: 130 | E27: 1 | F27: 1 | G27: 0.3 | H27: 4 | J27: =H27*G27*F27*E27*D27 -> 156
C28: 800mm Interlocker paver | D28: 1 | E28: 1 | F28: 1 | G28: 1 | H28: 360 | J28: =H28*G28*F28*E28*D28 -> 360
C29: Sundries | H29: 0.1 | J29: {=SUM(H24:H28*H29)} -> 87
B31: Asphalt Mill and Replace RWY/TWY | J31: 16500 | K31: /m2
B33: Ashphalt Road Surface (Repair) | J33: 518 | K33: /m2
C34: Excavation to reduce level | D34: 1 | E34: 1 | F34: 1 | G34: 0.4 | H34: 116 | J34: =H34*G34*F34*E34*D34 -> 46.4
C35: Rip, scarify & compact | D35: 1 | E35: 1 | F35: 1 | G35: 1 | H35: 40 | J35: =H35*G35*F35*E35*D35 -> 40
C36: 150mm G6 Layer | D36: 1 | E36: 1 | F36: 1 | G36: 0.15 | H36: 350 | J36: =H36*G36*F36*E36*D36 -> 52.5
C37: Add cement stabilizer | D37: 130 | E37: 1 | F37: 1 | G37: 0.3 | H37: 4 | J37: =H37*G37*F37*E37*D37 -> 156
C38: Tarmac (Dependent on thickness of surface) | D38: 1 | E38: 1 | F38: 1 | G38: 1 | H38: 320 | J38: =H38*G38*F38*E38*D38 -> 320
C39: Sundries | H39: 0.1 | J39: {=SUM(H34:H38*H39)} -> 83
B41: Roadmarkings (Refurbishment)
C42: Setting out and pre-marking the lines | D42: 1 | E42: 1 | F42: 1 | G42: 1 | H42: 116 | J42: =H42*G42*F42*E42*D42 -> 116 | K42: /m
C44: White and Yellow lines (Broken and Unbroken) | D44: 1 | E44: 1 | F44: 1 | G44: 1 | H44: 40 | J44: =H44*G44*F44*E44*D44 -> 40 | K44: /m
C45: 150mm Wide | D45: 1 | E45: 1 | F45: 1 | G45: 0.15 | H45: 350 | J45: =H45*G45*F45*E45*D45 -> 52.5 | K45: /m
C46: 900mm Wide | D46: 1 | E46: 1 | F46: 1 | G46: 0.15 | H46: 350 | J46: =H46*G46*F46*E46*D46 -> 52.5 | K46: /m
C47: 1800mm Wide | D47: 1 | E47: 1 | F47: 1 | G47: 0.15 | H47: 350 | J47: =H47*G47*F47*E47*D47 -> 52.5 | K47: /m
C48: 6000mm Wide | D48: 1 | E48: 1 | F48: 1 | G48: 0.15 | H48: 350 | J48: =H48*G48*F48*E48*D48 -> 52.5 | K48: /m
C50: White and Yellow lettering and symbols | D50: 1 | E50: 1 | F50: 1 | G50: 0.15 | H50: 350 | J50: =H50*G50*F50*E50*D50 -> 52.5 | K50: /m2
C51: Red lettering and symbols | D51: 1 | E51: 1 | F51: 1 | G51: 0.15 | H51: 350 | J51: =H51*G51*F51*E51*D51 -> 52.5 | K51: /m2
C53: Exclusions
C54: Removal of existing surface
C55: Kerbs, channels, etc
C56: Abnormal & problematic soil conditions

Sheet Specialised Work
K8: 1.01 | L8: 1.063
C10: ELEMENT | I10: UNIT | J10: March 2019 (ZAR) | K10: March 2021 (ZAR) | L10: March 2022 (ZAR)
D11: Multi | E11: Lenth | F11: Width | G11: H/D | H11: Rate
B12: Installation of Check-in Counters - Double | J12: =SUM(J13:J14) -> 12600000 | K12: =SUM(K13:K14) -> 12726000 | L12: =SUM(L13:L14) -> 13527738 | M12: /No
C13: Double counter | D13: 1 | E13: 1 | F13: 1 | G13: 1 | H13: 12000000 | I13: Each | J13: =H13*G13*F13*E13*D13 -> 12000000 | K13: =J13*$K$8 -> 12120000 | L13: =K13*$L$8 -> 12883560
C14: Sundries | D14: 0.05 | E14: 1 | F14: 1 | G14: 1 | H14: 12000000 | I14: Item | J14: =H14*G14*F14*E14*D14 -> 600000 | K14: =J14*$K$8 -> 606000 | L14: =K14*$L$8 -> 644178
B16: Installation of Check-in Counters - Single | J16: =SUM(J17:J18) -> 6300000 | K16: =SUM(K17:K18) -> 6363000 | L16: =SUM(L17:L18) -> 6763869 | M16: /No
C17: Single counter | D17: 1 | E17: 1 | F17: 1 | G17: 1 | H17: 6000000 | I17: each | J17: =H17*G17*F17*E17*D17 -> 6000000 | K17: =J17*$K$8 -> 6060000 | L17: =K17*$L$8 -> 6441780
C18: Sundries | D18: 0.05 | E18: 1 | F18: 1 | G18: 1 | H18: 6000000 | I18: Item | J18: =H18*G18*F18*E18*D18 -> 300000 | K18: =J18*$K$8 -> 303000 | L18: =K18*$L$8 -> 322089
B20: Built-in Chairs | J20: =SUM(J21:J22) -> 7875 | K20: =SUM(K21:K22) -> 7953.75 | L20: =SUM(L21:L22) -> 8454.8363 | M20: /No
C21: Built-in seats | D21: 1 | E21: 1 | F21: 1 | G21: 1 | H21: 7500 | I21: each | J21: =H21*G21*F21*E21*D21 -> 7500 | K21: =J21*$K$8 -> 7575 | L21: =K21*$L$8 -> 8052.225
C22: Sundries | D22: 0.05 | E22: 1 | F22: 1 | G22: 1 | H22: 7500 | I22: Item | J22: =H22*G22*F22*E22*D22 -> 375 | K22: =J22*$K$8 -> 378.75 | L22: =K22*$L$8 -> 402.61125
B24: Baggage Corousels | J24: =SUM(J25:J26) -> 3300000 | K24: =SUM(K25:K26) -> 3333000 | L24: =SUM(L25:L26) -> 3542979 | M24: /No
C25: Arrivals corousels | D25: 1 | E25: 1 | F25: 1 | G25: 1 | H25: 2400000 | I25: each | J25: =H25*G25*F25*E25*D25 -> 2400000 | K25: =J25*$K$8 -> 2424000 | L25: =K25*$L$8 -> 2576712 | N25: Between R2.5m to R3.3m depends on the length.
C26: Installation, commisioning and handover | D26: 1 | E26: 1 | F26: 1 | G26: 1 | H26: 900000 | I26: Item | J26: =H26*G26*F26*E26*D26 -> 900000 | K26: =J26*$K$8 -> 909000 | L26: =K26*$L$8 -> 966267
B29: Elevators | J29: =SUM(J30:J31) -> 1680000 | K29: =SUM(K30:K31) -> 1696800 | L29: =SUM(L30:L31) -> 1803698.4 | M29: /No
C30: Elevator - 1.5 x 1.2 | D30: 1 | E30: 1 | F30: 1 | G30: 1 | H30: 1600000 | I30: each | J30: =H30*G30*F30*E30*D30 -> 1600000 | K30: =J30*$K$8 -> 1616000 | L30: =K30*$L$8 -> 1717808
D31: 0.05 | E31: 1 | F31: 1 | G31: 1 | H31: 1600000 | I31: Item | J31: =H31*G31*F31*E31*D31 -> 80000 | K31: =J31*$K$8 -> 80800 | L31: =K31*$L$8 -> 85890.4
B33: Baggage Scales | J33: =SUM(J34:J35) -> 378000 | K33: =SUM(K34:K35) -> 381780 | L33: =SUM(L34:L35) -> 405832.14 | M33: /No
C34: Baggage Scales | D34: 1 | E34: 1 | F34: 1 | G34: 1 | H34: 360000 | I34: each | J34: =H34*G34*F34*E34*D34 -> 360000 | K34: =J34*$K$8 -> 363600 | L34: =K34*$L$8 -> 386506.8
C35: Sundries | D35: 0.05 | E35: 1 | F35: 1 | G35: 1 | H35: 360000 | I35: Item | J35: =H35*G35*F35*E35*D35 -> 18000 | K35: =J35*$K$8 -> 18180 | L35: =K35*$L$8 -> 19325.34

Sheet Ground Floor Constrn
A1: GROUND FLOOR CONSTRUCTION | J1: 1.063
A2: Element/Component | B2: Multi | C2: Lenth | D2: Width | E2: H/D | F2: Rate | G2: Unit Rate | H2: Unit | I2: Element Rate
C3: 1 | D3: 1 | E3: 0.085
A4: Surface bed (100mm) Mesh Reinforced | H4: m2 | I4: =SUM(G5:G13) -> 518.3568
A5: Soil Poisoning | B5: 1 | C5: 1 | D5: 1 | E5: 1 | F5: 32 | G5: =(F5*E5*D5*C5*B5)*$J$1 -> 34.016
A6: Fill 150mm | B6: 1 | C6: 1 | D6: 1 | E6: 0.09 | F6: 265 | G6: =(F6*E6*D6*C6*B6)*$J$1 -> 25.35255
A7: Compaction | B7: 1 | C7: 1 | D7: 1 | E7: 1 | F7: 15 | G7: =(F7*E7*D7*C7*B7)*$J$1 -> 15.945
A8: DPM | B8: 1 | C8: 1 | D8: 1 | E8: 1 | F8: 15 | G8: =(F8*E8*D8*C8*B8)*$J$1 -> 15.945
A9: Concrete | B9: 1 | C9: 1 | D9: 1 | E9: 0.085 | F9: 1689 | G9: =(F9*E9*D9*C9*B9)*$J$1 -> 152.60959
A10: Power Float | B10: 1 | C10: 1 | D10: 1 | E10: 1 | F10: 40 | G10: =(F10*E10*D10*C10*B10)*$J$1 -> 42.52
A11: Mesh Ref | B11: 1 | C11: 1 | D11: 1 | E11: 1 | F11: 120 | G11: =(F11*E11*D11*C11*B11)*$J$1 -> 127.56
A12: Formwork to edges | B12: 0.5 | C12: 1 | D12: 1 | E12: 1 | F12: 150 | G12: =(F12*E12*D12*C12*B12)*$J$1 -> 79.725
A13: Sundries @ 5% | B13: 1 | C13: 1 | D13: 1 | E13: 1 | F13: 0.05 | G13: =SUM(G5:G12)*0.05 -> 24.683657
C17: 1 | D17: 1 | E17: 0.125
A18: Surface Bed (125mm) Ramps | H18: m2 | I18: =SUM(G19:G27) -> 685.76787
A19: Soil Poisoning | B19: 1 | C19: 1 | D19: 1 | E19: 1 | F19: 32 | G19: =(F19*E19*D19*C19*B19)*$J$1 -> 34.016
A20: Fill 150mm | B20: 1 | C20: 1 | D20: 1 | E20: 0.8 | F20: 265 | G20: =(F20*E20*D20*C20*B20)*$J$1 -> 225.356
A21: Compaction | B21: 1 | C21: 1 | D21: 1 | E21: 1 | F21: 15 | G21: =(F21*E21*D21*C21*B21)*$J$1 -> 15.945
A22: DPM | B22: 1 | C22: 1 | D22: 1 | E22: 1 | F22: 15 | G22: =(F22*E22*D22*C22*B22)*$J$1 -> 15.945
A23: Concrete | B23: 1 | C23: 1 | D23: 1 | E23: 0.125 | F23: 1689 | G23: =(F23*E23*D23*C23*B23)*$J$1 -> 224.42587
A24: Power Float | B24: 1 | C24: 1 | D24: 1 | E24: 1 | F24: 40 | G24: =(F24*E24*D24*C24*B24)*$J$1 -> 42.52
A25: Mesh Ref | B25: 1 | C25: 1 | D25: 1 | E25: 1 | F25: 120 | G25: =(F25*E25*D25*C25*B25)*$J$1 -> 127.56
C28: 1 | D28: 1 | E28: 0.125
A29: Surface Bed (125mm) | H29: m2 | I29: =SUM(G30:G39) -> 728.28788
A30: Soil Poisoning | B30: 1 | C30: 1 | D30: 1 | E30: 1 | F30: 32 | G30: =(F30*E30*D30*C30*B30)*$J$1 -> 34.016
A31: Fill 150mm | B31: 1 | C31: 1 | D31: 1 | E31: 0.8 | F31: 280 | G31: =(F31*E31*D31*C31*B31)*$J$1 -> 238.112
A32: DPM | B32: 1 | C32: 1 | D32: 1 | E32: 1 | F32: 15 | G32: =(F32*E32*D32*C32*B32)*$J$1 -> 15.945
A33: Concrete | B33: 1 | C33: 1 | D33: 1 | E33: 0.125 | F33: 1689 | G33: =(F33*E33*D33*C33*B33)*$J$1 -> 224.42587
A34: Power Float | B34: 1 | C34: 1 | D34: 1 | E34: 1 | F34: 35 | G34: =(F34*E34*D34*C34*B34)*$J$1 -> 37.205
A35: Mesh Ref | B35: 1 | C35: 1 | D35: 1 | E35: 1 | F35: 60 | G35: =(F35*E35*D35*C35*B35)*$J$1 -> 63.78
A36: Sawcut Joints | B36: 0.6 | C36: 1 | D36: 1 | E36: 1 | F36: 30 | G36: =(F36*E36*D36*C36*B36)*$J$1 -> 19.134
A37: Backing Rope | B37: 0.6 | C37: 1 | D37: 1 | E37: 1 | F37: 25 | G37: =(F37*E37*D37*C37*B37)*$J$1 -> 15.945
A38: Polysulphide Sealant | B38: 0.6 | C38: 1 | D38: 1 | E38: 1 | F38: 25 | G38: =(F38*E38*D38*C38*B38)*$J$1 -> 15.945
A39: Formwork | B39: 0.4 | C39: 1 | D39: 1 | E39: 1 | F39: 150 | G39: =(F39*E39*D39*C39*B39)*$J$1 -> 63.78

Sheet Fleet Maint
K1: 1.063
B2: FLEET
A6: VEHICLE PREVENTATIVE AND BREAKDOWN MAINTENANCE.
C7: Rate (2021) | D7: Rate (2022) | E7: Unit | F7: Remarks
A8: 1 | B8: Normal Hours - Labour | C8: 825 | D8: =C8*$K$1 -> 876.975 | E8: /Hr | F8: per person per hour
A9: 2 | B9: Towing Charges | C9: 850 | D9: =C9*$K$1 -> 903.55 | E9: each
A10: 3 | B10: Roadworthy certifications | C10: 550 | D10: =C10*$K$1 -> 584.65 | E10: each
A11: 4 | B11: Car wash, vacuum and tyres | C11: 85 | D11: =C11*$K$1 -> 90.355 | E11: each
A12: 5 | B12: Variable permit cost | C12: 18000 | D12: =C12*$K$1 -> 19134 | E12: /annum | F12: The airside Induction Training (AIT), Airside Vehicle Operator Training (AVOP), Permanent Personal and Vehicle Permit costs shall be paid by the Service Provider to the training service provider and the Company permit office. Costs shall be claimed back from the Company for completed training and issued permits. Proof of al relevant documents i.e. training certs., receipts must be produced.
A13: 6 | B13: Monthly contract administration fees (fixed) | C13: 46810 | D13: =C13*$K$1 -> 49759.03 | F13: Entails the following: Management, Systems, Inspections, Customer Liaison, Infrastructure including call centre service and six field technicians (two per airport site)
A14: 7 | B14: Call out charges | C14: 0 | D14: =C14*$K$1 -> 0 | E14: /Hr | F14: No call out charge for the collection and delivery of vehicles from the Company sites for all services as they form part of the value added services.
A17: BATTERY AND TYRE SUPPLY & MAINTENANCE.
C18: Rate (2021) | D18: Rate (2022) | E18: Unit | F18: Remarks
A19: 1 | B19: Normal Hours - Labour | C19: 125 | D19: =C19*$K$1 -> 132.875 | E19: /Hr | F19: per person per hour
A20: 2 | B20: Towing Charges | C20: 850 | D20: =C20*$K$1 -> 903.55 | E20: each
A21: 3 | B21: Wheel alignment front & rear | C21: 87 | D21: =C21*$K$1 -> 92.481 | E21: each
A22: 4 | B22: Call out charges | C22: 0 | D22: =C22*$K$1 -> 0 | E22: /Hr | F22: No call out charge for the collection and delivery of vehicles from the Company sites for all services as they form part of the value added services.
A25: MARK-UP FEE %
A26: Value of Item/Service | B26: On 3rd party procured items/services (incl. subcontractors) | C26: Replacement/Spare parts
A27: R0 - 1,000 | B27: 0.15 | C27: 0.15
A28: R1,001 - R5,000 | B28: 0.15 | C28: 0.15
A29: R5,001 - R10,000 | B29: 0.15 | C29: 0.15
A30: +R10,000 | B30: 0.15 | C30: 0.15
G34: Description | H34: D/cab | I34: S/cab | J34: ½ ton | K34: Sedan | L34: Minibus
G35: Signage or branding | H35: 16830 | I35: 16830 | J35: 13260 | K35: 5610 | L35: 18360
G37: Maintenance plan | H37: 77028.36 | I37: 77028.36 | J37: 36648.6 | K37: 58045.14 | L37: 60373.8
G39: Extended warranty | H39: 7134.9 | I39: 7134.9 | J39: Std | K39: 7134.9 | L39: 6028.2
G41: Towbar | H41: 6232.2 | I41: 6232.2 | J41: 3264 | K41: 4590 | L41: 6028.2
G43: Nudge Bar | H43: 5742.6 | I43: 5742.6
G45: Rollbar | H45: 5293.8 | I45: 5803.8
G47: LED starbar beacon & siren | H47: 8670 | I47: 8670 | J47: 11229.18 | K47: 8670 | L47: 8670
G49: Smash & grab | H49: 3570 | I49: 3570 | J49: 1524.9 | K49: 3570 | L49: 5100
G51: Rubberising | H51: 3570 | I51: 5538.6 | J51: 3570
G53: Fire extinguisher | H53: 459 | I53: 459 | J53: 459 | K53: 459 | L53: 459
G55: License & registration | H55: 3060 | I55: 3060 | J55: 4590 | K55: 3570 | L55: 4080
G57: Delivery costs | H57: 4590 | I57: 4590 | J57: 4590 | K57: 4590 | L57: 4590

Sheet Electrical
F1: 1.063
B3: DESCRIPTION | C3: UNIT | D3: 2019 RATE | E3: 2021 RATE | F3: 2022 RATE
B5: Supply, deliver to site, off-load and store if necessary and install the following cables with copper conductors.
B6: Installation and testing of cables as per specification including clamps, ties and cable numbering system.
B8: 35mm² x 4C PVC/SWA/PVC + 25mm² x 1C Green insulated earth wire (600/1000V to SANS 1507) | C8: m | D8: 75 | E8: 76.366002 | F8: =E8*$F$1 -> 81.17706
B10: 2.5mm² x 4C PVC/SWA/PVC ECC (600/1000V to SANS 1507) | C10: m | D10: 58 | E10: 59.056375 | F10: =E10*$F$1 -> 62.776926
B12: 2.5mm² x 3C PVC/SWA/PVC (600/1000V to SANS 1507) | C12: m | D12: 48 | E12: 48.874241 | F12: =E12*$F$1 -> 51.953318
B14: 2.5mm² x 3C PVC/PVC (600/1000V to SANS 1507) | C14: m | D14: 50 | E14: 50.910668 | F14: =E14*$F$1 -> 54.11804
B16: 2 x 2.5mm² + 2,5mm² house wire (600/1000V to SANS 1507) (red, black & green/yellow) | C16: m | D16: 35 | E16: 35.637467 | F16: =E16*$F$1 -> 37.882628
B18: 150mm² x 3c 11kV Cu PILC Cable | C18: m | D18: 1250 | E18: 1272.7667 | F18: =E18*$F$1 -> 1352.951
B20: 150mm² x 3c 11kV Cu PILC Cable removal and handover | C20: m | D20: 250 | E20: 254.55334 | F20: =E20*$F$1 -> 270.5902
B22: Instrumentation Cable Supply & Installation
B24: Supply, deliver to site, off-load and store if necessary and install the following Dekabon cables (overall screened armoured) with copper conductors (600/1000V grade) to SANS 1507 as specified.
B26: 0.5mm² x 2 pair Dekabon IOS Cable | C26: m | D26: 40 | E26: 40.728534 | F26: =E26*$F$1 -> 43.294432
B28: 1.5mm² x 3 core Cu/PVC/SWA/PVC | C28: m
B30: 1.5mm² x 2 pair Dekabon IOS Cable | C30: m | D30: 55 | E30: 56.001735 | F30: =E30*$F$1 -> 59.529844
B32: Electrical Cable Termination Supply & Installation
B34: Termination of cables shall include supply installation and testing of the IP68 CCG glands with corrosion guard , making-off the cable, lugs, and fitting the gland to the board gland plate, switchgear or appliance and final connection of cable tails into board or terminals. Include for Reducing Glands and shrouds where applicable. All exposed conductors to be tinned.
B36: 35mm² x 4C PVC/SWA + 25mm² x 1C Green insulated earth wire | C36: Item | D36: 900 | E36: 916.39202 | F36: =E36*$F$1 -> 974.12472
B38: 2.5mm² x 4C PVC/SWA ECC | C38: Item | D38: 250 | E38: 254.55334 | F38: =E38*$F$1 -> 270.5902
B39: Extra over cost for Zone 1, IIA, T3 Exd/e gland with corrosion guard | C39: Item | D39: 100 | E39: 101.82134 | F39: =E39*$F$1 -> 108.23608
B41: 2.5mm² x 3C PVC/SWA | C41: Item | D41: 250 | E41: 254.55334 | F41: =E41*$F$1 -> 270.5902
B42: Extra over cost for Zone 1, IIA, T3 Exd/e gland with corrosion guard | C42: Item | D42: 100 | E42: 101.82134 | F42: =E42*$F$1 -> 108.23608
B44: 2.5mm² x 3C PVC | C44: Item | D44: 250 | E44: 254.55334 | F44: =E44*$F$1 -> 270.5902
B45: Extra over cost for Zone 1, IIA, T3 Exd/e gland with corrosion guard | C45: Item | D45: 100 | E45: 101.82134 | F45: =E45*$F$1 -> 108.23608
B47: 150mm² x 3c 11kV Cu PILC Cable Termination on MV Switch | C47: Item | D47: 8900 | E47: 9062.0989 | F47: =E47*$F$1 -> 9633.0111
B49: 150mm² x 3c 11kV Cu PILC Cable Joint | C49: Item | D49: 9500 | E49: 9673.0269 | F49: =E49*$F$1 -> 10282.428
B52: Instrumentation Cable Termination Supply & Installation
B53: Install and terminate the following Dekabon cables with copper conductors (600/1000V grade) to SANS 1507 as specified.
B55: =B26 -> 0.5mm² x 2 pair Dekabon IOS Cable | C55: Item | D55: 500 | E55: 509.10668 | F55: =E55*$F$1 -> 541.1804
B57: =B30 -> 1.5mm² x 2 pair Dekabon IOS Cable | C57: Item | D57: 500 | E57: 509.10668 | F57: =E57*$F$1 -> 541.1804
B59: CABLE TRAY / SUPPORT SYSTEM SUPPLY AND INSTALLATION
B61: Supply and install medium duty 304L stainless steel cable tray as described below including all splices, bonding straps, nuts, bolts and any other clamp or support bracket required for the installation of the cable tray.
B63: 114mm straight length | C63: m | D63: =446*1.1*1.1 -> 539.66 | E63: 549.48902 | F63: =E63*$F$1 -> 584.10683
B65: 114mm internal bend | C65: Item | D65: =580*1.1*1.1 -> 701.8 | E65: 714.58213 | F65: =E65*$F$1 -> 759.60081
B67: 114mm external bend | C67: Item | D67: =D65 -> 701.8 | E67: 714.58213 | F67: =E67*$F$1 -> 759.60081
B69: 114mm tee section | C69: Item | D69: =1250*1.1*1.1 -> 1512.5 | E69: 1540.0477 | F69: =E69*$F$1 -> 1637.0707
B71: 304mm straight length | C71: m | D71: =833*1.1*1.1 -> 1007.93 | E71: 1026.2878 | F71: =E71*$F$1 -> 1090.9439
B73: 304mm internal bend | C73: Item | D73: =1250*1.1*1.2 -> 1650 | E73: 1680.052 | F73: =E73*$F$1 -> 1785.8953
B75: 304mm external bend | C75: Item | D75: =900*1.1*1.1 -> 1089 | E75: 1108.8343 | F75: =E75*$F$1 -> 1178.6909
B77: 304mm tee | C77: Item | D77: =3180*1.1*1.1 -> 3847.8 | E77: 3917.8814 | F77: =E77*$F$1 -> 4164.7079
B79: 609mm straight length | C79: m | D79: =2303*1.1*1.1 -> 2786.63 | E79: 2837.3839 | F79: =E79*$F$1 -> 3016.1391
B81: 609mm internal bend | C81: Item | D81: =2750*1.1*1.1 -> 3327.5 | E81: 3388.1049 | F81: =E81*$F$1 -> 3601.5556
B83: 609mm external bend | C83: Item | D83: =1470*1.1*1.1 -> 1778.7 | E83: 1811.0961 | F83: =E83*$F$1 -> 1925.1952
B85: 609mm tee | C85: Item | D85: =4210*1.1*1.1 -> 5094.1 | E85: 5186.8807 | F85: =E85*$F$1 -> 5513.6541
B87: Supply and install 40 x 40 x 5mm 304L stainless steel angle iron support complete with all required fixings, floor mounting brackets and any other accessory required to complete the installation. | C87: Item | D87: 3000 | E87: 3054.6401 | F87: =E87*$F$1 -> 3247.0824
B89: 20mm galvanised recessed conduit | C89: m | D89: 50 | E89: 50.910668 | F89: =E89*$F$1 -> 54.11804
B91: 50mm diameter- 4-way flush mounted conduit boxes | C91: Item | D91: 40 | E91: 40.728534 | F91: =E91*$F$1 -> 43.294432
B93: EQUIPMENT SUPPLY AND INSTALLATION
B94: Supply and install as described below. Rate to allow for all nuts, bolts and any other fixing materials required for the completion of the installation.
B96: Type A - 1200mm long, Zone 1, IIA, T3 IP66 rated light fitting with clear flame retardant uv stabilised polycarbonate diffuser and glass reinforced polyester body with 2 x 28w 4000K LED, surge protection & Exe cable glands (Magnitech Bay - Q LED). | C96: Item | D96: =7493*1.1*1.1 -> 9066.53 | E96: 9231.6619 | F96: =E96*$F$1 -> 9813.2566
B98: Type A (E) - As Above but with maintained self testing battery back-up of 20% output for 60 minutes. | C98: Item | D98: =12493*1.1*1.1 -> 15116.53 | E98: 15391.853 | F98: =E98*$F$1 -> 16361.539
B100: Type B - Aluminium Body with glass diffuser bulkhead with 1x36W 4000K LED with surge protection - Beka LED Nova. | C100: Item | D100: =2350*1.1*1.1 -> 2843.5 | E100: 2895.2897 | F100: =E100*$F$1 -> 3077.6929
B102: Type EXIT - Zone 1, IIA, T3 Ex e non-maintained self testing battery back-up for 60 minutes: Krause Hinds. | C102: Item | D102: 5000 | E102: 5091.0668 | F102: =E102*$F$1 -> 5411.804
B104: Supply and install rated IP68 round connection box (CCG with corrosion guard) complete with internal din rail and suitably sized terminals required for connections.
B106: 4 Way round connection box, size 0 | C106: Item | D106: =403*1.4 -> 564.2 | E106: 574.47598 | F106: =E106*$F$1 -> 610.66796
B107: 4 Way round connection box, size 0 - Zone 1, IIA, T3 Ex e | C107: Item | D107: =800*1.4 -> 1120 | E107: 1140.399 | F107: =E107*$F$1 -> 1212.2441
B109: IP65 rated Normal single 16A, 230V, 3 pin, SSO complete with surface box and fittings. | C109: Item | D109: 750 | E109: 763.66002 | F109: =E109*$F$1 -> 811.7706
B111: 1 Lever, 1 way 16A light switch complete with surface box and fittings. | C111: Item | D111: 150 | E111: 152.732 | F111: =E111*$F$1 -> 162.35412
B112: Extra over for Zone 1, IIA, T3 Ex e rated - Type Ceag EXB | C112: Item | D112: 1500 | E112: 1527.32 | F112: =E112*$F$1 -> 1623.5412
B114: Zone 1, IIA, T3 Ex e rated rated Occupancy Sensor | C114: Item | D114: 5500 | E114: 5600.1735 | F114: =E114*$F$1 -> 5952.9844
B116: Royce Thompson photo electric cell. | C116: Item | D116: 550 | E116: 560.01735 | F116: =E116*$F$1 -> 595.29844
B118: Zone 1, IIA, T3 Ex e rated 40mm diameter mushroom head "Twist to Release" emergency stop unit : Type Ceag EXB | C118: Item | D118: 5000 | E118: 5091.0668 | F118: =E118*$F$1 -> 5411.804
B120: Zone 1, IIA, T3 Ex e rated start/stop stations: Type Ceag EXB | C120: Item | D120: 6500 | E120: 6618.3868 | F120: =E120*$F$1 -> 7035.3452
B122: Zone 1, IIA, T3 Ex e rated rated three pole 32A isolator: Type Ceag EXB | C122: Item | D122: 9000 | E122: 9163.9202 | F122: =E122*$F$1 -> 9741.2472
B124: Zone 1, IIA, T3 Ex e rated two pole 32A isolator: Type Ceag EXB | C124: Item | D124: 8000 | E124: 8145.7069 | F124: =E124*$F$1 -> 8658.8864
B127: INSTRUMENTATION
B128: Design, supply, delivery to site, installation according to manufacturer specifications and commissioning of a Dräger PIR 7000 type 334 (NPT) HART complete set 6813030 with Ex d junction box (made of aluminum), splash guard, status indicator and mounting set, already pre-assembled and output signal of 4-20mA analog output and 24V Relay outputs. Rate to allow for all stainless steel mounting brackets and fixings required for installation, including splash guard, alarm, warning light and gland reducer. Rate to allow for alarm sound / Flash. Instruments to be intrinsically safe. | C128: Item | D128: 19625 | E128: 19982.437 | F128: =E128*$F$1 -> 21241.331
B129: Refer to Drager regarding Control System Technical Manual.
B131: Magnetic wand 4544101 348 | D131: 334.43 | E131: 340.52109 | F131: =E131*$F$1 -> 361.97392
B133: Dräger REGARD 2400 SC00014 382 | D133: 10000 | E133: 10182.134 | F133: =E133*$F$1 -> 10823.608
B135: Internal converter module SE Ex SC00016 | D135: 1600 | E135: 1629.1414 | F135: =E135*$F$1 -> 1731.7773
B137: SA00075 Strobe Light-Siren-Red-220V | D137: 1995 | E137: 2031.3356 | F137: =E137*$F$1 -> 2159.3098
B139: Commission gas detectors and control systems. | D139: 950 | E139: 967.30269 | F139: =E139*$F$1 -> 1028.2428
B141: Glands | D141: 230 | E141: 234.18907 | F141: =E141*$F$1 -> 248.94298
B143: EARTHING AND LIGHTNING PROTECTION
B145: Design, supply, install and commission a complete lightning protection system as required by SANS codes of practice. Earthing system components are estimated below. Rate to include all mounting clips, nuts, bolts, connections, exothermic welding and any other fixing materials required. | C145: Item | D145: 8000 | E145: 8145.7069 | F145: =E145*$F$1 -> 8658.8864
B147: Allow for the execution of a soil resistivity survey and for the preparation of drawings to be used for earthing and protection against lighting and "As Built Drawings" (This installation must be undertaken by a specialist Sub-contractor). | C147: Item | D147: 5000 | E147: 5091.0668 | F147: =E147*$F$1 -> 5411.804
B149: 1 Ohm Earthing System. Include 300mm x 50mm x 10mm earth bar on insulators and sundry materials and connections / terminations. | C149: Item | D149: 10000 | E149: 10182.134 | F149: =E149*$F$1 -> 10823.608
B151: 3 Ohm separate Earthing for Instrumentation including 300mm x 50mm x 10mm earth bar on insulators. Include: For sundry materials and connections / terminations. | C151: Item | D151: 8000 | E151: 8145.7069 | F151: =E151*$F$1 -> 8658.8864
B153: Bonding of all steel items in accordance with SANS 10142-1 including steel pipes, equipment, cable trays, supports, handrails, steel doors etc. | C153: Item | D153: 5000 | E153: 5091.0668 | F153: =E153*$F$1 -> 5411.804
B155: 70mm² insulated stranded copper earth conductor. | C155: m | D155: 105 | E155: 106.9124 | F155: =E155*$F$1 -> 113.64788
B157: Termination including tinned lugs, washers, nuts and bolts. All exposed connections to be taped with Denso tape. | C157: Item | D157: 200 | E157: 203.64267 | F157: =E157*$F$1 -> 216.47216
B160: 70mm² insulated stranded copper conductor in galvanised conduit. | C160: m | D160: 105 | E160: 106.9124 | F160: =E160*$F$1 -> 113.64788
B162: 250 micron Copper plated earth electrode, 16mm diameter, 1.8m long. | C162: Item | D162: 1200 | E162: 1221.856 | F162: =E162*$F$1 -> 1298.833
B165: Site Installation, Testing and Commisioning. | C165: Item | D165: 3000 | E165: 3054.6401 | F165: =E165*$F$1 -> 3247.0824
B167: As Built Drawings, O&M Manuals, Training of Employer's Staff. | C167: Item | D167: 2000 | E167: 2036.4267 | F167: =E167*$F$1 -> 2164.7216
B169: MISCELLANEOUS
B171: Supply and install 5 in 1 electrical safety signage as required by regulations. Rate to allow for all fixing materials. | C171: Item | D171: 750 | E171: 763.66002 | F171: =E171*$F$1 -> 811.7706
B173: Supply and install Room labels. Rate to allow for 100 x 400 white PVC board with black lettering. | C173: Item | D173: 500 | E173: 509.10668 | F173: =E173*$F$1 -> 541.1804
B175: Sum for Master Electrician to review the electrical design and make recommendations if necessary. | C175: Item | D175: 10000 | E175: 10182.134 | F175: =E175*$F$1 -> 10823.608
B177: Certificates of partial compliance and final compliance as required (COC) of the MCC and entire Electrical installation including zoned areas by a currently registered Master Installation Electrician. | C177: Item | D177: 15000 | E177: 15273.2 | F177: =E177*$F$1 -> 16235.412
B179: Commissioning of complete installation including all small power and lighting, earthing protection, MCC's and instrumentation system. | C179: Item | D179: 10000 | E179: 10182.134 | F179: =E179*$F$1 -> 10823.608
B181: Compilation of Hand Over documents including all "AS BUILT" drawings, calibration sheets, loop drawings and hook up drawings, operation manuals and commissioning certificates. | C181: Item | D181: 5000 | E181: 5091.0668 | F181: =E181*$F$1 -> 5411.804
B183: Electrical and instrumentation training for all equipment supplied and installed. | C183: Item | D183: 5000 | E183: 5091.0668 | F183: =E183*$F$1 -> 5411.804
B185: Fire proofing and sealing of all cable entries after cable testing. This work is to be undertaken by specialists with materials tested in accordance with SANS 10177 Part II and achieved a rating of 120 minutes. All certificates shall be provided. Type Pyrocote mineral wool with KBS® panel seal ABL fire and water resistant coating to ensure a smoke and gas tight seal | C185: Item | D185: 15000 | E185: 15273.2 | F185: =E185*$F$1 -> 16235.412
B187: Conduct a 7 day minimum electrical load assessment using Fluke Data Logger or equally approved instrument. | C187: Item | D187: 10000 | E187: 10182.134 | F187: =E187*$F$1 -> 10823.608
B189: EH&S + ACSA permits | C189: Item | D189: 16000 | E189: 16291.414 | F189: =E189*$F$1 -> 17317.773
B191: Scaffolding | C191: Item | D191: 20000 | E191: 20364.267 | F191: =E191*$F$1 -> 21647.216
B193: FIRE DETECTION
...

Sheet Project Summary
B13: CAPEX PROJECT SUMMARY
B15: FILL IN ONLY THE GREEN BOXES
G17: Regulatory Category
G18: New Capacity
B20: Project Programme
E21: EIA | G21: Start Date | H21: End Date
B22: Please note that the programme dates and total capital cost boxes; are linked to the programme dates and cost you will be required to fill in on the estimate sheet | G22: ='Estimate Example'!D38 -> 42400 | H22: ='Estimate Example'!G38 -> 42400
E24: Design & Construction | G24: Start Date | H24: End Date
G25: ='Estimate Example'!D41 -> 42401 | H25: ='Estimate Example'!G42 -> 45657
B27: Total Capital Cost (excluding VAT) | G27: ='Estimate Example'!I87 -> 5546574
B31: Project Description & Motivation
K41: Page 13
K42: Back to Contents
A47: New Capacity
A48: Efficiency Consideration/Technology
A49: Replacement and Refurbishment
A50: Statutory & Compliance

Sheet List

Sheet Cost Programming
B14: Project Cost | C14: ='Estimate Example'!I81 -> 5296713
B15: Pre Tender Escalation | C15: =E36*C14 -> -34308.555
B16: Post Tender Escalation | C16: =(C14+C15)*E37 *0.6 -> 221613.42
B17: TOTAL PROJECT COST | C17: =SUM(C14:C16)+'Estimate Example'!I62 -> 5484017.9
B19: PROJECT PROGRAMME
B24: Commencement Date (1st of) | D24: ='Estimate Example'!D36 -> 43862
B25: Concept Design Period | C25: ='Estimate Example'!C37 -> 3 | D25: =D24 -> 43862 | G25: =EOMONTH(D25,C25-1) -> 43951 | J25: Capex Approved
B26: Basic Assessment | C26: ='Estimate Example'!C38 -> 1 | D26: =G25 -> 43951 | G26: =EOMONTH(D26,C26-1) -> 43951
B29: Design Development Period | C29: ='Estimate Example'!C41 -> 4 | D29: =G25+1 -> 43952 | G29: =EOMONTH(D29,C29-1) -> 44074 | J29: Tender Awarded
B30: Construction Period | C30: ='Estimate Example'!C42 -> 20 | D30: =IF(G26>=G29,G26,G29)+30 -> 44104 | G30: =EOMONTH(D30,C30-1) -> 44681
D31: =G30 -> 44681
C33: Beginning | D33: End | E33: % | F33: Months
A34: Estimate Date | B34: =D24 -> 43862 | C34: =D24 -> 43862 | D34: =G29 -> 44074
C35: =D30+30 -> 44134 | D35: =G30 -> 44681
B36: Pre Tender Indices (BER) | C36: ='Estimate Example'!C48 -> 200.7 | D36: ='Estimate Example'!D48 -> 199.4 | E36: =(D36/C36-1) -> -0.0064773293 | F36: ='Estimate Example'!C41 -> 4
B37: Post Tender Indices( Haylett) | C37: ='Estimate Example'!C49 -> 143.9 | D37: ='Estimate Example'!D49 -> 154 | E37: =(D37/C37-1) -> 0.07018763 | F37: ='Estimate Example'!C42 -> 20
B38: PPI Mech & Elec
L42: Page 13
K43: Back to Contents

Sheet Indices 
A1: ACSA PROJECT MANAGEMENT
A2: PROJECT BACK-UP INFORMATION-INFRASTRUCTURE
A3: INDICES | G3: Updated: Fourth Quarter 2021
A6: YEAR | B6: MONTH | C6: DATE | F6: MFA BER Pre-Tender Indices | G6: MFA HAYLETT Post-Tender Indices
A8: 2009 | B8: 39844 | C8: 39844 | F8: 145 | G8: 375.7
B9: 39872 | C9: 39872 | F9: 138.7 | G9: 377.4
B10: 39903 | C10: 39903 | F10: 142.8 | G10: 379.2
B11: 39933 | C11: 39933 | F11: 146.9 | G11: 378.3
B12: 39964 | C12: 39964 | F12: 151 | G12: 375.8
B13: 39994 | C13: 39994 | F13: 147.6 | G13: 376
B14: 40025 | C14: 40025 | F14: 144.3 | G14: 381.4
B15: 40056 | C15: 40056 | F15: 140.9 | G15: 382.4
B16: 40086 | C16: 40086 | F16: 142.5 | G16: 384.1
B17: 40117 | C17: 40117 | F17: 144 | G17: 382.8
B18: 40147 | C18: 40147 | F18: 145.6 | G18: 382.9
B19: 40178 | C19: 40178 | F19: 145.6 | G19: 383.5
A20: 2010 | B20: 40209 | C20: 40209 | F20: 145.7 | G20: 386
B21: 40237 | C21: 40237 | F21: 145.7 | G21: 388.2
B22: 40268 | C22: 40268 | F22: 145.4 | G22: 389.5
B23: 40298 | C23: 40298 | F23: 145.1 | G23: 390.8
B24: 40329 | C24: 40329 | F24: 144.8 | G24: 395.1
B25: 40359 | C25: 40359 | F25: 143.9 | G25: 396.1
B26: 40390 | C26: 40390 | F26: 142.9 | G26: 395.4
B27: 40421 | C27: 40421 | F27: 142 | G27: 394.2
B28: 40451 | C28: 40451 | F28: 142.1 | G28: 394.5
B29: 40482 | C29: 40482 | F29: 142.3 | G29: 395.7
B30: 40512 | C30: 40512 | F30: 142.4 | G30: 396.5
B31: 40543 | C31: 40543 | F31: 141.9 | G31: 397.5
A32: 2011 | B32: 40574 | C32: 40574 | F32: 141.3 | G32: 400.5
B33: 40602 | C33: 40602 | F33: 140.8 | G33: 405.5
B34: 40633 | C34: 40633 | F34: 143.6 | G34: 410.8
B35: 40663 | C35: 40663 | F35: 146.4 | G35: 412.3
B36: 40694 | C36: 40694 | F36: 149.2 | G36: 412
B37: 40724 | C37: 40724 | F37: 148.7 | G37: 413.4
B38: 40755 | C38: 40755 | F38: 148.3 | G38: 419.2
B39: 40786 | C39: 40786 | F39: 147.8 | G39: 420.7
B40: 40816 | C40: 40816 | F40: 150.8 | G40: 422.6
B41: 40847 | C41: 40847 | F41: 153.7 | G41: 424.3
B42: 40877 | C42: 40877 | F42: 156.7 | G42: 427
B43: 40908 | C43: 40908 | F43: 156.2 | G43: 428
A44: 2012 | B44: 40939 | C44: 40939 | F44: 154.4 | G44: 429.3
B45: 40968 | C45: 40968 | F45: 153.3 | G45: 433.7
B46: 40999 | C46: 40999 | F46: 154.2 | G46: 435.7
B47: 41029 | C47: 41029 | F47: 155.2 | G47: 437.5
B48: 41060 | C48: 41060 | F48: 156.1 | G48: 438.6
B49: 41090 | C49: 41090 | F49: 157.9 | G49: 439.5
B50: 41121 | C50: 41121 | F50: 159.6 | G50: 443.4
B51: 41152 | C51: 41152 | F51: 161.4 | G51: 443
B52: 41182 | C52: 41182 | F52: 162.6 | G52: 444.3
B53: 41213 | C53: 41213 | F53: 163.7 | G53: 445.2
B54: 41243 | C54: 41243 | F54: 164.9 | G54: 446.8
B55: 41274 | C55: 41274 | F55: 166.6 | G55: 448.1
A56: 2013 | B56: 41305 | C56: 41305 | F56: 169 | G56: 452.4
B57: 41333 | C57: 41333 | F57: 171 | G57: 456
B58: 41364 | C58: 41364 | F58: 169.2 | G58: 460.9
B59: 41394 | C59: 41394 | F59: 167.5 | G59: 464.1
B60: 41425 | C60: 41425 | F60: 165.7 | G60: 463.3
B61: 41455 | C61: 41455 | F61: 168.2 | G61: 465.2
B62: 41486 | C62: 41486 | F62: 170.8 | G62: 471.5
B63: 41517 | C63: 41517 | F63: 173.3 | G63: 472.9
B64: 41547 | C64: 41547 | F64: 172.8 | G64: 475.5
B65: 41578 | C65: 41578 | F65: 172.3 | G65: 476.8
B66: 41608 | C66: 41608 | F66: 171.8 | G66: 477.2
B67: 41639 | C67: 41639 | F67: 174.3 | G67: 478.2
A68: 2014 | B68: 41670 | C68: 41670 | F68: 176.7 | G68: 482.5
B69: 41698 | C69: 41698 | F69: 179.2** | G69: 490.6
B70: 41729 | C70: 41729 | F70: 181.7 | G70: 495.4
B71: 41759 | C71: 41759 | F71: 184.1 | G71: 495.1
B72: 41790 | C72: 41790 | F72: 186.6 | G72: 495.7
B73: 41820 | C73: 41820 | F73: 188.1 | G73: 497.3
B74: 41851 | C74: 41851 | F74: 189.7 | G74: 502.5
B75: 41882 | C75: 41882 | F75: 191.2 | G75: 504.6
B76: 41912 | C76: 41912 | F76: 192.2 | G76: 505.5
B77: 41943 | C77: 41943 | F77: 193.1 | G77: 507.6
B78: 41973 | C78: 41973 | F78: 194.1 | G78: 507.3
B79: 42004 | C79: 42004 | F79: 195.6 | G79: 506.6
A80: 2015 | B80: 42035 | C80: 42035 | F80: 196.9 | G80: 506.7
B81: 42063 | C81: 42063 | F81: 198.2 | G81: 505.6
B82: 42094 | C82: 42094 | F82: 195.9 | G82: 508.2
B83: 42124 | C83: 42124 | F83: 193.5 | G83: 510.3
B84: 42155 | C84: 42155 | F84: 191.2 | G84: 510.3
B85: 42185 | C85: 42185 | F85: 192.4 | G85: 511.7
B86: 42216 | C86: 42216 | F86: 193.6 | G86: 514.9
B87: 42247 | C87: 42247 | F87: 194.8 | G87: 512.8
B88: 42277 | C88: 42277 | F88: 194.4 | G88: 512.3
B89: 42308 | C89: 42308 | F89: 194.1 | G89: 515.3
B90: 42338 | C90: 42338 | F90: 193.7 | G90: 515.5
B91: 42369 | C91: 42369 | F91: 196 | G91: 515.9
A92: 2016 | B92: 42400 | C92: 42400 | F92: 198.4 | G92: 521.5
B93: 42429 | C93: 42429 | F93: 200.7 | G93: 531.8
B94: 42460 | C94: 42460 | F94: 200.3 | G94: 533
B95: 42490 | C95: 42490 | F95: 199.8 | G95: 538.5
B96: 42521 | C96: 42521 | F96: 199.4 | G96: 544.7
B97: 42551 | C97: 42551 | F97: 200.9 | G97: 546.9
B98: 42582 | C98: 42582 | F98: 202.5 | G98: 551.9
B99: 42613 | C99: 42613 | F99: 4 | G99: 553.3
B100: 42643 | C100: 42643 | F100: 205.7 | G100: 557.3
B101: 42674 | C101: 42674 | F101: 207.3 | G101: 559.1
B102: 42704 | C102: 42704 | F102: 209 | G102: 560.4
B103: 42735 | C103: 42735 | F103: 210.3 | G103: 561.2
...

Sheet Estimate Example
O6: COMMERCIALISATION AND INFRASTRUCTURE DEVELOPMENT MANAGEMENT
O7: EAM PROJECTS
B8: FILL IN ONLY THE GREY BOXES | O8: EAS
O9: FLEET MANAGEMENT
B10: ORACLE NUMBER | C10: 5136 | O10: PROJECT PROTFOLIO MANAGEMENT
O11: SECURITY SERVICES MANAGEMENT
B12: PROJECT NAME/DESCRIPTION | C12: HOTEL TAXIWAY | O12: SERVICE DEVELOPMENT MANAGEMENT
B14: SITE / AIRPORT | C14: CAPE TOWN INTERNATIONAL AIRPORT
B16: FUNCTIONAL DIVISION (OWNER) | C16: EAM PROJECTS
B18: PMO (EXECUTOR) | C18: MECHANICAL PROJECTS
B20: PROJECT MANAGER/ ENGINEER | C20: AWELANI NETSHIVHANGONI
B24: PROJECT SCOPE
B26: Hotel taxi way inclusive of the following disciplines: 1) Civil works 2) Electrical works 3) Mechanical installations 4) Structural works 7) Technology upgrades & controls (i.e.: BMS,Sensors) Project includes installationof new track, temporary platform for aircraft to pass on during construction , focusing on reliability and compliance items. A comprehensive condition assesment needs to be conducted at the beginning of the project. Motor tripping on start up on gate close to Fire station, repeatedly. Old parts being replaced as they fail, rendering the gate unreliable.These facilities require urgent replacement. The proposed replacement will reduce operational costs and improve safety and compliance. Mechanical Maintenance Department seeks to replace the hotel taxiway throughout at Cape Town International Airport. The current design is too heavy making the maintenance of the gate difficult e and are unreliable. This has led togatefailing open for long periods with visotr accidently crossing the into the runaway and introducers freeely accessing the airside.This has also been an audit fidning. which can lead negative impact on ACSA’s reputation which could in turn negatively affect the business. The project also seeks to address the safety and security.
B33: PROJECT PROGRAMME
B36: Commencement Date (1st of) | D36: 43862 | J36: Aligned to your project charter
B37: Concept Design Period: | C37: 3 | D37: 42309 | G37: =EOMONTH(D37,C37-1) -> 42400 | J37: Capex Approved
B38: Basic Assessment/Stage 1 Report: | C38: 1 | D38: =G37 -> 42400 | G38: =EOMONTH(D38,C38-1) -> 42400 | J38: Only pojects with enviromental studies, i.e. EIA, etc
B41: Design Development Period (up to contract award): | C41: 4 | D41: =G37+1 -> 42401 | G41: =EOMONTH(D41,C41-1) -> 42521 | J41: Tender Awarded
B42: Construction Period: | C42: 20 | D42: 45047 | G42: =EOMONTH(D42,C42-1) -> 45657 | J42: Construction commencement
D43: =G42 -> 45657
C45: Beginning | D45: End | E45: % | F45: Months
B46: Pre tender Programme: | C46: 44608 | D46: ='Indices '!C147 -> 44074 | F46: 7 | G46: Project Brief Signed
B47: Post tender Programme: | C47: 45047 | D47: ='Indices '!C167 -> 44681 | F47: 20
B48: Pre Tender Indices (BER): | C48: 200.7 | D48: 199.4 | E48: =(D48/C48-1) -> -0.0064773293
B49: Post Tender Indices( Haylett): | C49: 143.9 | D49: 154 | E49: =(D49/C49-1) -> 0.07018763 | G49: Tender Submission
B50: PPI Mech & Elec: | C50: 0 | D50: 0 | E50: 0.35 | F50: 0
B52: PROJECT COST
B54: Base Date of Estimate Rates | C54: 42323
B55: Date when estimate was prepared | C55: 44743 | L55: Aportioning
B58: ITEMS | E58: QUANTITY | F58: UOM | G58: RATE | I58: AMOUNT | K58: ITEMS | N58: QUANTITY | O58: UOM | P58: RATE | R58: AMOUNT
B59: EIA Process | E59: 1 | F59: Sum | G59: 0 | I59: =E59*G59 -> 0 | K59: EIA Process | N59: 1 | O59: Sum | P59: 0 | R59: 0
B60: Geotechnical | I60: =E60*G60 -> 0 | K60: Geotechnical | R60: 0
B62: SUB-TOTAL | I62: =SUM(I59:I61) -> 0 | K62: SUB-TOTAL | R62: 0
B63: Mechanical Works (New) rates excluding P&G, Contingency, Fees & Disbursments | E63: 1 | F63: EA | G63: 1793010 | I63: =ROUNDUP(E63*G63,0) -> 1793010 | K63: Mechanical Works (New) rates excluding P&G, Contingency, Fees & Disbursments | N63: 1 | O63: EA | P63: 1893212.5 | R63: 1893213 | Y63: value I want to get | Z63: 1793010 | AA63: value I want to change
B64: P&G on Mechanical Works | G64: 0.1 | I64: =ROUNDUP(I63*G64,0) -> 179301 | K64: P&G on Mechanical Works | P64: 0.1 | R64: 189322 | T64: =R63+R64 -> 2082535 | W64: =T64/$R$74 -> 0.48537796 | Y64: =W64*W74 -> 1972310.9 | Z64: =0.1*Z63 -> 179301
Z65: =Z63+Z64 -> 1972311
B67: Controls Work rates excluding P&G, Contingency, Fees & Disbursments | E67: 1 | F67: sum | G67: 1320035 | I67: =ROUNDUP(E67*G67,0) -> 1320035 | K67: Controls Work rates excluding P&G, Contingency, Fees & Disbursments | N67: 1 | O67: sum | P67: 1393805.2 | R67: 1393806 | Z67: 1320035.5
B68: P&G on Electrical works | G68: 0.1 | I68: =ROUNDUP(I67*G68,0) -> 132004 | K68: P&G on Electrical works | P68: 0.1 | R68: 139381 | T68: =R67+R68 -> 1533187 | W68: =T68/$R$74 -> 0.35734102 | Y68: =W68*W74 -> 1452038.7 | Z68: =10%*Z67 -> 132003.55
Z69: =Z67+Z68 -> 1452039
B71: Electrical works | E71: 1 | F71: ea | G71: 639104.1 | I71: =ROUNDUP(E71*G71,0) -> 639105 | K71: Electrical works | N71: 1 | O71: ea | P71: 674820.78 | R71: 674821
T72: =R71+R72 -> 674821 | W72: =T72/$R$74 -> 0.15728102 | Y72: =W72*W74 -> 639104.17
B74: SUB-TOTAL | I74: 4063453.7 | J74: =SUM(I63:I73) -> 4063455 | K74: SUB-TOTAL | R74: =SUM(R63:R73) -> 4290543 | W74: =I74 -> 4063453.7
B75: Contingencies | G75: =Assumptions!D19 -> 0.1 | I75: =ROUNDUP($G$75*$I$74,0) -> 406346
B76: SUB-TOTAL | I76: =ROUNDUP(SUM(I74:I75),0) -> 4469800
B77: Proffesional Fees (including Disbursements & supervision) Kick off fees | G77: 0.16 | I77: =I76*G77 -> 715168
B78: ACSA Umbrella Insurance | G78: 0.025 | I78: =ROUNDUP(I76*G78,0) -> 111745
B79: ACSA Direct Costs (marketing, temp accomodation etc)
B80: Foreex Adjustment | I80: 0
B81: SUB-TOTAL | I81: =ROUNDUP(SUM(I76:I80),0) -> 5296713
B82: Pre-Construction Escalation | C82: BER | G82: =E48 -> -0.0064773293 | I82: =ROUNDUP(I81*G82,0) -> -34309
B83: SUB-TOTAL | I83: =ROUNDUP(SUM(I81:I82),0) -> 5262404
F84: If Mechanical /Electrical work in nature change forumlar in cell G79 to E46
B85: =B50 -> PPI Mech & Elec: | C85: PPI | G85: 0.09 | H85: 0.6 | I85: =ROUNDUP(I83*G85*H85,0) -> 284170
B86: SUB-TOTAL | I86: =ROUNDUP(SUM(I83:I85),0) -> 5546574
B87: TOTAL PROJECT COST | I87: =ROUNDUP(I86+I62,0) -> 5546574 | J87: 5546573.9
B89: EXCLUSIONS
B90: VAT | E90: Prof Fees
E91: =B59 -> EIA Process | H91: =$I$59 -> 0
E92: Proff Fees total | H92: =$I$77 -> 715168 | I92: =I76+I78+I80+I82+I85+H95 -> 5188990 | Y92: =J94-H92 -> 4831406
E93: =B37 -> Concept Design Period: | G93: 0.15 | H93: =($H$92*$G$93) -> 107275.2 | I93: =$H$91+$H$93+$H$94 -> 357584
E94: =B41 -> Design Development Period (up to contract award): | G94: 0.35 | H94: =$H$92*$G$94 -> 250308.8 | I94: =ROUND(SUM(I92:I93),0) -> 5546574 | J94: =I94 -> 5546574
E95: =B42 -> Construction Period: | G95: 0.5 | H95: =$H$92*$G$95 -> 357584 | I95: =I94=Cashflow!E22 -> TRUE | J95: =J94=J87 -> FALSE
B104: O R TAMBO INTERNATIONAL AIRPORT
B105: CAPE TOWN INTERNATIONAL AIRPORT
B106: KING SHAKA INTERNATIONAL AIRPORT
B107: BLOEMFONTEIN AIRPORT
B108: EAST LONDON AIRPORT
B109: GEORGE AIRPORT
B110: PORT ELIZABETH AIRPORT
B111: KIMBERLY AIRPORT
B112: UPINGTON AIRPORT
B115: PROJECTS
B116: ENGINEERING PROJECTS
B117: MAINTANANCE & ENGINEERING
... B125: OTHER

Sheet Cashflow
G17: ANNUAL CASH FLOW PER FINACIAL YEAR
C18: Tender | D18: Compl. | E18: Total | G18: 43191 | H18: =+G19+1 -> 43556 | I18: =+H19+1 -> 43922 | J18: =+I19+1 -> 44287 | K18: =+J19+1 -> 44652 | L18: =+K19+1 -> 45017 | M18: =+L19+1 -> 45383 | N18: =+M19+1 -> 45748 | O18: =+N19+1 -> 46113 | ... S18: =+R19+1 -> 46844
G19: 43555 | H19: 43921 | I19: 44286 | J19: 44651 | K19: 45016 | L19: 45382 | M19: 45747 | N19: 46112 | O19: 46477 | P19: 46843 | Q19: 47208 | R19: =+P19 -> 46843 | S19: =+Q19 -> 47208
B20: Kick-off Fees and EIA | C20: ='Estimate Example'!D37 -> 42309 | D20: ='Estimate Example'!G41 -> 42521 | E20: ='Estimate Example'!I93 -> 357584 | G20: =IF(AND(G19>=$C$20,G19<=$D$20),ROUND($E$20*(1-((1-((G19-$C$20)/($D$20-$C$20)))^1.62203))^1.96337,0),IF(AND(G19>=$C$20,(G19-$D$20)<365),ROUND(D20*(1-((1-(($D$20-$C$20)/($D$20-$C$20)))^1.62203))^1.96337,0),0)) -> 0 | H20: =IF(AND(H19>=$C$20,H19<=$D$20),ROUND($E$20*(1-((1-((H19-$C$20)/($D$20-$C$20)))^1.62203))^1.96337,0),IF(AND(H19>=$C$20,(H19-$D$20)<365),ROUND(E20*(1-((1-(($D$20-$C$20)/($D$20-$C$20)))^1.62203))^1.96337,0),0)) -> 0 | I20: =IF(AND(I19>=$C$20,I19<=$D$20),ROUND($E$20*(1-((1-((I19-$C$20)/($D$20-$C$20)))^1.62203))^1.96337,0),IF(AND(I19>=$C$20,(I19-$D$20)<365),ROUND(F20*(1-((1-(($D$20-$C$20)/($D$20-$C$20)))^1.62203))^1.96337,0),0)) -> 0 | J20: =IF(AND(J19>=$C$20,J19<=$D$20),ROUND($E$20*(1-((1-((J19-$C$20)/($D$20-$C$20)))^1.62203))^1.96337,0),IF(AND(J19>=$C$20,(J19-$D$20)<365),ROUND(G20*(1-((1-(($D$20-$C$20)/($D$20-$C$20)))^1.62203))^1.96337,0),0)) -> 0 | K20: =IF(AND(K19>=$C$20,K19<=$D$20),ROUND($E$20*(1-((1-((K19-$C$20)/($D$20-$C$20)))^1.62203))^1.96337,0),IF(AND(K19>=$C$20,(K19-$D$20)<365),ROUND(H20*(1-((1-(($D$20-$C$20)/($D$20-$C$20)))^1.62203))^1.96337,0),0)) -> 0 | L20: =IF(AND(L19>=$C$20,L19<=$D$20),ROUND($E$20*(1-((1-((L19-$C$20)/($D$20-$C$20)))^1.62203))^1.96337,0),IF(AND(L19>=$C$20,(L19-$D$20)<365),ROUND(I20*(1-((1-(($D$20-$C$20)/($D$20-$C$20)))^1.62203))^1.96337,0),0)) -> 0 | M20: =IF(AND(M19>=$C$20,M19<=$D$20),ROUND($E$20*(1-((1-((M19-$C$20)/($D$20-$C$20)))^1.62203))^1.96337,0),IF(AND(M19>=$C$20,(M19-$D$20)<365),ROUND(J20*(1-((1-(($D$20-$C$20)/($D$20-$C$20)))^1.62203))^1.96337,0),0)) -> 0 | N20: =IF(AND(N19>=$C$20,N19<=$D$20),ROUND($E$20*(1-((1-((N19-$C$20)/($D$20-$C$20)))^1.62203))^1.96337,0),IF(AND(N19>=$C$20,(N19-$D$20)<365),ROUND(K20*(1-((1-(($D$20-$C$20)/($D$20-$C$20)))^1.62203))^1.96337,0),0)) -> 0 | ... S20: =IF(AND(S19>=$C$20,S19<=$D$20),ROUND($E$20*(1-((1-((S19-$C$20)/($D$20-$C$20)))^1.62203))^1.96337,0),IF(AND(S19>=$C$20,(S19-$D$20)<365),ROUND(P20*(1-((1-(($D$20-$C$20)/($D$20-$C$20)))^1.62203))^1.96337,0),0)) -> 0
B21: Construction | C21: ='Estimate Example'!D42 -> 45047 | D21: ='Estimate Example'!G42 -> 45657 | E21: ='Estimate Example'!I92 -> 5188990 | G21: =IF(AND(G19>=$C$21,G19<=$D$21),ROUND($E$21*(1-((1-((G19-$C$21)/($D$21-$C$21)))^1.62203))^1.96337,0),IF(AND(G19>=$C$21,(G19-$D$21)<365),ROUND($E$21*(1-((1-(($D$21-$C$21)/(C21-$C$21)))^1.62203))^1.96337,0),0)) -> 0 | H21: =IF(AND(H19>=$C$21,H19<=$D$21),ROUND($E$21*(1-((1-((H19-$C$21)/($D$21-$C$21)))^1.62203))^1.96337,0),IF(AND(H19>=$C$21,(H19-$D$21)<365),ROUND($E$21*(1-((1-(($D$21-$C$21)/(D21-$C$21)))^1.62203))^1.96337,0),0)) -> 0 | I21: =IF(AND(I19>=$C$21,I19<=$D$21),ROUND($E$21*(1-((1-((I19-$C$21)/($D$21-$C$21)))^1.62203))^1.96337,0),IF(AND(I19>=$C$21,(I19-$D$21)<365),ROUND($E$21*(1-((1-(($D$21-$C$21)/($E$21-$C$21)))^1.62203))^1.96337,0),0)) -> 0 | J21: =IF(AND(J19>=$C$21,J19<=$D$21),ROUND($E$21*(1-((1-((J19-$C$21)/($D$21-$C$21)))^1.62203))^1.96337,0),IF(AND(J19>=$C$21,(J19-$D$21)<365),ROUND($E$21*(1-((1-(($D$21-$C$21)/($E$21-$C$21)))^1.62203))^1.96337,0),0)) -> 0 | K21: =IF(AND(K19>=$C$21,K19<=$D$21),ROUND($E$21*(1-((1-((K19-$C$21)/($D$21-$C$21)))^1.62203))^1.96337,0),IF(AND(K19>=$C$21,(K19-$D$21)<365),ROUND($E$21*(1-((1-(($D$21-$C$21)/($E$21-$C$21)))^1.62203))^1.96337,0),0)) -> 0 | L21: =IF(AND(L19>=$C$21,L19<=$D$21),ROUND($E$21*(1-((1-((L19-$C$21)/($D$21-$C$21)))^1.62203))^1.96337,0),IF(AND(L19>=$C$21,(L19-$D$21)<365),ROUND($E$21*(1-((1-(($D$21-$C$21)/($E$21-$C$21)))^1.62203))^1.96337,0),0)) -> 2762385 | M21: =IF(AND(M19>=$C$21,M19<=$D$21),ROUND($E$21*(1-((1-((M19-$C$21)/($D$21-$C$21)))^1.62203))^1.96337,0),IF(AND(M19>=$C$21,(M19-$D$21)<365),ROUND($E$21*(1-((1-(($D$21-$C$21)/($E$21-$C$21)))^1.62203))^1.96337,0),0)) -> 0 | N21: =IF(AND(N19>=$C$21,N19<=$D$21),ROUND($E$21*(1-((1-((N19-$C$21)/($D$21-$C$21)))^1.62203))^1.96337,0),IF(AND(N19>=$C$21,(N19-$D$21)<365),ROUND($E$21*(1-((1-(($D$21-$C$21)/($E$21-$C$21)))^1.62203))^1.96337,0),0)) -> 0 | O21: =IF(AND(O19>=$C$21,O19<=$D$21),ROUND($E$21*(1-((1-((O19-$C$21)/($D$21-$C$21)))^1.62203))^1.96337,0),IF(AND(O19>=$C$21,(O19-$D$21)<365),ROUND($E$21*(1-((1-(($D$21-$C$21)/($E$21-$C$21)))^1.62203))^1.96337,0),0)) -> 0 | P21: =IF(AND(P19>=$C$21,P19<=$D$21),ROUND($E$21*(1-((1-((P19-$C$21)/($D$21-$C$21)))^1.62203))^1.96337,0),IF(AND(P19>=$C$21,(P19-$D$21)<365),ROUND($E$21*(1-((1-(($D$21-$C$21)/($E$21-$C$21)))^1.62203))^1.96337,0),0)) -> 0 | ... S21: =IF(AND(S19>=$C$21,S19<=$D$21),ROUND($E$21*(1-((1-((S19-$C$21)/($D$21-$C$21)))^1.62203))^1.96337,0),IF(AND(S19>=$C$21,(S19-$D$21)<365),ROUND($E$21*(1-((1-(($D$21-$C$21)/($E$21-$C$21)))^1.62203))^1.96337,0),0)) -> 0
E22: =ROUND(SUM(E20:E21),0) -> 5546574
S26: Page 15
R27: Back to Contents
A43: New Capacity
A44: Efficiency Consideration/Technology
A45: Replacement and Refurbishment
A46: Statutory & Compliance

Sheet S Curve 
A2: NOTES
A3: 1) This spreadsheet is included to provide an indicative cashflow not taking into account any project specific conditions.
A4: 2) The user is required to adjust the cashflow taking into account the conditions/ environment that surrounds their project.
A5: 3) The cashflow on this spreadsheet only takes into account the period when contractor takes occupation of the site till project close out
A7: GENERIC PROFILE OF A PROJECTS CASHFLOW
A8: 1) Initial stage:- R0 profile- allow time for project brief, charter and capex application at the beginning of the project
A9: 2) Planning and design stage:- 20-45% of project capital to be spent at this stage. This stage takes into account that consultants have been appointed to render services to stage 1-3/4. depending on the complexity,
A10: professional services at hand and whether an EIA/BA will be required, the value spent at this stage will sit between allowed percentage. Please note that for engineering
A11: projects at this stage the value is normally higher, engineers and project managers to take cognisance of the project requirements and apply inaccordance.
A12: 3) Construction stage -the remainder excluding 5% of the project cost taking into account initial slow start e.g site establishment then project peak, project plateau and project slow down towards completion
A13: 4) Close out stage- Release the remining 5% after finalisation of close out report including manuals and as built drawings and final completion certificate has been issued
A17: PROJECTED CASHFLOW
A18: BUILDING WORK
A20: Contractual commencement date: | G20: ='Estimate Example'!D42 -> 45047
A21: Contractual completion date: | G21: ='Estimate Example'!G42 -> 45657
A24: Current Contract Value : | D24: ='Estimate Example'!I87 -> 5546574 | G24: Excluding VAT
A25: Contract Period: | D25: =(G21-G20)/30 -> 20.333333 | G25: months
B27: ESTIMATED CASHFLOW | G27: ACTUAL CASHFLOW
A28: Month | B28: Monthly | C28: % | D28: Cumulative | E28: % | G28: Monthly | H28: % | I28: Cumulative | J28: %
A29: 1 | B29: =D29 -> 7614.3536 | C29: =B29/$D$24 -> 0.001372803 | D29: =$D$24*(1-(1-((A29*30)/($D$25*30)))^1.64974)^2.60732 -> 7614.3536 | E29: =D29/$D$24 -> 0.001372803 | H29: =G29/$D$24 -> 0 | I29: =G29 -> 0 | J29: =I29/$D$24 -> 0
A30: =A29+1 -> 2 | B30: =D30-D29 -> 36812.065 | C30: =B30/$D$24 -> 0.0066369014 | D30: =$D$24*(1-(1-((A30*30)/($D$25*30)))^1.64974)^2.60732 -> 44426.418 | E30: =D30/$D$24 -> 0.0080097044 | H30: =G30/$D$24 -> 0 | I30: =I29+G30 -> 0 | J30: =I30/$D$24 -> 0
A31: =A30+1 -> 3 | B31: =D31-D30 -> 77846.958 | C31: =B31/$D$24 -> 0.014035143 | D31: =$D$24*(1-(1-((A31*30)/($D$25*30)))^1.64974)^2.60732 -> 122273.38 | E31: =D31/$D$24 -> 0.022044847 | H31: =G31/$D$24 -> 0 | I31: =I30+G31 -> 0 | J31: =I31/$D$24 -> 0
A32: =A31+1 -> 4 | B32: =D32-D31 -> 124928.12 | C32: =B32/$D$24 -> 0.022523475 | D32: =$D$24*(1-(1-((A32*30)/($D$25*30)))^1.64974)^2.60732 -> 247201.5 | E32: =D32/$D$24 -> 0.044568323 | H32: =G32/$D$24 -> 0 | I32: =I31+G32 -> 0 | J32: =I32/$D$24 -> 0
A33: =A32+1 -> 5 | B33: =D33-D32 -> 174541.28 | C33: =B33/$D$24 -> 0.031468305 | D33: =$D$24*(1-(1-((A33*30)/($D$25*30)))^1.64974)^2.60732 -> 421742.78 | E33: =D33/$D$24 -> 0.076036628 | H33: =G33/$D$24 -> 0 | I33: =I32+G33 -> 0 | J33: =I33/$D$24 -> 0
A34: =A33+1 -> 6 | B34: =D34-D33 -> 224103.86 | C34: =B34/$D$24 -> 0.040404014 | D34: =$D$24*(1-(1-((A34*30)/($D$25*30)))^1.64974)^2.60732 -> 645846.64 | E34: =D34/$D$24 -> 0.11644064 | H34: =G34/$D$24 -> 0 | I34: =I33+G34 -> 0 | J34: =I34/$D$24 -> 0
A35: =A34+1 -> 7 | B35: =D35-D34 -> 271573.54 | C35: =B35/$D$24 -> 0.048962394 | D35: =$D$24*(1-(1-((A35*30)/($D$25*30)))^1.64974)^2.60732 -> 917420.18 | E35: =D35/$D$24 -> 0.16540304 | H35: =G35/$D$24 -> 0 | I35: =I34+G35 -> 0 | J35: =I35/$D$24 -> 0
A36: =A35+1 -> 8 | B36: =D36-D35 -> 315272.09 | C36: =B36/$D$24 -> 0.056840869 | D36: =$D$24*(1-(1-((A36*30)/($D$25*30)))^1.64974)^2.60732 -> 1232692.3 | E36: =D36/$D$24 -> 0.2222439 | H36: =G36/$D$24 -> 0 | I36: =I35+G36 -> 0 | J36: =I36/$D$24 -> 0
A37: =A36+1 -> 9 | B37: =D37-D36 -> 353788.55 | C37: =B37/$D$24 -> 0.06378506 | D37: =$D$24*(1-(1-((A37*30)/($D$25*30)))^1.64974)^2.60732 -> 1586480.8 | E37: =D37/$D$24 -> 0.28602896 | H37: =G37/$D$24 -> 0 | I37: =I36+G37 -> 0 | J37: =I37/$D$24 -> 0
A38: =A37+1 -> 10 | B38: =D38-D37 -> 385918.65 | C38: =B38/$D$24 -> 0.069577843 | D38: =$D$24*(1-(1-((A38*30)/($D$25*30)))^1.64974)^2.60732 -> 1972399.5 | E38: =D38/$D$24 -> 0.35560681 | H38: =G38/$D$24 -> 0 | I38: =I37+G38 -> 0 | J38: =I38/$D$24 -> 0
A39: =A38+1 -> 11 | B39: =D39-D38 -> 410622.09 | C39: =B39/$D$24 -> 0.074031662 | D39: =$D$24*(1-(1-((A39*30)/($D$25*30)))^1.64974)^2.60732 -> 2383021.6 | E39: =D39/$D$24 -> 0.42963847 | H39: =G39/$D$24 -> 0 | I39: =I38+G39 -> 0 | J39: =I39/$D$24 -> 0
A40: =A39+1 -> 12 | B40: =D40-D39 -> 426988.7 | C40: =B40/$D$24 -> 0.076982421 | D40: =$D$24*(1-(1-((A40*30)/($D$25*30)))^1.64974)^2.60732 -> 2810010.3 | E40: =D40/$D$24 -> 0.50662089 | H40: =G40/$D$24 -> 0 | I40: =I39+G40 -> 0 | J40: =I40/$D$24 -> 0
A41: =A40+1 -> 13 | B41: =D41-D40 -> 434207.04 | C41: =B41/$D$24 -> 0.078283828 | D41: =$D$24*(1-(1-((A41*30)/($D$25*30)))^1.64974)^2.60732 -> 3244217.3 | E41: =D41/$D$24 -> 0.58490472 | H41: =G41/$D$24 -> 0 | I41: =I40+G41 -> 0 | J41: =I41/$D$24 -> 0
... A52: =A51+1 -> 24 | B52: =D52-D51 -> #NUM! | C52: =B52/$D$24 -> #NUM! | D52: =$D$24*(1-(1-((A52*30)/($D$25*30)))^1.64974)^2.60732 -> #NUM! | E52: =D52/$D$24 -> #NUM! | H52: =G52/$D$24 -> 0 | I52: =I51+G52 -> 0 | J52: =I52/$D$24 -> 0
A53: =A52+1 -> 25 | C53: =B53/$D$24 -> 0 | E53: =D53/$D$24 -> 0 | H53: =G53/$D$24 -> 0 | I53: =I52+G53 -> 0 | J53: =I53/$D$24 -> 0
A54: =A53+1 -> 26 | C54: =B54/$D$24 -> 0 | E54: =D54/$D$24 -> 0 | H54: =G54/$D$24 -> 0 | I54: =I53+G54 -> 0 | J54: =I54/$D$24 -> 0

Sheet Proj. Programme Example
A1: ORACLE PROJECT NO: 9999 : TERMINAL B REFURBISHMENT
A2: Services | B2: Project Activities | C2: Start Date | F2: Finish Date
C3: Planned | D3: Actual / Forecast | E3: Late | F3: Planned | G3: Actual / Forecast | H3: Late
A4: Consultant (from the panel of consultants) | B4: Project Brief signed | C4: 43684 | D4: =C4 -> 43684 | E4: DD/MM/YYYY | F4: 43708 | G4: =F4 -> 43708 | H4: DD/MM/YYYY
B5: Business Case | C5: =F4+45 -> 43753 | D5: =C5 -> 43753 | F5: =C5 -> 43753 | G5: =F5 -> 43753
B6: Project Charter | C6: 43889 | D6: =C6 -> 43889 | E6: DD/MM/YYYY | F6: =C6+31 -> 43920 | G6: =F6 -> 43920 | H6: DD/MM/YYYY
B7: Capex Approval for Stage 1-4 | C7: =F6+15 -> 43935 | D7: =C7 -> 43935 | E7: DD/MM/YYYY | F7: =C7 -> 43935 | G7: =F7 -> 43935 | H7: DD/MM/YYYY
B8: Formulation CFST | C8: N/A since the panel will be used | G8: =F8 -> 0 | H8: DD/MM/YYYY
B9: Creating Tender Doc | G9: =F9 -> 0 | H9: DD/MM/YYYY
B10: Advertising: Open | G10: =F10 -> 0 | H10: DD/MM/YYYY
B11: Advertising: Close | G11: =F11 -> 0 | H11: DD/MM/YYYY
B12: Evaluation: Start | G12: =F12 -> 0 | H12: DD/MM/YYYY
B13: Evaluation: Finish | G13: =F13 -> 0 | H13: DD/MM/YYYY
B14: Submission to BAC | C14: =F7+31 -> 43966 | D14: =C14 -> 43966 | E14: DD/MM/YYYY | F14: =C14 -> 43966 | G14: =F14 -> 43966 | H14: DD/MM/YYYY
B15: Contract Award | C15: =C14+7 -> 43973 | D15: =C15 -> 43973 | E15: DD/MM/YYYY | F15: =C15 -> 43973 | G15: =F15 -> 43973 | H15: DD/MM/YYYY
B16: Contract Signing | C16: =C15+7 -> 43980 | D16: =C16 -> 43980 | E16: DD/MM/YYYY | F16: =C16 -> 43980 | G16: =F16 -> 43980 | H16: DD/MM/YYYY
B17: As-built drawings | C17: =F16+7 -> 43987 | D17: =C17 -> 43987 | F17: =C17+90 -> 44077 | G17: =F17 -> 44077
B18: Condition assessment | C18: =F17+3 -> 44080 | D18: =C18 -> 44080 | F18: =C18+120 -> 44200 | G18: =F18 -> 44200
B19: Stage 1 Concept report | C19: =F18+3 -> 44203 | D19: =C19 -> 44203 | F19: =C19+90 -> 44293 | G19: =F19 -> 44293
B20: Stage 3 Report | C20: =F19+3 -> 44296 | D20: =C20 -> 44296 | E20: DD/MM/YYYY | F20: =C20+90 -> 44386 | G20: =F20 -> 44386 | H20: DD/MM/YYYY
B21: Stage 4 Tendering (preparation of document) | C21: =F20+3 -> 44389 | D21: =C21 -> 44389 | E21: DD/MM/YYYY | F21: =C21+20 -> 44409 | G21: =F21 -> 44409 | H21: DD/MM/YYYY
B22: Capex Approval for Stage 5-6 | C22: =C26 -> 44475 | D22: =C22 -> 44475 | E22: DD/MM/YYYY | F22: =C22 -> 44475 | G22: =F22 -> 44475 | H22: DD/MM/YYYY
A23: Contractor | B23: Advertising: Open | C23: =F21+3 -> 44412 | D23: =C23 -> 44412 | E23: DD/MM/YYYY | F23: =C23 -> 44412 | G23: =F23 -> 44412 | H23: DD/MM/YYYY
B24: Advertising: Close | C24: =F23+40 -> 44452 | D24: =C24 -> 44452 | E24: DD/MM/YYYY | F24: =C24 -> 44452 | G24: =F24 -> 44452 | H24: DD/MM/YYYY
B25: Evaluation: Start | C25: =F24+3 -> 44455 | D25: =C25 -> 44455 | E25: DD/MM/YYYY | F25: =C25 -> 44455 | G25: =F25 -> 44455 | H25: DD/MM/YYYY
B26: Evaluation: Finish | C26: =F25+20 -> 44475 | D26: =C26 -> 44475 | E26: DD/MM/YYYY | F26: =C26 -> 44475 | G26: =F26 -> 44475 | H26: DD/MM/YYYY
B27: Submission to BAC | C27: =F26+5 -> 44480 | D27: =C27 -> 44480 | E27: DD/MM/YYYY | F27: =C27+7 -> 44487 | G27: =F27 -> 44487 | H27: DD/MM/YYYY
B28: Contract Award | C28: =F27 -> 44487 | D28: =C28 -> 44487 | E28: DD/MM/YYYY | F28: =C28 -> 44487 | G28: =F28 -> 44487 | H28: DD/MM/YYYY
B29: Contract Signing | C29: =F28+3 -> 44490 | D29: =C29 -> 44490 | E29: DD/MM/YYYY | F29: =C29+17 -> 44507 | G29: =F29 -> 44507 | H29: DD/MM/YYYY | I29: Note:
B30: Site Hand Over | C30: =F29+2 -> 44509 | D30: =C30 -> 44509 | E30: DD/MM/YYYY | F30: =C30 -> 44509 | G30: =F30 -> 44509 | H30: DD/MM/YYYY | I30: The start of project is on the verge of builders' break
B31: Construction Commencement | C31: 44652 | D31: =C31 -> 44652 | E31: DD/MM/YYYY | F31: =C31 -> 44652 | G31: =F31 -> 44652 | H31: DD/MM/YYYY | I31: Considered delaying the project start date to 01 April 2022, due to Terminal A project expected to conclude on 29 March 2022. Planning to avoid two projects running in both terminals at the same time for operational reasons.
B32: Practical Completion | C32: =F31+670 -> 45322 | D32: =C32 -> 45322 | E32: DD/MM/YYYY | F32: =C32 -> 45322 | G32: =F32 -> 45322 | H32: DD/MM/YYYY
B33: Final Completion | C33: =F32+90 -> 45412 | D33: =C33 -> 45412 | E33: DD/MM/YYYY | F33: =C33 -> 45412 | G33: =F33 -> 45412 | H33: DD/MM/YYYY
B34: Hand Over to End-User | C34: =F33+7 -> 45419 | D34: =C34 -> 45419 | E34: DD/MM/YYYY | F34: =C34 -> 45419 | G34: =F34 -> 45419 | H34: DD/MM/YYYY
B35: Project Close Out | C35: =F34+7 -> 45426 | D35: =C35 -> 45426 | E35: DD/MM/YYYY | F35: =C35+7 -> 45433 | G35: =F35 -> 45433 | H35: DD/MM/YYYY
B36: Project Capitalisation | C36: =F35+7 -> 45440 | D36: =C36 -> 45440 | E36: DD/MM/YYYY | F36: =C36 -> 45440 | G36: =F36 -> 45440 | H36: DD/MM/YYYY
A37: SIGNATORY
A38: PMO | B38: Manager | D38: Signature | G38: Date
A39: ME | B39: Seniror Manager:
A40: ME | B40: Group Manager:
A41: ME | B41: Group Executive:

Sheet Additional Information (2)
A13: Consultants
A15: 1.Clearly stipulate the pricing guide/ Gazetteed fees scale as a basis for the fees
A16: 2. The amount stipulated should be the construction cost excluding indirect costs,i.e insurance, prof fees, etc
A17: 3. Clearly stipulate whether the price will be fixed or on a percentage basis
A19: Checks:
A20: 1.Calculate the fee per discipline internally to provide guidance on expected fee
A21: 2. Conduct arithmetic checks and note any errors and their materiality
A22: 3.Review the range of successful bidders prices to get an understanding of the market prices.Remove the outliers and get an average price
A25: Contractor
A27: 1.Clearly stipulate the construction grade you require to complete the works
A28: 2. Verify the BOQ is accurately assembled and error free
A31: Checks:
... A33: 2.Review rates of the successful bidders-check for front loading

Sheet Master Apron stands
A3: =[5]Cover!$A$5 -> AIRPORT DEVELOPMENT COST
A5: 2. STANDS, TAXILANES AND SERVICE ROADS
A7: 43040
A11: 2.1 TYPICAL DESIGN CRITERIA & MASTER RATES | U11: 2009 | X11: 2021
S12: Measurement | U12: Rate | X12: Rate
N14: a. | O14: Distance to Terminal / Obstacle: | S14: 7.5m | U14: 1000 | W14: Allowance | X14: =U14*1.15 -> 1150 | Z14: -Estimate
N17: b. | O17: Nose Service Road: | S17: 10, 13.5 or 17m
O18: • At remote stands typically 10m wide | U18: =ROUND('Code F,C Taxilane & Serv Roads'!AI51,-1) -> 700 | W18: page 4 | X18: =ROUND('Code F,C Taxilane & Serv Roads'!AM51,-1) -> 1290
O19: • Low traffic 13.5m | U19: =U18 -> 700 | W19: page 4
O20: • High traffic 17m | U20: =ROUND('Code F,C Taxilane & Serv Roads'!AV51,-1) -> 760 | W20: page 4 | X20: =ROUND('Code F,C Taxilane & Serv Roads'!AZ51,-1) -> 1400 | Z20: - Two dedicated Bus lanes 3.5m each
Z21: - Slow traffic 5m wide each
N23: c. | O23: Manoeuvring Area (depending on circumstance) | S23: 0 - 7.5m | U23: =U14 -> 1000 | W23: Allowance | X23: =X14 -> 1150
O24: • For pushback activities
N26: d. | O26: Aircraft Stands (ICAO parameters)
P28: typical aircraft | Q28: width | R28: length
O29: • Code F | P29: A380, B747 8L | Q29: 80 | R29: 85 | S29: =Q29*R29 -> 6800 | U29: =ROUND('Code C,E & F stands'!H75,-1) -> 1770 | W29: page 3 | X29: =ROUND('Code C,E & F stands'!L75,-1) -> 3170
O30: • Code E | P30: A340, B747, B777 | Q30: 65 | R30: 80 | S30: =Q30*R30 -> 5200 | U30: =ROUND('Code C,E & F stands'!U75,-1) -> 1840 | W30: page 3 | X30: =ROUND('Code C,E & F stands'!Y75,-1) -> 3290
O31: • Code C | P31: A321, B737, MD90 | Q31: 40 | R31: 56 | S31: =Q31*R31 -> 2240 | U31: =ROUND('Code C,E & F stands'!AH75,-1) -> 2090 | W31: page 3 | X31: =ROUND('Code C,E & F stands'!AL75,-1) -> 3750
O33: NOTE: | P33: Width excludes Wing Tip Clearance, Length excludes service area
N36: e. | O36: MINIMUM Wing Tip Clearances | U36: =U23 -> 1000 | W36: Allowance | X36: =X23 -> 1150
O37: • Code F, E & D | S37: 7.5
O38: • Code C | S38: 7.5
N41: f. | O41: Tail Service Road - Taxilane rate | S41: 10m | U41: =U47 -> 660 | W41: page 4 | X41: =X47 -> 1220
N44: g. | O44: Taxilane
O45: Any taxi lane must have centerline clearance to obstacles as follows (obstacle clearance on both wings):-
O47: • Code F | P47: 50.5 | Q47: , thus total MAX width | S47: =P47*2 -> 101 | U47: =ROUND('Code F,C Taxilane & Serv Roads'!H51,-1) -> 660 | W47: page 4 | X47: =ROUND('Code F,C Taxilane & Serv Roads'!M51,-1) -> 1220
O48: • Code E | P48: 42.5 | Q48: , thus total MAX width | S48: =P48*2 -> 85 | U48: =ROUND('Code F,C Taxilane & Serv Roads'!H51,-1) -> 660 | W48: page 4 | X48: =ROUND('Code F,C Taxilane & Serv Roads'!M51,-1) -> 1220
O49: • Code C | P49: 24.5 | Q49: , thus total MAX width | S49: =P49*2 -> 49 | U49: =ROUND('Code F,C Taxilane & Serv Roads'!V51,-1) -> 570 | W49: page 4 | X49: =ROUND('Code F,C Taxilane & Serv Roads'!Z51,-1) -> 1060
O50: • Code B | P50: 16.5 | Q50: , thus total MAX width | S50: =P50*2 -> 33
O51: • Code A | P51: 12 | Q51: , thus total MAX width | S51: =P51*2 -> 24
N53: h. | O53: Design Criteria
O54: • Tug weight assumption: 60ton with tow (if 72ton then tyre width modification required), towbarless lighter
O55: • Estimated lifespan: 20 years (asphalt), 30 years (concrete)
O56: • Estimates to include a rough sketch to indicate dimensions assumptions
N58: i. | O58: Exclusions:-
O59: • All Bulk Earthworks, only design layerworks included in above
O60: • Extraordinary ground conditions are excluded (coastal / RAS)
O61: • Layerwork rates assumed to be imported from commercial sources (review distance)
O62: • Bulk services reticulation to stands (Fuel, Stormwater, Water, Electricity, etc.)
O63: • Sewer Dump Facility
O64: • Anti-pollution Facility
O65: • Stormwater attenuation
O66: • Relocation of existing services
O67: • Sustainability considerations according to ACSA policies
O68: (e.g. preservation of topsoil, rehabilitation of land damaged, landscaping, minimal off-site carting)
O69: • Fire fighting considerations e.g. emergency cut-off valves, drains, cambered aprons
O70: • 400Khz supply excluded, but sleeves allowance included
... O76: • Directs not e.g. Environmental Impact assessment, security, insurance
R79: Page 18
Q80: Back to Contents

Sheet Code C,E & F stands
A3: =[5]Cover!$A$5 -> AIRPORT DEVELOPMENT COST
A5: ='Master Apron stands'!A5:W5 -> 2. STANDS, TAXILANES AND SERVICE ROADS
A7: ='Master Apron stands'!A7 -> 43040
A11: 2.2 APPROXIMATE RATE BUILD-UP FOR STANDS
B12: BER Index
B13: Base Date | C13: 43040 | D13: 217.6 | E13: ='New Bldg Rates'!M4 -> Reference 2021 Q4 Table 2 - BER Building Cost Index
B14: Current Date | C14: 44621 | D14: ='New Bldg Rates'!L5 -> 267.26588
F16: WHBO TENDER RATES | H16: Estimated Rates | S16: WHBO TENDER RATES | U16: ='Code C,E & F stands'!$H$16 -> Estimated Rates | AF16: WHBO TENDER RATES | AH16: ='Code C,E & F stands'!$H$16 -> Estimated Rates
A17: Code F Stands | C17: width | D17: length | N17: Code E Stands | P17: width | Q17: length | AA17: Code C Stands | AC17: width | AD17: length
A18: (MARS Configuration, 1x Code F or 2x Code C) | C18: ='Master Apron stands'!Q29 -> 80 | D18: ='Master Apron stands'!R29 -> 85 | E18: =C18*D18 -> 6800 | H18: Base Date Jan '09 | J18: Base Date Nov '17 | L18: =C14 -> 44621 | P18: ='Master Apron stands'!Q30 -> 65 | Q18: ='Master Apron stands'!R30 -> 80 | R18: =P18*Q18 -> 5200 | U18: ='Code C,E & F stands'!$H$18 -> Base Date Jan '09 | W18: Base Date Nov '17 | Y18: =L18 -> 44621 | AC18: ='Master Apron stands'!Q31 -> 40 | AD18: ='Master Apron stands'!R31 -> 56 | AE18: =AC18*AD18 -> 2240 | AH18: ='Code C,E & F stands'!$H$18 -> Base Date Jan '09 | AJ18: Base Date Nov '17 | AL18: =L18 -> 44621
A21: Civils & Surfacing | N21: Civils & Surfacing | AA21: Civils & Surfacing
A22: • | B22: Roadmarking | F22: 5.93 | H22: 8 | J22: =(H22*(217/145-1))+H22 -> 11.972414 | L22: =(J22*($D$14/$D$13-1))+J22 -> 14.705045 | N22: • | O22: Roadmarking | S22: 5.93 | U22: 8 | W22: =(U22*(217/145-1))+U22 -> 11.972414 | Y22: =(W22*($D$14/$D$13-1))+W22 -> 14.705045 | AA22: • | AB22: Roadmarking | AF22: 5.93 | AH22: 8 | AJ22: =(AH22*(217/145-1))+AH22 -> 11.972414 | AL22: =(AJ22*($D$14/$D$13-1))+AJ22 -> 14.705045
A23: • | B23: Surface texturing and curing | F23: =6.9+6.9 -> 13.8 | H23: =14+7 -> 21 | J23: =(H23*(217/145-1))+H23 -> 31.427586 | L23: =(H23*($D$14/$D$13-1))+J23 -> 36.220709 | N23: • | O23: Surface texturing and curing | S23: =6.9+6.9 -> 13.8 | U23: =14+7 -> 21 | W23: =(U23*(217/145-1))+U23 -> 31.427586 | Y23: =(U23*($D$14/$D$13-1))+W23 -> 36.220709 | AA23: • | AB23: Surface texturing and curing | AF23: =6.9+6.9 -> 13.8 | AH23: =14+7 -> 21 | AJ23: =(AH23*(217/145-1))+AH23 -> 31.427586 | AL23: =(AH23*($D$14/$D$13-1))+AJ23 -> 36.220709
A24: • | B24: Concrete joints | F24: 41 | H24: =+F24*1.1 -> 45.1 | J24: =(H24*(217/145-1))+H24 -> 67.494483 | L24: =(H24*($D$14/$D$13-1))+J24 -> 77.788284 | N24: • | O24: Concrete joints | S24: 41 | U24: =+S24*1.1 -> 45.1 | W24: =(U24*(217/145-1))+U24 -> 67.494483 | Y24: =(U24*($D$14/$D$13-1))+W24 -> 77.788284 | AA24: • | AB24: Concrete joints | AF24: 58 | AH24: =+AF24*1.1 -> 63.8 | AJ24: =(AH24*(217/145-1))+AH24 -> 95.48 | AL24: =(AH24*($D$14/$D$13-1))+AJ24 -> 110.04196
A25: • | B25: 370mm concrete (5MPa flexural strength) | E25: 1150 | F25: =414+1150*0.01 -> 425.5 | H25: =E25*0.37 -> 425.5 | J25: =(H25*(217/145-1))+H25 -> 636.78276 | L25: =(H25*($D$14/$D$13-1))+J25 -> 733.90055 | N25: • | O25: 370mm concrete (5MPa flexural strength) | R25: =E25 -> 1150 | S25: =414+1150*0.01 -> 425.5 | U25: =R25*0.37 -> 425.5 | W25: =(U25*(217/145-1))+U25 -> 636.78276 | Y25: =(U25*($D$14/$D$13-1))+W25 -> 733.90055 | AA25: • | AB25: 345mm concrete (5MPa flexural strength) | AE25: =R25 -> 1150 | AF25: =399.5/0.325*0.33 -> 405.64615 | AH25: =AE25*0.345 -> 396.75 | AJ25: =(AH25*(217/145-1))+AH25 -> 593.7569 | AL25: =(AH25*($D$14/$D$13-1))+AJ25 -> 684.31268
A26: • | B26: Stabilised layer C2 200mm (97% MOD AASHTO) | E26: 385 | H26: =E26*0.2 -> 77 | J26: =(H26*(217/145-1))+H26 -> 115.23448 | L26: =(H26*($D$14/$D$13-1))+J26 -> 132.80927 | N26: • | O26: Stabilised layer C2 200mm (97% MOD AASHTO) | R26: =E26 -> 385 | U26: =R26*0.2 -> 77 | W26: =(U26*(217/145-1))+U26 -> 115.23448 | Y26: =(U26*($D$14/$D$13-1))+W26 -> 132.80927 | AA26: • | AB26: Stabilised layer C3 150mm (97% MOD AASHTO) | AE26: =R27 -> 375 | AH26: =AE26*0.15 -> 56.25 | AJ26: =(AH26*(217/145-1))+AH26 -> 84.181034 | AL26: =(AH26*($D$14/$D$13-1))+AJ26 -> 97.019756
A27: • | B27: Stabilised layer C3 150mm (97% MOD AASHTO) | E27: 375 | F27: =+F28 -> 61.794 | H27: =E27*0.15 -> 56.25 | J27: =(H27*(217/145-1))+H27 -> 84.181034 | L27: =(H27*($D$14/$D$13-1))+J27 -> 97.019756 | N27: • | O27: Stabilised layer C3 150mm (97% MOD AASHTO) | R27: =E27 -> 375 | S27: =+S28 -> 61.794 | U27: =R27*0.15 -> 56.25 | W27: =(U27*(217/145-1))+U27 -> 84.181034 | Y27: =(U27*($D$14/$D$13-1))+W27 -> 97.019756 | AA27: • | AB27: Stabilised layer C4 150mm (97% MOD AASHTO) | AE27: =R28 -> 360 | AF27: =146.85*0.15+265.11*0.15 -> 61.794 | AH27: =AE27*0.15 -> 54 | AJ27: =(AH27*(217/145-1))+AH27 -> 80.813793 | AL27: =(AH27*($D$14/$D$13-1))+AJ27 -> 93.138966
A28: • | B28: Stabilised layer C4 150mm (95% MOD AASHTO) | E28: 360 | F28: =146.85*0.15+265.11*0.15 -> 61.794 | H28: =E28*0.15 -> 54 | J28: =(H28*(217/145-1))+H28 -> 80.813793 | L28: =(H28*($D$14/$D$13-1))+J28 -> 93.138966 | N28: • | O28: Stabilised layer C4 150mm (97% MOD AASHTO) | R28: =E28 -> 360 | S28: =146.85*0.15+265.11*0.15 -> 61.794 | U28: =R28*0.15 -> 54 | W28: =(U28*(217/145-1))+U28 -> 80.813793 | Y28: =(U28*($D$14/$D$13-1))+W28 -> 93.138966 | AA28: • | AB28: G7 Selected layer 150mm (95% MOD AASHTO) | AE28: =R29 -> 190 | AF28: =+AF29 -> 27 | AH28: =AE28*0.15 -> 28.5 | AJ28: =(AH28*(217/145-1))+AH28 -> 42.651724 | AL28: =(AH28*($D$14/$D$13-1))+AJ28 -> 49.156676
A29: • | B29: G7 Selected layer 150mm (93% MOD AASHTO) | E29: 190 | F29: =170.66*0.15 -> 25.599 | H29: =E29*0.15 -> 28.5 | J29: =(H29*(217/145-1))+H29 -> 42.651724 | L29: =(H29*($D$14/$D$13-1))+J29 -> 49.156676 | N29: • | O29: G7 Selected layer 150mm (95% MOD AASHTO) | R29: =E29 -> 190 | S29: =170.66*0.15 -> 25.599 | U29: =R29*0.15 -> 28.5 | W29: =(U29*(217/145-1))+U29 -> 42.651724 | Y29: =(U29*($D$14/$D$13-1))+W29 -> 49.156676 | AA29: • | AB29: G7 Selected layer 150mm (93% MOD AASHTO) | AE29: =AE28 -> 190 | AF29: =180*0.15 -> 27 | AH29: =AE29*0.15 -> 28.5 | AJ29: =(AH29*(217/145-1))+AH29 -> 42.651724 | AL29: =(AH29*($D$14/$D$13-1))+AJ29 -> 49.156676
A30: • | B30: G9 Selected layer 150mm (90% MOD AASHTO) | E30: 160 | F30: =170.66*0.15 -> 25.599 | H30: =E30*0.15 -> 24 | J30: =(H30*(217/145-1))+H30 -> 35.917241 | L30: =(H30*($D$14/$D$13-1))+J30 -> 41.395096 | N30: • | O30: G9 Selected layer 150mm (90% MOD AASHTO) | R30: =E30 -> 160 | S30: =170.66*0.15 -> 25.599 | U30: =R30*0.15 -> 24 | W30: =(U30*(217/145-1))+U30 -> 35.917241 | Y30: =(U30*($D$14/$D$13-1))+W30 -> 41.395096 | AA30: • | AB30: G9 Selected layer 150mm (90% MOD AASHTO) | AE30: =R30 -> 160 | AF30: =170.66*0.15 -> 25.599 | AH30: =AE30*0.15 -> 24 | AJ30: =(AH30*(217/145-1))+AH30 -> 35.917241 | AL30: =(AH30*($D$14/$D$13-1))+AJ30 -> 41.395096
A31: • | B31: In-situ compaction | H31: 10 | J31: =(H31*(217/145-1))+H31 -> 14.965517 | L31: =(H31*($D$14/$D$13-1))+J31 -> 17.247957 | N31: • | O31: In-situ compaction | U31: ='Code C,E & F stands'!$H$31 -> 10 | W31: =(U31*(217/145-1))+U31 -> 14.965517 | Y31: =(U31*($D$14/$D$13-1))+W31 -> 17.247957 | AA31: • | AB31: In-situ compaction | AH31: ='Code C,E & F stands'!$H$31 -> 10 | AJ31: =(AH31*(217/145-1))+AH31 -> 14.965517 | AL31: =(AH31*($D$14/$D$13-1))+AJ31 -> 17.247957
A32: • | B32: Sub-soil drainage | F32: 16.733686 | H32: =+F32*1.05 -> 17.57037 | J32: =(H32*(217/145-1))+H32 -> 26.294968 | L32: =(H32*($D$14/$D$13-1))+J32 -> 30.305298 | N32: • | O32: Sub-soil drainage | S32: 16.733686 | U32: =+S32*1.05 -> 17.57037 | W32: =(U32*(217/145-1))+U32 -> 26.294968 | Y32: =(U32*($D$14/$D$13-1))+W32 -> 30.305298 | AA32: • | AB32: Sub-soil drainage | AF32: 16.388063 | AH32: =+AF32*1.05 -> 17.207466 | AJ32: =(AH32*(217/145-1))+AH32 -> 25.751863 | AL32: =(AH32*($D$14/$D$13-1))+AJ32 -> 29.679363
A33: • | B33: Earthworks (Box Cut) | E33: 55 | F33: =(1*45)*0.975 -> 43.875 | H33: =(E33)*(0.37+0.2+0.15*4) -> 64.35 | J33: =(H33*(217/145-1))+H33 -> 96.303103 | L33: =(H33*($D$14/$D$13-1))+J33 -> 110.9906 | N33: • | O33: Earthworks (Box Cut) | R33: =E33 -> 55 | S33: =(1*45)*0.975 -> 43.875 | U33: =(R33)*(0.37+0.2+0.15*4) -> 64.35 | W33: =(U33*(217/145-1))+U33 -> 96.303103 | Y33: =(U33*($D$14/$D$13-1))+W33 -> 110.9906 | AA33: • | AB33: Earthworks (Box Cut) | AE33: =R33 -> 55 | AF33: =(1*45)*1.08 -> 48.6 | AH33: =(AE33)*(0.345+0.15*5) -> 60.225 | AJ33: =(AH33*(217/145-1))+AH33 -> 90.129828 | AL33: =(AH33*($D$14/$D$13-1))+AJ33 -> 103.87582
A34: • | B34: Clearing & grubbing | F34: =11544.79/10000 -> 1.154479 | H34: =+F34*1.1 -> 1.2699269 | J34: =(H34*(217/145-1))+H34 -> 1.9005113 | L34: =(H34*($D$14/$D$13-1))+J34 -> 2.1903644 | N34: • | O34: Clearing & grubbing | S34: =11544.79/10000 -> 1.154479 | U34: =+S34*1.1 -> 1.2699269 | W34: =(U34*(217/145-1))+U34 -> 1.9005113 | Y34: =(U34*($D$14/$D$13-1))+W34 -> 2.1903644 | AA34: • | AB34: Clearing & grubbing | AF34: =11544.79/10000 -> 1.154479 | AH34: =+AF34*1.1 -> 1.2699269 | AJ34: =(AH34*(217/145-1))+AH34 -> 1.9005113 | AL34: =(AH34*($D$14/$D$13-1))+AJ34 -> 2.1903644
B35: Sub-Total : Civils & Surfacing | F35: =SUM(F22:F34) -> 722.77916 | G35: /m2 | H35: =SUM(H22:H34) -> 832.5403 | I35: /m² | J35: =SUM(J22:J34) -> 1245.9396 | K35: /m² | L35: =SUM(L22:L34) -> 1436.8686 | M35: /m² | O35: Sub-Total : Civils & Surfacing | S35: =SUM(S22:S34) -> 722.77916 | T35: /m2 | U35: =SUM(U22:U34) -> 832.5403 | V35: /m² | W35: =SUM(W22:W34) -> 1245.9396 | X35: /m² | Y35: =SUM(Y22:Y34) -> 1436.8686 | Z35: /m² | AB35: Sub-Total : Civils & Surfacing | AF35: =SUM(AF22:AF34) -> 690.9117 | AG35: /m2 | AH35: =SUM(AH22:AH34) -> 769.50239 | AI35: /m² | AJ35: =SUM(AJ22:AJ34) -> 1151.6001 | AK35: /m² | AL35: =SUM(AL22:AL34) -> 1328.1411 | AM35: /m²
A38: Stormwater | N38: Stormwater | AA38: Stormwater
A39: • | B39: Slot Drain incl concrete pipework | F39: =+E44/E18 -> 251.67059 | H39: =+E44/E18 -> 251.67059 | J39: =(H39*(217/145-1))+H39 -> 376.63805 | L39: =(J39*($D$14/$D$13-1))+J39 -> 462.6034 | N39: • | O39: Slot Drain incl concrete pipework | S39: =+R44/R18 -> 298.95385 | U39: =+R44/R18 -> 298.95385 | W39: =(U39*(217/145-1))+U39 -> 447.39989 | Y39: =(W39*($D$14/$D$13-1))+W39 -> 549.51621 | AA39: • | AB39: Slot Drain incl concrete pipework | AF39: =+AE44/AE18 -> 167.5 | AH39: =AE44/AE18 -> 167.5 | AJ39: =(AH39*(217/145-1))+AH39 -> 250.67241 | AL39: =(AJ39*($D$14/$D$13-1))+AJ39 -> 307.88687
A40: • | B40: Slot drain | C40: =D18*2+C18 -> 250 | D40: =5200*1.12 -> 5824 | E40: =+D40*C40 -> 1456000 | N40: • | O40: Slot drain | P40: =Q18*2+P18 -> 225 | Q40: =5200*1.12 -> 5824 | R40: =+Q40*P40 -> 1310400 | AA40: • | AB40: Slot drain | AC40: =AC18 -> 40 | AD40: =5200*1.12 -> 5824 | AE40: =+AD40*AC40 -> 232960
A41: • | B41: Concrete pipework, varying | C41: =D18 -> 85 | D41: =2000*1.12 -> 2240 | E41: =+D41*C41 -> 190400 | N41: • | O41: Concrete pipework, varying | P41: =Q18 -> 80 | Q41: =2000*1.12 -> 2240 | R41: =+Q41*P41 -> 179200 | AA41: • | AB41: Concrete pipework, varying | AC41: =AC18 -> 40 | AD41: =2000*1.12 -> 2240 | AE41: =+AD41*AC41 -> 89600
A42: • | B42: Oil seperator | C42: 1 | D42: =25000*1.12 -> 28000 | E42: =+D42*C42 -> 28000 | N42: • | O42: Oil seperator | P42: 1 | Q42: =25000*1.12 -> 28000 | R42: =+Q42*P42 -> 28000 | AA42: • | AB42: Oil seperator | AC42: 1 | AD42: =25000*1.12 -> 28000 | AE42: =+AD42*AC42 -> 28000
A43: • | B43: Catchpits/manholes | C43: 3 | D43: =11000*1.12 -> 12320 | E43: =+D43*C43 -> 36960 | N43: • | O43: Catchpits/manholes | P43: 3 | Q43: =11000*1.12 -> 12320 | R43: =+Q43*P43 -> 36960 | AA43: • | AB43: Catchpits/manholes | AC43: 2 | AD43: =11000*1.12 -> 12320 | AE43: =+AD43*AC43 -> 24640
E44: =SUM(E40:E43) -> 1711360 | R44: =SUM(R40:R43) -> 1554560 | AE44: =SUM(AE40:AE43) -> 375200
A46: Sleeves | F46: =+E51/E18 -> 129.70588 | H46: =E51/E18 -> 129.70588 | J46: =(H46*(217/145-1))+H46 -> 194.11156 | L46: =(J46*($D$14/$D$13-1))+J46 -> 238.41635 | N46: Sleeves | S46: =+R51/R18 -> 156.34231 | U46: =R51/R18 -> 156.34231 | W46: =(U46*(217/145-1))+U46 -> 233.97435 | Y46: =(W46*($D$14/$D$13-1))+W46 -> 287.37758 | AA46: Sleeves | AF46: =+AE51/AE18 -> 153 | AH46: =AE51/AE18 -> 153 | AJ46: =(AH46*(217/145-1))+AH46 -> 228.97241 | AL46: =(AJ46*($D$14/$D$13-1))+AJ46 -> 281.23398
A47: • | B47: 4 x 3/110mm comms sleeves | C47: =D18+C18/4 -> 105 | D47: =100*12*1.12 -> 1344 | E47: =+D47*C47 -> 141120 | N47: • | O47: 4 x 3/110mm comms sleeves | P47: =Q18+P18/4 -> 96.25 | Q47: =100*12*1.12 -> 1344 | R47: =+Q47*P47 -> 129360 | AA47: • | AB47: 4 x 3/110mm comms sleeves | AC47: =AC18 -> 40 | AD47: =100*12*1.12 -> 1344 | AE47: =+AD47*AC47 -> 53760
A48: • | B48: 3 x 1/110 Electrical sleeves | C48: =D18*3 -> 255 | D48: =200*1.12 -> 224 | E48: =+D48*C48 -> 57120 | N48: • | O48: 3 x 1/110 Electrical sleeves | P48: =Q18*3 -> 240 | Q48: =200*1.12 -> 224 | R48: =+Q48*P48 -> 53760 | AA48: • | AB48: 2 x 1/110 Electrical sleeves | AC48: =AC18*2 -> 80 | AD48: =200*1.12 -> 224 | AE48: =+AD48*AC48 -> 17920
A49: • | B49: Concrete service duct | C49: =+C47 -> 105 | D49: =5500*1.12 -> 6160 | E49: =+D49*C49 -> 646800 | N49: • | O49: Concrete service duct | P49: =+P47 -> 96.25 | Q49: =5500*1.12 -> 6160 | R49: =+Q49*P49 -> 592900 | AA49: • | AB49: Concrete service duct | AC49: =+AC47 -> 40 | AD49: =5500*1.12 -> 6160 | AE49: =+AD49*AC49 -> 246400
A50: • | B50: Manholes | C50: 3 | D50: =11000*1.12 -> 12320 | E50: =+D50*C50 -> 36960 | N50: • | O50: Manholes | P50: 3 | Q50: =11000*1.12 -> 12320 | R50: =+Q50*P50 -> 36960 | AA50: • | AB50: Manholes | AC50: 2 | AD50: =11000*1.12 -> 12320 | AE50: =+AD50*AC50 -> 24640
E51: =SUM(E47:E50) -> 882000 | R51: =SUM(R47:R50) -> 812980 | AE51: =SUM(AE47:AE50) -> 342720
A53: Fire Water | F53: =+E58/E18 -> 50.605662 | H53: =E58/E18 -> 50.605662 | J53: =(H53*(217/145-1))+H53 -> 75.73399 | L53: =(J53*($D$14/$D$13-1))+J53 -> 93.019814 | N53: Fire Water | S53: =+R58/R18 -> 56.437019 | U53: =R58/R18 -> 56.437019 | W53: =(U53*(217/145-1))+U53 -> 84.460918 | Y53: =(W53*($D$14/$D$13-1))+W53 -> 103.73861 | AA53: Fire Water | AF53: =+AE58/AE18 -> 79.829168 | AH53: =AE58/AE18 -> 79.829168 | AJ53: =(AH53*(217/145-1))+AH53 -> 119.46848 | AL53: =(AJ53*($D$14/$D$13-1))+AJ53 -> 146.73643
A54: • | B54: GMS Water pipe | C54: =D18+10 -> 95 | D54: =(113+1760+20)*1.1 -> 2082.3 | E54: =+D54*C54 -> 197818.5 | N54: • | O54: GMS Water pipe | P54: =65+10 -> 75 | Q54: =(113+1760+20)*1.1 -> 2082.3 | R54: =+Q54*P54 -> 156172.5 | AA54: • | AB54: GMS Water pipe | AC54: =43.5+10 -> 53.5 | AD54: =(113+1760+20)*1.1 -> 2082.3 | AE54: =+AD54*AC54 -> 111403.05
A55: • | B55: Fittings | C55: Item | D55: =40000*1.1 -> 44000 | E55: =+D55 -> 44000 | N55: • | O55: Fittings | P55: Item | Q55: 35000 | R55: =+Q55 -> 35000 | AA55: • | AB55: Fittings | AC55: Item | AD55: =20000*1.1 -> 22000 | AE55: =+AD55 -> 22000
A56: • | B56: Hydrants complete | C56: 1 | D56: =(70500+2500)*1.1 -> 80300 | E56: =+D56*C56 -> 80300 | N56: • | O56: Hydrants complete | P56: 1 | Q56: =(70500+2500)*1.1 -> 80300 | R56: =+Q56*P56 -> 80300 | AA56: • | AB56: Hydrants complete (1 per 2.33 stands) | AC56: =3/7 -> 0.42857143 | AD56: =(70500+2500)*1.1 -> 80300 | AE56: =+AD56*AC56 -> 34414.286
A57: • | B57: Cathodic protection | C57: Item | E57: =20000*1.1 -> 22000 | N57: • | O57: Cathodic protection | P57: Item | R57: =20000*1.1 -> 22000 | AA57: • | AB57: Cathodic protection | AC57: Item | AE57: =10000*1.1 -> 11000
E58: =SUM(E54:E57) -> 344118.5 | R58: =SUM(R54:R57) -> 293472.5 | AE58: =SUM(AE54:AE57) -> 178817.34
A59: Sewer | F59: =+E61/E18 -> 0 | H59: =+F59*1.1 -> 0 | N59: Sewer | S59: =+R61/R18 -> 0 | U59: =+S59*1.1 -> 0 | AA59: Sewer | AF59: =+AE61/AE18 -> 0 | AH59: =+AF59*1.1 -> 0
B60: 400mm pipe, complete - EXCLUDED | C60: =83.75*0 -> 0 | D60: 2178 | E60: =+D60*C60 -> 0 | O60: 400mm pipe, complete - EXCLUDED | P60: =83.75*0 -> 0 | Q60: 2178 | R60: =+Q60*P60 -> 0 | AB60: 400mm pipe, complete EXCLUDED | AC60: 0 | AD60: 2178 | AE60: =+AD60*AC60 -> 0
E61: =SUM(E60:E60) -> 0 | R61: =SUM(R60:R60) -> 0 | AE61: =SUM(AE60:AE60) -> 0
A63: Electrical | F63: =+E67/E18 -> 143.57637 | H63: =E67/E18 -> 143.57637 | J63: =(H63*(217/145-1))+H63 -> 214.86946 | L63: =(J63*($D$14/$D$13-1))+J63 -> 263.91212 | N63: Electrical | S63: =+R67/R18 -> 152.06018 | U63: =R67/R18 -> 152.06018 | W63: =(U63*(217/145-1))+U63 -> 227.56592 | Y63: =(W63*($D$14/$D$13-1))+W63 -> 279.50646 | AA63: Electrical | AF63: =+AE67/AE18 -> 274.83319 | AH63: =AE67/AE18 -> 274.83319 | AJ63: =(AH63*(217/145-1))+AH63 -> 411.30208 | AL63: =(AJ63*($D$14/$D$13-1))+AJ63 -> 505.17929
A64: • | B64: 35m highmast, kiosk, 3x stand signs | C64: Item | E64: =(141781+45540+4000+12355+4000+5500+1000+7588*2+1000*2+17090+1000+36200+6500+3*28000+3*11000+3*3000)*1.08*1.12 -> 505784.56 | N64: • | O64: 35m highmast, kiosk, 1x stand sign | P64: Item | R64: =(141781+45540+4000+12355+4000+5500+1000+7588*2+1000*2+17090+1000+36200+6500+1*28000+1*11000+1*3000)*1.08*1.12 -> 404178.16 | AA64: • | AB64: 22m highmast, kiosk, 1x stand sign | AC64: Item | AE64: =(86222+26600+4000+11404+4000+5500+1000+5563*2+1000*2+17090+1000+35200+6500+1*28000+1*11000+1*3000)*1.08*1.12 -> 306805.36
A65: • | B65: Cabling, terminations, etc | C65: Item | E65: =(4010+3400+(4416700+342679-324855-4404160+63201+14137+98868+114576+63386+108253+12146+12260+7922+18810+3465+17655+20460+8085+9735+5885+5940+6820))/16*1.08*1.12 -> 47580.977 | N65: • | O65: Cabling, terminations, etc | P65: Item | R65: =(4010+3400+(4416700+342679-324855-4404160+63201+14137+98868+114576+63386+108253+12146+12260+7922+18810+3465+17655+20460+8085+9735+5885+5940+6820))/16*1.08*1.12 -> 47580.977 | AA65: • | AB65: Cabling, terminations, etc | AC65: Item | AE65: =(4010+3400+(4416700+342679-324855-4404160+63201+14137+98868+114576+63386+108253+12146+12260+7922+18810+3465+17655+20460+8085+9735+5885+5940+6820))/16*1.08*1.12 -> 47580.977
A66: • | B66: MV reticulation (1 mini-sub/3.5 stands, 95mm² cabling on stand) | C66: Item | E66: =+((195700/9+(338625+5000+6500+3000)/3.5+1500*85*2))*1.12 -> 422953.78 | N66: • | O66: MV reticulation (1 mini-sub/3.5 stands, 95mm² cabling on stand) | P66: Item | R66: =+((195700/9+(338625+5000+6500+3000)/3.5+1500*60*2))*1.12 -> 338953.78 | AA66: • | AB66: MV reticulation (1 mini-sub/3.5 stands, 95mm² cabling on stand) | AC66: Item | AE66: =+(195700/7+(338625+5000+6500+3000)/3.5+43.5*2*1200)*1.12 -> 261240
E67: =SUM(E64:E66) -> 976319.32 | R67: =SUM(R64:R66) -> 790712.92 | AE67: =SUM(AE64:AE66) -> 615626.34
A69: Fuel | F69: =+E72/E18 -> 366.13995 | H69: =E72/E18 -> 366.13995 | J69: =(H69*(217/145-1))+H69 -> 547.94738 | L69: =(J69*($D$14/$D$13-1))+J69 -> 673.01305 | N69: Fuel | S69: =+R72/R18 -> 341.97312 | U69: =R72/R18 -> 341.97312 | W69: =(U69*(217/145-1))+U69 -> 511.78046 | Y69: =(W69*($D$14/$D$13-1))+W69 -> 628.59125 | AA69: Fuel | AF69: =+AE72/AE18 -> 640.81255 | AH69: =AE72/AE18 -> 640.81255 | AJ69: =(AH69*(217/145-1))+AH69 -> 959.00913 | AL69: =(AJ69*($D$14/$D$13-1))+AJ69 -> 1177.8971
A70: • | B70: 3x Hydrants, pipework, cathodic protection, valve chamber (1 per 3 stands), ESD (Emergency shut-down valve) | C70: Item | E70: 2236042.4 | N70: • | O70: 1x Hydrant, pipework, cathodic protection, valve chamber (1 per 3 stands), ESD | P70: Item | R70: 1584247.3 | AA70: • | AB70: 1x Hydrant, pipework, cathodic protection, valve chamber (1 per 3 stands), ESD | AC70: Item | AE70: 1315902.7
A71: • | B71: Fuel civils | C71: Item | E71: 253709.26 | N71: • | O71: Fuel civils | P71: Item | R71: 194012.96 | AA71: • | AB71: Fuel civils | AC71: Item | AE71: 119517.46
E72: =SUM(E70:E71) -> 2489751.7 | R72: =SUM(R70:R71) -> 1778260.2 | AE72: =SUM(AE70:AE71) -> 1435420.1
B75: Total | F75: =SUM(F35:F74) -> 1664.4776 | G75: /m2 | H75: =ROUND(SUM(H35:H74),-1) -> 1770 | I75: /m² | J75: =ROUND(SUM(J35:J74),-1) -> 2660 | K75: /m² | L75: =ROUND(SUM(L35:L74),-1) -> 3170 | M75: /m² | O75: Total | S75: =SUM(S35:S74) -> 1728.5456 | T75: /m2 | U75: =ROUND(SUM(U35:U74),-1) -> 1840 | V75: /m² | W75: =ROUND(SUM(W35:W74),-1) -> 2750 | X75: /m² | Y75: =ROUND(SUM(Y35:Y74),-1) -> 3290 | Z75: /m² | AB75: Total | AF75: =SUM(AF35:AF74) -> 2006.8866 | AG75: /m2 | AH75: =ROUND(SUM(AH35:AH74),-1) -> 2090 | AI75: /m² | AJ75: =ROUND(SUM(AJ35:AJ74),-1) -> 3120 | AK75: /m² | AL75: =ROUND(SUM(AL35:AL74),-1) -> 3750 | AM75: /m²
B78: Macerator & sewer dump facility required - operations dependant
AM79: Page 19
AL80: Back to Contents
B82: Security Fencing
B83: • Concrete panel fencing
B84: • Security (PIDS) | D84: 3000 | F84: /m
B85: • Lighting | D85: 1400 | F85: /m
D86: 400 | F86: /m

Sheet Code F,C Taxilane & Serv Roads
A3: =[5]Cover!$A$5 -> AIRPORT DEVELOPMENT COST
A5: ='Master Apron stands'!A5:W5 -> 2. STANDS, TAXILANES AND SERVICE ROADS
A7: ='Master Apron stands'!A7 -> 43040
A11: 2.3 APPROXIMATE RATE BUILD-UP FOR TAXILANES & SERVICE ROADS
B12: BER Index
B13: Base Date | C13: 43040 | D13: 217.6 | E13: ='New Bldg Rates'!M4 -> Reference 2021 Q4 Table 2 - BER Building Cost Index
B14: Current Date | C14: ='Code C,E & F stands'!C14 -> 44621 | D14: ='New Bldg Rates'!L5 -> 267.26588
F16: WHBO TENDER RATES | H16: ='Code C,E & F stands'!$H$16 -> Estimated Rates | T16: WHBO TENDER RATES | V16: ='Code C,E & F stands'!$H$16 -> Estimated Rates | AG16: WHBO TENDER RATES | AI16: ='Code C,E & F stands'!$H$16 -> Estimated Rates | AT16: WHBO TENDER RATES | AV16: ='Code C,E & F stands'!$H$16 -> Estimated Rates
A17: Code E/F Taxilane | O17: Code C Taxilane | AB17: Service Roads (10m wide) - AIRSIDE | AO17: Service Roads (dual carriageway, 15m wide)
H18: ='Code C,E & F stands'!$H$18 -> Base Date Jan '09 | K18: Base Date Nov '17 | M18: ='Code C,E & F stands'!L18 -> 44621 | V18: ='Code C,E & F stands'!$H$18 -> Base Date Jan '09 | X18: Base Date Nov '17 | Z18: ='Code C,E & F stands'!L18 -> 44621 | AI18: ='Code C,E & F stands'!$H$18 -> Base Date Jan '09 | AK18: Base Date Nov '17 | AM18: =Z18 -> 44621 | AP18: (not necessarily airside) | AV18: ='Code C,E & F stands'!$H$18 -> Base Date Jan '09 | AX18: Base Date Nov '17 | AZ18: =Z18 -> 44621
AF19: 10 | AS19: 15
A22: Civils & Surfacing | O22: Civils & Surfacing | AB22: Civils & Surfacing | AO22: Civils & Surfacing
A23: • | B23: Roadmarking | F23: 5.93 | H23: 8 | K23: =(H23*(217/145-1))+H23 -> 11.972414 | M23: =(K23*($D$14/$D$13-1))+K23 -> 14.705045 | O23: • | P23: Roadmarking | T23: 5.93 | V23: 8 | X23: =(V23*(217/145-1))+V23 -> 11.972414 | Z23: =(X23*($D$14/$D$13-1))+X23 -> 14.705045 | AB23: • | AC23: Roadmarking | AG23: 5.93 | AI23: 2.5 | AK23: =(AI23*(217/145-1))+AI23 -> 3.7413793 | AM23: =(AK23*($D$14/$D$13-1))+AK23 -> 4.5953264 | AO23: • | AP23: Roadmarking | AT23: 5.93 | AV23: =+AT23*1.1 -> 6.523 | AX23: =(AV23*(217/145-1))+AV23 -> 9.7620069 | AZ23: =(AX23*($D$14/$D$13-1))+AX23 -> 11.990126
A24: • | B24: Stone mastic asphalt AE-2 mod binder (80/100) 40mm | F24: =104.45+2.92 -> 107.37 | H24: =+F24 -> 107.37 | K24: =(H24*(217/145-1))+H24 -> 160.68476 | M24: =(K24*($D$14/$D$13-1))+K24 -> 197.36008 | O24: • | P24: Stone mastic asphalt AE-2 mod binder (80/100) 40mm | T24: =104.45+2.92 -> 107.37 | V24: =+T24 -> 107.37 | X24: =(V24*(217/145-1))+V24 -> 160.68476 | Z24: =(X24*($D$14/$D$13-1))+X24 -> 197.36008 | AB24: • | AC24: Kerbing | AI24: =130*2/AF19 -> 26 | AK24: =(AI24*(217/145-1))+AI24 -> 38.910345 | AM24: =(AK24*($D$14/$D$13-1))+AK24 -> 47.791395 | AO24: • | AP24: Kerbing | AT24: =130*2/AS19 -> 17.333333 | AV24: =+AT24 -> 17.333333 | AX24: =(AV24*(217/145-1))+AV24 -> 25.94023 | AZ24: =(AX24*($D$14/$D$13-1))+AX24 -> 31.86093
A25: • | B25: Coarse continuously graded hotmix (60/70) (BTB) 90mm | F25: =166.39+6.11+2.92 -> 175.42 | H25: =+F25/80*90 -> 197.3475 | K25: =(H25*(217/145-1))+H25 -> 295.34074 | M25: =(K25*($D$14/$D$13-1))+K25 -> 362.75047 | O25: • | P25: Coarse continuously graded hotmix (60/70) (BTB) 60mm | T25: =124.8+6.11+2.92 -> 133.83 | V25: =+T25 -> 133.83 | X25: =(V25*(217/145-1))+V25 -> 200.28352 | Z25: =(X25*($D$14/$D$13-1))+X25 -> 245.99702 | AB25: • | AC25: Medium continuously graded hot mix (60/70) 40mm | AG25: =81.49+6.11+2.92 -> 90.52 | AI25: =+AG25 -> 90.52 | AK25: =(AI25*(217/145-1))+AI25 -> 135.46786 | AM25: =(AK25*($D$14/$D$13-1))+AK25 -> 166.38758 | AO25: • | AP25: Medium continuously graded hot mix (60/70) 40mm | AT25: =81.49+6.11+2.92 -> 90.52 | AV25: =+AT25 -> 90.52 | AX25: =(AV25*(217/145-1))+AV25 -> 135.46786 | AZ25: =(AX25*($D$14/$D$13-1))+AX25 -> 166.38758
A26: • | B26: G1 crushed stone 125mm (88% ARD) | E26: 350 | F26: =345.66*0.15 -> 51.849 | H26: =E26*0.125 -> 43.75 | K26: =(H26*(217/145-1))+H26 -> 65.474138 | M26: =(K26*($D$14/$D$13-1))+K26 -> 80.418213 | O26: • | P26: G1 crushed stone 125mm (88% ARD) | S26: =E26 -> 350 | T26: =345.66*0.125 -> 43.2075 | V26: =S26*0.125 -> 43.75 | X26: =(V26*(217/145-1))+V26 -> 65.474138 | Z26: =(X26*($D$14/$D$13-1))+X26 -> 80.418213 | AB26: • | AC26: G1 crushed stone 150mm (88% ARD) | AF26: =E26 -> 350 | AG26: =345.66*0.125 -> 43.2075 | AI26: =AF26*0.15 -> 52.5 | AK26: =(AI26*(217/145-1))+AI26 -> 78.568966 | AM26: =(AK26*($D$14/$D$13-1))+AK26 -> 96.501855 | AO26: • | AP26: G1 crushed stone 150mm (88% ARD) | AS26: =E26 -> 350 | AT26: =345.66*0.125 -> 43.2075 | AV26: =AS26*0.15 -> 52.5 | AX26: =(AV26*(217/145-1))+AV26 -> 78.568966 | AZ26: =(AX26*($D$14/$D$13-1))+AX26 -> 96.501855
A27: • | B27: Stabilised layer C3 150mm (97% MOD AASHTO) | E27: ='Code C,E & F stands'!E27 -> 375 | F27: =146.85*0.15+265.11*0.15 -> 61.794 | H27: =E27*0.15 -> 56.25 | K27: =(H27*(217/145-1))+H27 -> 84.181034 | M27: =(K27*($D$14/$D$13-1))+K27 -> 103.39484 | O27: • | P27: Stabilised layer C3 150mm (97% MOD AASHTO) | S27: =E27 -> 375 | T27: =146.85*0.15+265.11*0.15 -> 61.794 | V27: =S27*0.15 -> 56.25 | X27: =(V27*(217/145-1))+V27 -> 84.181034 | Z27: =(X27*($D$14/$D$13-1))+X27 -> 103.39484 | AB27: • | AC27: Stabilised layer C3 150mm (97% MOD AASHTO) | AF27: =S27 -> 375 | AG27: =146.85*0.15+265.11*0.15 -> 61.794 | AI27: =AF27*0.15 -> 56.25 | AK27: =(AI27*(217/145-1))+AI27 -> 84.181034 | AM27: =(AK27*($D$14/$D$13-1))+AK27 -> 103.39484 | AO27: • | AP27: Stabilised layer C3 150mm (97% MOD AASHTO) | AS27: =AF27 -> 375 | AT27: =146.85*0.15+265.11*0.15 -> 61.794 | AV27: =AS27*0.15 -> 56.25 | AX27: =(AV27*(217/145-1))+AV27 -> 84.181034 | AZ27: =(AX27*($D$14/$D$13-1))+AX27 -> 103.39484
A28: • | B28: Stabilised layer C3 150mm (97% MOD AASHTO) | E28: =E27 -> 375 | F28: =146.85*0.15+265.11*0.15 -> 61.794 | H28: =E28*0.15 -> 56.25 | K28: =(H28*(217/145-1))+H28 -> 84.181034 | M28: =(K28*($D$14/$D$13-1))+K28 -> 103.39484 | O28: • | P28: Stabilised layer C3 150mm (97% MOD AASHTO) | S28: =E28 -> 375 | T28: =146.85*0.15+265.11*0.15 -> 61.794 | V28: =S28*0.15 -> 56.25 | X28: =(V28*(217/145-1))+V28 -> 84.181034 | Z28: =(X28*($D$14/$D$13-1))+X28 -> 103.39484 | AB28: • | AC28: Stabilised layer C4 150mm (95% MOD AASHTO) | AF28: =S29 -> 360 | AG28: =146.85*0.15+178.18*0.15 -> 48.7545 | AI28: =AF28*0.15 -> 54 | AK28: =(AI28*(217/145-1))+AI28 -> 80.813793 | AM28: =(AK28*($D$14/$D$13-1))+AK28 -> 99.259051 | AO28: • | AP28: Stabilised layer C4 150mm (95% MOD AASHTO) | AS28: =AF28 -> 360 | AT28: =146.85*0.15+178.18*0.15 -> 48.7545 | AV28: =AS28*0.15 -> 54 | AX28: =(AV28*(217/145-1))+AV28 -> 80.813793 | AZ28: =(AX28*($D$14/$D$13-1))+AX28 -> 99.259051
A29: • | B29: Stabilised layer C4 150mm (95% MOD AASHTO) | E29: ='Code C,E & F stands'!E28 -> 360 | F29: =146.85*0.2+265.11*0.2 -> 82.392 | H29: =E29*0.15 -> 54 | K29: =(H29*(217/145-1))+H29 -> 80.813793 | M29: =(K29*($D$14/$D$13-1))+K29 -> 99.259051 | O29: • | P29: Stabilised layer C4 150mm (95% MOD AASHTO) | S29: =E29 -> 360 | T29: =146.85*0.2+265.11*0.2 -> 82.392 | V29: =S29*0.15 -> 54 | X29: =(V29*(217/145-1))+V29 -> 80.813793 | Z29: =(X29*($D$14/$D$13-1))+X29 -> 99.259051 | AB29: • | AC29: G7 Selected layer 150mm (95% MOD AASHTO) | AF29: =S30 -> 190 | AG29: =+AG30 -> 25.599 | AI29: =AF29*0.15 -> 28.5 | AK29: =(AI29*(217/145-1))+AI29 -> 42.651724 | AM29: =(AK29*($D$14/$D$13-1))+AK29 -> 52.386721 | AO29: • | AP29: G7 Selected layer 150mm (95% MOD AASHTO) | AS29: =AF29 -> 190 | AT29: =170.66*0.15 -> 25.599 | AV29: =AS29*0.15 -> 28.5 | AX29: =(AV29*(217/145-1))+AV29 -> 42.651724 | AZ29: =(AX29*($D$14/$D$13-1))+AX29 -> 52.386721
A30: • | B30: G7 Selected layer 150mm (95% MOD AASHTO) | E30: ='Code C,E & F stands'!E29 -> 190 | F30: =+F31 -> 27 | H30: =E30*0.15 -> 28.5 | K30: =(H30*(217/145-1))+H30 -> 42.651724 | M30: =(K30*($D$14/$D$13-1))+K30 -> 52.386721 | O30: • | P30: G7 Selected layer 200mm (93% MOD AASHTO) | S30: =E30 -> 190 | V30: =S30*0.2 -> 38 | X30: =(V30*(217/145-1))+V30 -> 56.868966 | Z30: =(X30*($D$14/$D$13-1))+X30 -> 69.848962 | AB30: • | AC30: G7 Selected layer 150mm (93% MOD AASHTO) | AF30: =AF29 -> 190 | AG30: =170.66*0.15 -> 25.599 | AI30: =AF30*0.15 -> 28.5 | AK30: =(AI30*(217/145-1))+AI30 -> 42.651724 | AM30: =(AK30*($D$14/$D$13-1))+AK30 -> 52.386721 | AO30: • | AP30: G7 Selected layer 150mm (93% MOD AASHTO) | AS30: =AS29 -> 190 | AT30: =170.66*0.15 -> 25.599 | AV30: =AS30*0.15 -> 28.5 | AX30: =(AV30*(217/145-1))+AV30 -> 42.651724 | AZ30: =(AX30*($D$14/$D$13-1))+AX30 -> 52.386721
A31: • | B31: G7 Selected layer 150mm (93% MOD AASHTO) | E31: ='Code C,E & F stands'!E29 -> 190 | F31: =180*0.15 -> 27 | H31: =E31*0.15 -> 28.5 | K31: =(H31*(217/145-1))+H31 -> 42.651724 | M31: =(K31*($D$14/$D$13-1))+K31 -> 52.386721 | O31: • | P31: Sub-soil drainage | T31: 16.388063 | V31: =+T31*1.05 -> 17.207466 | X31: =(V31*(217/145-1))+V31 -> 25.751863 | Z31: =(X31*($D$14/$D$13-1))+X31 -> 31.62957 | AB31: • | AC31: Earthworks (Box Cut) | AF31: =S33 -> 55 | AG31: =(1*45)*(0.77) -> 34.65 | AI31: =AF31*(0.04+0.15*5) -> 43.45 | AK31: =(AI31*(217/145-1))+AI31 -> 65.025172 | AM31: =(AK31*($D$14/$D$13-1))+AK31 -> 79.866774 | AO31: • | AP31: Earthworks (Box Cut) | AS31: =AF31 -> 55 | AT31: =(1*45)*(0.79) -> 35.55 | AV31: =AS31*(0.04+0.15*5) -> 43.45 | AX31: =(AV31*(217/145-1))+AV31 -> 65.025172 | AZ31: =(AX31*($D$14/$D$13-1))+AX31 -> 79.866774
A32: • | B32: In-situ compaction | H32: ='Code C,E & F stands'!$H$31 -> 10 | K32: =(H32*(217/145-1))+H32 -> 14.965517 | M32: =(K32*($D$14/$D$13-1))+K32 -> 18.381306 | O32: • | P32: In-situ compaction | V32: ='Code C,E & F stands'!$H$31 -> 10 | X32: =(V32*(217/145-1))+V32 -> 14.965517 | Z32: =(X32*($D$14/$D$13-1))+X32 -> 18.381306 | AB32: • | AC32: In-situ compaction | AI32: ='Code C,E & F stands'!$H$31 -> 10 | AK32: =(AI32*(217/145-1))+AI32 -> 14.965517 | AM32: =(AK32*($D$14/$D$13-1))+AK32 -> 18.381306 | AO32: • | AP32: In-situ compaction | AV32: ='Code C,E & F stands'!$H$31 -> 10 | AX32: =(AV32*(217/145-1))+AV32 -> 14.965517 | AZ32: =(AX32*($D$14/$D$13-1))+AX32 -> 18.381306
A33: • | B33: Sub-soil drainage | F33: 16.733686 | H33: =+F33*1.05 -> 17.57037 | K33: =(H33*(217/145-1))+H33 -> 26.294968 | M33: =(K33*($D$14/$D$13-1))+K33 -> 32.296634 | O33: • | P33: Earthworks (Box Cut) | S33: =E34 -> 55 | T33: =(1*45)*(0.675) -> 30.375 | V33: =S33*(0.04+0.06+0.125+3*0.15+0.2) -> 48.125 | X33: =(V33*(217/145-1))+V33 -> 72.021552 | Z33: =(X33*($D$14/$D$13-1))+X33 -> 88.460034 | AB33: • | AC33: Clearing & grubbing | AG33: =11544.79/10000 -> 1.154479 | AI33: =+AG33*1.1 -> 1.2699269 | AK33: =(AI33*(217/145-1))+AI33 -> 1.9005113 | AM33: =(AK33*($D$14/$D$13-1))+AK33 -> 2.3342915 | AO33: • | AP33: Clearing & grubbing | AT33: =11544.79/10000 -> 1.154479 | AV33: =+AT33*1.1 -> 1.2699269 | AX33: =(AV33*(217/145-1))+AV33 -> 1.9005113 | AZ33: =(AX33*($D$14/$D$13-1))+AX33 -> 2.3342915
A34: • | B34: Earthworks (Box Cut) | E34: ='Code C,E & F stands'!E33 -> 55 | F34: =(1*45)*(0.65+0.08+0.04) -> 34.65 | H34: =E34*(0.04+0.09+0.125+5*0.15) -> 55.275 | K34: =(H34*(217/145-1))+H34 -> 82.721897 | M34: =(K34*($D$14/$D$13-1))+K34 -> 101.60267 | O34: • | P34: Clearing & grubbing | T34: =11544.79/10000 -> 1.154479 | V34: =+T34*1.1 -> 1.2699269 | X34: =(V34*(217/145-1))+V34 -> 1.9005113 | Z34: =(X34*($D$14/$D$13-1))+X34 -> 2.3342915 | AC34: Sub-Total : Civils & Surfacing | AG34: =SUM(AG31:AG31) -> 34.65 | AH34: /m2 | AI34: =SUM(AI23:AI33) -> 393.48993 | AJ34: /m² | AK34: =SUM(AK23:AK33) -> 588.87803 | AL34: /m² | AM34: =SUM(AM23:AM33) -> 723.28587 | AN34: /m² | AP34: Sub-Total : Civils & Surfacing | AT34: =SUM(AT31:AT31) -> 35.55 | AU34: /m2 | AV34: =SUM(AV23:AV33) -> 388.84626 | AW34: /m² | AX34: =SUM(AX23:AX33) -> 581.92854 | AY34: /m² | AZ34: =SUM(AZ23:AZ33) -> 714.7502 | BA34: /m²
A35: • | B35: Clearing & grubbing | F35: =11544.79/10000 -> 1.154479 | H35: =+F35*1.1 -> 1.2699269 | K35: =(H35*(217/145-1))+H35 -> 1.9005113 | M35: =(K35*($D$14/$D$13-1))+K35 -> 2.3342915
B36: Sub-Total : Civils & Surfacing | F36: =SUM(F34:F34) -> 34.65 | G36: /m2 | H36: =SUM(H23:H35) -> 664.0828 | I36: /m² | J36: =+(H36-F36)/F36 -> 18.165449 | K36: =SUM(K23:K35) -> 993.83425 | L36: /m² | M36: =SUM(M23:M35) -> 1220.6709 | N36: /m² | P36: Sub-Total : Civils & Surfacing | T36: =SUM(T33:T33) -> 30.375 | U36: /m2 | V36: =SUM(V23:V34) -> 574.05239 | W36: /m² | X36: =SUM(X23:X35) -> 859.0991 | Y36: /m² | Z36: =SUM(Z23:Z35) -> 1055.1833 | AA36: /m²
AB38: Stormwater | AG38: =+AF41/10 -> 253.86667 | AI38: =AF41/AF19 -> 253.86667 | AK38: =(AI38*(217/145-1))+AI38 -> 379.9246 | AM38: =(AK38*($D$14/$D$13-1))+AK38 -> 466.64008 | AO38: Stormwater | AT38: =+AS41/15 -> 338.48889 | AV38: =AS41/AS19 -> 338.48889 | AX38: =(AV38*(217/145-1))+AV38 -> 506.56613 | AZ38: =(AX38*($D$14/$D$13-1))+AX38 -> 622.18678
AB39: • | AC39: Concrete pipework with inlets | AD39: 1 | AE39: =2000*1.12 -> 2240 | AF39: =+AE39*AD39 -> 2240 | AO39: • | AP39: Concrete pipework with inlets | AQ39: 2 | AR39: =2000*1.12 -> 2240 | AS39: =+AR39*AQ39 -> 4480
AB40: • | AC40: Catchpits/manholes | AD40: =1/30 -> 0.033333333 | AE40: =8000*1.12 -> 8960 | AF40: =+AE40*AD40 -> 298.66667 | AO40: • | AP40: Catchpits/manholes | AQ40: =2/30 -> 0.066666667 | AR40: =8000*1.12 -> 8960 | AS40: =+AR40*AQ40 -> 597.33333
AF41: =SUM(AF39:AF40) -> 2538.6667 | AS41: =SUM(AS39:AS40) -> 5077.3333
AB42: Sleeves | AG42: =+AF46/10 -> 52.266667 | AI42: =AF46/AF19 -> 52.266667 | AK42: =(AI42*(217/145-1))+AI42 -> 78.21977 | AM42: =(AK42*($D$14/$D$13-1))+AK42 -> 96.072958 | AO42: Sleeves | AT42: =+AS46/15 -> 34.844444 | AV42: =AS46/AS19 -> 34.844444 | AX42: =(AV42*(217/145-1))+AV42 -> 52.146513 | AZ42: =(AX42*($D$14/$D$13-1))+AX42 -> 64.048639
AB43: • | AC43: 1/110 Electrical sleeves | AD43: 1 | AE43: =(100+100)*1.12 -> 224 | AF43: =+AE43*AD43 -> 224 | AO43: • | AP43: 1/110 Electrical sleeves | AQ43: 1 | AR43: =(100+100)*1.12 -> 224 | AS43: =+AR43*AQ43 -> 224
AB44: • | AC44: Additional sleeves req? | AF44: note | AO44: • | AP44: Additional sleeves req? | AS44: note
AB45: • | AC45: Manholes | AD45: =1/30 -> 0.033333333 | AE45: =8000*1.12 -> 8960 | AF45: =+AE45*AD45 -> 298.66667 | AO45: • | AP45: Manholes | AQ45: =1/30 -> 0.033333333 | AR45: =8000*1.12 -> 8960 | AS45: =+AR45*AQ45 -> 298.66667
AF46: =SUM(AF43:AF45) -> 522.66667 | AS46: =SUM(AS43:AS45) -> 522.66667
B51: Total | F51: =SUM(F37:F50) -> 0 | G51: /m2 | H51: =ROUND(SUM(H36:H49),-1) -> 660 | I51: /m² | K51: =ROUND(SUM(K36:K49),-1) -> 990 | L51: /m² | M51: =ROUND(SUM(M36:M49),-1) -> 1220 | N51: /m² | P51: Total | T51: =SUM(T36:T50) -> 30.375 | U51: /m2 | V51: =ROUND(SUM(V36:V49),-1) -> 570 | W51: /m² | X51: =ROUND(SUM(X36:X49),-1) -> 860 | Y51: /m² | Z51: =ROUND(SUM(Z36:Z49),-1) -> 1060 | AA51: /m² | AC51: Total | AG51: =SUM(AG34:AG50) -> 340.78333 | AH51: /m2 | AI51: =ROUND(SUM(AI34:AI49),-1) -> 700 | AJ51: /m² | AK51: =ROUND(SUM(AK34:AK49),-1) -> 1050 | AL51: /m² | AM51: =ROUND(SUM(AM34:AM49),-1) -> 1290 | AN51: /m² | AP51: Total | AT51: =SUM(AT34:AT50) -> 408.88333 | AU51: /m2 | AV51: =ROUND(SUM(AV34:AV49),-1) -> 760 | AW51: /m² | AX51: =ROUND(SUM(AX34:AX49),-1) -> 1140 | AY51: /m² | AZ51: =ROUND(SUM(AZ34:AZ49),-1) -> 1400 | BA51: /m²
A56: Optional Lighting | O56: Optional Lighting | AB56: Optional Lighting | AG56: =+AF57/10 -> #VALUE! | AO56: Optional Lighting | AT56: =+AS57/10 -> #VALUE!
A57: • | B57: Centre lighting | D57: =(4200000/1100)*1.12 -> 4276.3636 | E57: /m | F57: =+D57/(25.25+50.5) -> 56.453645 | K57: =D57*1.12 -> 4789.5273 | L57: /m | M57: =(K57*($D$14/$D$13-1))+K57 -> 5882.7078 | N57: /m | O57: • | P57: Centre lighting | R57: =(4200000/1100)*1.12 -> 4276.3636 | S57: /m | T57: =+R57/(25.25+50.5) -> 56.453645 | X57: =R57*1.12 -> 4789.5273 | Y57: /m | Z57: =(X57*($D$14/$D$13-1))+X57 -> 5882.7078 | AA57: /m | AB57: • | AC57: Light poles & reticulation | AD57: 1 | AE57: 493 | AF57: /m | AK57: =AE57*1.12 -> 552.16 | AL57: /m | AM57: =(AK57*($D$14/$D$13-1))+AK57 -> 678.18717 | AN57: /m | AO57: • | AP57: Light poles & reticulation | AQ57: 1 | AR57: 493 | AS57: /m | AX57: =AR57*1.12 -> 552.16 | AY57: /m | AZ57: =(AX57*($D$14/$D$13-1))+AX57 -> 678.18717 | BA57: /m
A58: • | B58: Optional extra for edge lighting (both sides) | D58: =D57*2 -> 8552.7273 | E58: /m | G58: =+D58/(25.25+50.5) -> 112.90729 | K58: =D58*1.12 -> 9579.0545 | L58: /m | M58: =(K58*($D$14/$D$13-1))+K58 -> 11765.416 | N58: /m | O58: • | P58: Optional extra for edge lighting (both sides) | R58: =R57*2 -> 8552.7273 | S58: /m | U58: =+R58/(25.25+50.5) -> 112.90729 | X58: =R58*1.12 -> 9579.0545 | Y58: /m | Z58: =(X58*($D$14/$D$13-1))+X58 -> 11765.416 | AA58: /m
BA61: Page 20
AZ62: Back to Contents
J65: =+(H51-F51)/F51 -> #DIV/0!

Sheet Sample Estimate
A3: =[5]Cover!$A$5 -> AIRPORT DEVELOPMENT COST
A5: ='Master Apron stands'!$A$5 -> 2. STANDS, TAXILANES AND SERVICE ROADS
A7: ='Master Apron stands'!A7 -> 43040
A11: 2.4 SAMPLE ESTIMATE FOR STANDS, TAXILANES & SERVICE ROADS
A15: 7No x Code C | H15: Order-of-Magnitude Assessment | O15: w | P15: l | Q15: No
A16: remote stands | N16: Code c | O16: ='Master Apron stands'!Q31 -> 40 | P16: ='Master Apron stands'!R31 -> 56 | Q16: 7
A17: adjacent to existing Taxiway - allow 47m wide apron behind aircraft | N17: Wingtip clearance | O17: ='Master Apron stands'!S38 -> 7.5 | Q17: 7
A18: (Golf Apron - Alpha Taxiway) | N18: Overall length | O18: =O16*Q16+O17*Q17 -> 332.5
F19: =O18*O22 -> 37240
N20: Service road front | O20: 10
A21: 1 | B21: Area adjacent to service road | D21: n/a | E21: 5 | H21: ='Master Apron stands'!X14 -> 1150 | J21: =F21*H21 -> 0 | N21: Apron back | O21: 46
N22: Overall width | O22: =P16+O20+O21 -> 112
A23: =A21+1 -> 2 | B23: Service Roads
B24: • Front & Side service road | D24: =O18+P16*2 -> 444.5 | E24: 10 | F24: =D24*E24 -> 4445 | H24: ='Master Apron stands'!X41 -> 1220 | J24: =F24*H24 -> 5422900
B25: • Tail service road | D25: use apron | E25: 10 | H25: ='Master Apron stands'!X41 -> 1220 | J25: =F25*H25 -> 0
A27: =A23+1 -> 3 | B27: Stands
B28: • 7No Code C Stand | C28: 7 | D28: =O16 -> 40 | E28: =P16 -> 56 | F28: =D28*E28*C28 -> 15680 | H28: ='Master Apron stands'!X31 -> 3750 | J28: =F28*H28 -> 58800000
A31: =A27+1 -> 4 | B31: Areas between to stand boxes
B32: • Total Code C | C32: 7 | D32: =O16+O17 -> 47.5 | E32: =E28 -> 56 | F32: =D32*E32*C32 -> 18620
B33: • Deduct stand boxes | F33: =-SUM(F28:F28) -> -15680
F34: =SUM(F32:F33) -> 2940 | H34: =H28 -> 3750 | J34: =F34*H34 -> 11025000
A36: =A31+1 -> 5 | B36: Taxi Lane (behind aircraft - concrete) | D36: =O18 -> 332.5 | E36: =O21 -> 46 | F36: =D36*E36 -> 15295 | H36: ='Master Apron stands'!X49 -> 1060 | J36: =F36*H36 -> 16212700
A38: =A36+1 -> 6 | B38: CCTV & Wifi for BRS | C38: =SUM(C28:C28) -> 7 | H38: =50000*1.1 -> 55000 | J38: =C38*H38 -> 385000
A40: =A38+1 -> 7 | B40: Fencing
B41: • Concrete panels incl. PIDS & Lighting | D41: n/a | H41: ='New Bldg Rates'!H54 -> 5973.7053
H43: =J43/$F$19 -> 2466.3158 | J43: =SUM(J21:J41) -> 91845600
B44: Add:
B45: • Preliminaries (P&G) | H45: ='New Bldg Rates'!L16 -> 0.15 | J45: =J43*H45 -> 13776840
E48: Sub-Total | H48: =J48/$F$19 -> 2836.2632 | J48: =SUM(J43:J47) -> 105622440
B50: • Insurances, security, etc | H50: ='New Bldg Rates'!M16 -> 0.02 | J50: =(J48)*H50 -> 2112448.8
B52: • Contingencies | H52: ='New Bldg Rates'!N16 -> 0.1 | J52: =SUM(J48:J51)*H52 -> 10773489
B54: Add:
B55: • Escalation
B56: Base date | C56: ='Master Apron stands'!A7 -> 43040
B57: Commencement date | C57: 43525 | D57: =(C57-C56)/(365/12) -> 15.945205 | E57: 0.07 | F57: p.a. | J57: =J48*(E57/12)*D57 -> 9824333.8
B58: Completion date | C58: 43678 | D58: =(C58-C57)/(365/12) -> 5.030137 | E58: 0.07 | F58: p.a., cashflow | H58: 0.6 | J58: =(J57+J48)*(E58/12*D58)*H58 -> 2032495.8
B61: • Professional Fees | H61: ='New Bldg Rates'!O16 -> 0.18 | J61: =SUM(J47:J59)*H61 -> 23465737
B65: Total | G65: overall | H65: =J65/F19 -> 4130.7987 | J65: =SUM(J47:J63) -> 1.5383094e+08

Sheet ICAO Tables (Taxiw)
A3: =[5]Cover!$A$5 -> AIRPORT DEVELOPMENT COST
A5: 3. TAXIWAYS
A10: 3.1 TABLES EXTRACTED FROM ICAO ANNEX 14 VOLUME 1 - TAXIWAYS (FOR INFORMATION ONLY)
C12: page 1-8 Table 1-1 Aerodrome Reference Code | P12: page 3-13 Table 3-1 Taxiway minimum separation distances
D14: CODE ELEMENT 1 | R14: DISTANCE BETWEEN TWY CENTRE LINE AND RWY centreline (meters) | AH14: TWY centreline | AK14: TWY centreline | AN14: Taxilane centre
D15: Code | F15: Aerodrome reference field length * | P15: Code | R15: Instrument Runways Code number | Z15: Non-Instrument Runways Code number | AH15: to TWY centreline | AK15: to object | AN15: line to object
D16: number | P16: letter | R16: 1 | T16: =R16+1 -> 2 | V16: =T16+1 -> 3 | X16: =V16+1 -> 4 | Z16: 1 | AB16: =Z16+1 -> 2 | AD16: =AB16+1 -> 3 | AF16: =AD16+1 -> 4 | AH16: (meters) | AK16: (meters) * | AN16: (meters)
D17: 1 | F17: Less than 800m | P17: A | R17: 82.5 | T17: 82.5 | V17: 0 | X17: 0 | Z17: 37.5 | AB17: 47.5 | AD17: 0 | AF17: 0 | AH17: 23.75 | AK17: 16.25 | AN17: 12
D19: =D17+1 -> 2 | F19: 800m up to but not including 1 200m | P19: B | R19: 87 | T19: 87 | V19: 0 | X19: 0 | Z19: 42 | AB19: 52 | AD19: 0 | AF19: 0 | AH19: 33.5 | AK19: 21.5 | AN19: 16.5
D21: =D19+1 -> 3 | F21: 1 200m up to but not including 1 800m | P21: C | R21: 0 | T21: 0 | V21: 168 | X21: 0 | Z21: 0 | AB21: 0 | AD21: 93 | AF21: 0 | AH21: 44 | AK21: 26 | AN21: 24.5
D23: =D21+1 -> 4 | F23: 1 800m and over | P23: D | R23: 0 | T23: 0 | V23: 176 | X23: 176 | Z23: 0 | AB23: 0 | AD23: 101 | AF23: 101 | AH23: 66.5 | AK23: 40.5 | AN23: 36
P25: E | R25: 0 | T25: 0 | V25: 0 | X25: 182.5 | Z25: 0 | AB25: 0 | AD25: 0 | AF25: 107.5 | AH25: 80 | AK25: 47.5 | AN25: 42.5
B26: * Aeroplane reference field length is the minimum length required for the take-off at maximum certificated take-off mass at sea level, standard atmospheric conditions, still air and zero runway slope
P27: F | R27: 0 | T27: 0 | V27: 0 | X27: 190 | Z27: 0 | AB27: 0 | AD27: 0 | AF27: 115 | AH27: 97.5 | AK27: 57.5 | AN27: 50.5
B30: page 1-8 Table 1-1 Aerodrome Reference Code | P30: * Other than aircraft stand taxilane, distance can be used for taxiway strip as well (incl. taxiway width)
B32: CODE ELEMENT 2
B33: Code | D33: Wing span | I33: Outer main gear wheel span (extreme distance) | P33: page 3-15 3.10.1 Recommended width of Taxiway Shoulders | AF33: page 3-15 - 3-16 Taxiway strip recommendations
B34: letter
B35: A | D35: Up to but not including 15m | I35: Up to but not including 4.5m | P35: Taxiway shoulders should extend symmetrically on each side of the taxiway so that overall width of the taxiway and its shoulders is not less than:- | AF35: Width of taxiway strips
AF36: As per * in table 3-1 above
B37: B | D37: 15m up to but not including 24m | I37: 4.5m up to but not including 6m | P37: • 60m where the code letter is F
P38: • 44m where the code letter is E | AF38: Grading of taxiway strips
B39: C | D39: 24m up to but not including 36m | I39: 6m up to but not including 9m | P39: • 38m where the code letter is D | AF39: Each side from centreline of taxiway the portion of the strip to be graded:-
P40: • 25m where the code letter is C
B41: D | D41: 36m up to but not including 52m | I41: 9m up to but not including 14m | AF41: • 11m for code A
P42: • where turbo-prop aeroplanes are used preparation against erosion is recommended | AF42: • 12.5m for code B & C
B43: E | D43: 52m up to but not including 65m | I43: 9m up to but not including 14m | P43: • drains should be appropriately placed to prevent damage to run-off aeroplanes | AF43: • 19m for code D
AF44: • 22m for code E
B45: F | D45: 65m up to but not including 80m | I45: 14m up to but not including 16m | AF45: • 30m for code F
B49: page 3-11 Table 3.9.5 Width of Taxiways
B51: Code | D51: Taxiway Width
B52: letter
B53: A | D53: 7.5m
B55: B | D55: 10.5m
B57: C | D57: 15m for aeroplanes with wheel base < 18m, 18m for aeroplanes with wheel base = or > 18m
B59: D | D59: 18m for aeroplanes with outer main gear wheel span <9m, 23m for aeroplanes with outer main gear wheel span = or > 9m
B61: E | D61: 23m
B63: F | D63: 25m

Sheet Sketches (Taxiw)
A3: =[5]Cover!$A$5 -> AIRPORT DEVELOPMENT COST
A5: ='ICAO Tables (Taxiw)'!A5:AQ5 -> 3. TAXIWAYS
A10: 3.2 DIAGRAMS - TAXIWAYS (CODE F)

Sheet Master Taxiways
A3: =[5]Cover!$A$5 -> AIRPORT DEVELOPMENT COST
A5: ='ICAO Tables (Taxiw)'!A5:AQ5 -> 3. TAXIWAYS
A7: 39814
A11: 3.3 TYPICAL DESIGN CRITERIA & MASTER RATES (Code F)
S12: Measurement | U12: Rate
U13: 2009 | W13: 2020
N15: a. | O15: Distance taxiway c/l to Code 4 runway c/l: | S15: 190m
N17: b. | O17: Taxiway incl. layerworks & edge lighting | S17: ='Code F Taxiway & SH'!C22 -> 25 | U17: =ROUND('Code F Taxiway & SH'!H54,-2) -> 1100 | W17: =ROUND('Code F Taxiway & SH'!M54,-2) -> 2000 | X17: page 9
N19: c. | O19: Taxiway shoulders (17.5m both sides) | S19: ='Code F Taxiway & SH'!S22*2 -> 35 | U19: ='Code F Taxiway & SH'!X39 -> 500 | W19: ='Code F Taxiway & SH'!AB39 -> 920 | X19: page 9
N21: d. | O21: Taxiway strip (27.5m both sides) | S21: ='Code F Taxiway & SH'!AH22*2 -> 55 | U21: ='Code F Taxiway & SH'!AM31 -> 50 | W21: ='Code F Taxiway & SH'!AQ31 -> 90 | X21: page 9
R23: Total width | S23: =SUM(S17:S22) -> 115
N25: e. | O25: Optional centreline lead-in/lead-off lights, Apron Edge Lights | U25: =ROUND('Code F Taxiway & SH'!E57,-2) -> 3800 | W25: =ROUND('Code F Taxiway & SH'!M57,-2) -> 7000 | X25: allowance
N27: f. | O27: Optional illumininated signs, stop bars | T27: R7 500 - | U27: 40000 | W27: =40000*1.15 -> 46000 | X27: allowance
N31: g. | O31: Exclusions:-
O32: • All Bulk Earthworks, only design layerworks included in above
O33: • Extraordinary ground conditions are excluded (coastal / RAS)
O34: • Layerwork rates assumed to be imported from commercial sources (review distance)
O35: • Bulk services reticulation to stands (Fuel, Stormwater, Water, etc.)
O36: • Ground power supply & backup generators
O37: • Stormwater attenuation
O38: • Relocation of existing services
O39: • Sustainability considerations according to ACSA policies
O40: (e.g. preservation of topsoil, rehabilitation of land damaged, landscaping, minimal off-site carting)
O41: • Fire fighting considerations e.g. emergency roads and signs
O42: • Fencing & security
O43: • Barriers, blast fences, etc.
... O50: that the bulk earthworks allowance be adequate to accommodate these requirements
B57: Parallel Taxiways
B58: RET (Rapid Exit Taxiways)
B59: Direct push back from stand into Taxiways to be avoided

Sheet Code F Runway & SH (2)
A3: =[5]Cover!$A$5 -> AIRPORT DEVELOPMENT COST
A5: ='Master Runways'!A5:W5 -> 4. RUNWAYS
A7: ='Master Apron stands'!A7 -> 43040
B10: BER Index
B11: Base Date | C11: 43040 | D11: 217.6 | E11: ='New Bldg Rates'!M4 -> Reference 2021 Q4 Table 2 - BER Building Cost Index
B12: Current Date | C12: ='Code C,E & F stands'!C14 -> 44621 | D12: ='New Bldg Rates'!L5 -> 267.26588
A14: 4.4 APPROXIMATE RATE BUILD-UP FOR TAXIWAYS WITH ASSOCIATED SHOULDERS & STRIPS (Code F)
F17: Base April '08 | H17: ='Code C,E & F stands'!$H$16 -> Estimated Rates | U17: Base April '08 | W17: ='Code C,E & F stands'!$H$16 -> Estimated Rates | AJ17: Base April '08 | AL17: ='Code C,E & F stands'!$H$16 -> Estimated Rates
A18: Runway Travel Way - Code F (all aircraft) | O18: Shoulders | AD18: Runway End Safety Area (RESA)
H19: ='Code C,E & F stands'!$H$18 -> Base Date Jan '09 | J19: Base Date Nov '17 | L19: ='Code F,C Taxilane & Serv Roads'!Z18 -> 44621 | W19: ='Code C,E & F stands'!$H$18 -> Base Date Jan '09 | Y19: Base Date Nov '17 | AA19: =L19 -> 44621 | AL19: ='Code C,E & F stands'!$H$18 -> Base Date Jan '09 | AN19: Base Date Nov '17 | AP19: =L19 -> 44621
C21: 60 | D21: m wide | R21: 7.5 | S21: m wide each side | AG21: 240 | AH21: m long each end
A22: Civils | O22: Civils | AG22: =60*2 -> 120 | AH22: m wide each side
A23: • | B23: Stone mastic asphalt AE-2 mod binder (80/100) 40mm | F23: =104.45+2.92 -> 107.37 | H23: =+F23 -> 107.37 | J23: =(H23*(217/145-1))+H23 -> 160.68476 | L23: =(J23*($D$12/$D$11-1))+J23 -> 197.36008 | O23: • | P23: 50 mm thick, medium grade using 150/200 | AD23: Civils
A24: • | B24: Coarse continuously graded hotmix (60/70) 90mm | F24: =166.39+6.11+2.92 -> 175.42 | H24: =+F24/80*90 -> 197.3475 | J24: =(H24*(217/145-1))+H24 -> 295.34074 | L24: =(J24*($D$12/$D$11-1))+J24 -> 362.75047 | P24: penetration-grade rubber bitumen | U24: 208.17 | W24: =+U24*1.05 -> 218.5785 | Y24: =(W24*(217/145-1))+W24 -> 327.11403 | AA24: =(Y24*($D$12/$D$11-1))+Y24 -> 401.77582 | AD24: • | AE24: Topsoil, grassing & sculpting | AL24: ='Code F Taxiway & SH'!AM25 -> 35 | AN24: =(AL24*(217/145-1))+AL24 -> 52.37931 | AP24: =(AN24*($D$12/$D$11-1))+AN24 -> 64.33457
A25: • | B25: G1 crushed stone 125mm | E25: ='Code F,C Taxilane & Serv Roads'!AF26 -> 350 | F25: =345.66*0.15 -> 51.849 | H25: =E25*0.125 -> 43.75 | J25: =(H25*(217/145-1))+H25 -> 65.474138 | L25: =(J25*($D$12/$D$11-1))+J25 -> 80.418213 | O25: • | P25: G1 crushed stone 125mm | T25: =E25 -> 350 | U25: =345.66*0.15 -> 51.849 | W25: =T25*0.125 -> 43.75 | Y25: =(W25*(217/145-1))+W25 -> 65.474138 | AA25: =(Y25*($D$12/$D$11-1))+Y25 -> 80.418213 | AD25: • | AE25: Selected layer G7 150mm | AI25: =T28 -> 190 | AJ25: =170.66*0.15 -> 25.599 | AL25: =AI25*0.15 -> 28.5 | AN25: =(AL25*(217/145-1))+AL25 -> 42.651724 | AP25: =(AN25*($D$12/$D$11-1))+AN25 -> 52.386721
A26: • | B26: Stabilised layer C3 175mm | E26: ='Code C,E & F stands'!E27 -> 375 | F26: =146.85*0.15+265.11*0.15 -> 61.794 | H26: =E26*0.175 -> 65.625 | J26: =(H26*(217/145-1))+H26 -> 98.211207 | L26: =(J26*($D$12/$D$11-1))+J26 -> 120.62732 | O26: • | P26: Stabilised layer C4 125mm | T26: ='Code F Taxiway & SH'!U28 -> 360 | U26: =146.85*0.2+265.11*0.2 -> 82.392 | W26: =T26*0.125 -> 45 | Y26: =(W26*(217/145-1))+W26 -> 67.344828 | AA26: =(Y26*($D$12/$D$11-1))+Y26 -> 82.715876 | AD26: • | AE26: Selected layer G7 150mm | AI26: =T28 -> 190 | AJ26: =170.66*0.15 -> 25.599 | AL26: =AI26*0.15 -> 28.5 | AN26: =(AL26*(217/145-1))+AL26 -> 42.651724 | AP26: =(AN26*($D$12/$D$11-1))+AN26 -> 52.386721
A27: • | B27: Stabilised layer C3 200mm | E27: =E26 -> 375 | F27: =146.85*0.15+265.11*0.15 -> 61.794 | H27: =E27*0.2 -> 75 | J27: =(H27*(217/145-1))+H27 -> 112.24138 | L27: =(J27*($D$12/$D$11-1))+J27 -> 137.85979 | O27: • | P27: Selected layer G5 150mm | T27: 220 | U27: =+U29 -> 25.599 | W27: =T27*0.15 -> 33 | Y27: =(W27*(217/145-1))+W27 -> 49.386207 | AA27: =(Y27*($D$12/$D$11-1))+Y27 -> 60.658309 | AD27: • | AE27: In-situ compaction | AL27: ='Code C,E & F stands'!$H$31 -> 10 | AN27: =(AL27*(217/145-1))+AL27 -> 14.965517 | AP27: =(AN27*($D$12/$D$11-1))+AN27 -> 18.381306
A28: • | B28: G7 Selected layer 150mm | E28: ='Code C,E & F stands'!E29 -> 190 | F28: =+F29 -> 27 | H28: =E28*0.15 -> 28.5 | J28: =(H28*(217/145-1))+H28 -> 42.651724 | L28: =(J28*($D$12/$D$11-1))+J28 -> 52.386721 | O28: • | P28: Selected layer G7 115mm | T28: =E28 -> 190 | U28: =170.66*0.15 -> 25.599 | W28: =T28*0.115 -> 21.85 | Y28: =(W28*(217/145-1))+W28 -> 32.699655 | AA28: =(Y28*($D$12/$D$11-1))+Y28 -> 40.163153 | AD28: • | AE28: Clearing & grubbing | AJ28: =11544.79/10000 -> 1.154479 | AL28: =+AJ28*1.1 -> 1.2699269 | AN28: =(AL28*(217/145-1))+AL28 -> 1.9005113 | AP28: =(AN28*($D$12/$D$11-1))+AN28 -> 2.3342915
A29: • | B29: G7 Selected layer 300mm | E29: =E28 -> 190 | F29: =180*0.15 -> 27 | H29: =E29*0.3 -> 57 | J29: =(H29*(217/145-1))+H29 -> 85.303448 | L29: =(J29*($D$12/$D$11-1))+J29 -> 104.77344 | O29: • | P29: Selected layer G7 200mm | T29: ='Code F Taxiway & SH'!U31 -> 190 | U29: =170.66*0.15 -> 25.599 | W29: =T29*0.2 -> 38 | Y29: =(W29*(217/145-1))+W29 -> 56.868966 | AA29: =(Y29*($D$12/$D$11-1))+Y29 -> 69.848962 | AG29: Sub-Total : Civils & Surfacing | AJ29: =SUM(#REF!) -> #REF! | AK29: /m2 | AL29: =SUM(AL22:AL28) -> 103.26993 | AM29: /m² | AN29: =SUM(AN22:AN28) -> 154.54879 | AO29: /m² | AP29: =SUM(AP22:AP28) -> 189.82361 | AQ29: /m²
A30: • | B30: In-situ compaction | H30: ='Code C,E & F stands'!$H$31 -> 10 | J30: =(H30*(217/145-1))+H30 -> 14.965517 | L30: =(J30*($D$12/$D$11-1))+J30 -> 18.381306 | O30: • | P30: G7 Selected layer 300mm | T30: =E29 -> 190 | V30: =T30*0.3 -> 57 | W30: =T30*0.3 -> 57 | Y30: =(W30*(217/145-1))+W30 -> 85.303448 | AA30: =(Y30*($D$12/$D$11-1))+Y30 -> 104.77344
A31: • | B31: Sub-soil drainage | F31: =2158863/(19774+48298+60941) -> 16.733686 | H31: ='Code C,E & F stands'!H32 -> 17.57037 | J31: =(H31*(217/145-1))+H31 -> 26.294968 | L31: =(J31*($D$12/$D$11-1))+J31 -> 32.296634 | O31: • | P31: Earthworks (Box Cut) | T31: =E32 -> 55 | U31: =(1*45)*(0.65) -> 29.25 | W31: =T31*(0.05+0.125+0.15+0.15+0.115) -> 32.45 | Y31: =(W31*(217/145-1))+W31 -> 48.563103 | AA31: =(Y31*($D$12/$D$11-1))+Y31 -> 59.647337
A32: • | B32: Earthworks (Box Cut) | E32: ='Code C,E & F stands'!E33 -> 55 | F32: =(1*45)*(0.65+0.08+0.04) -> 34.65 | H32: =(0.04+0.09+0.125+0.175+0.2+0.15+0.3)*E32 -> 59.4 | J32: =(H32*(217/145-1))+H32 -> 88.895172 | L32: =(J32*($D$12/$D$11-1))+J32 -> 109.18496 | O32: • | P32: In-situ compaction | W32: ='Code C,E & F stands'!$H$31 -> 10 | Y32: =(W32*(217/145-1))+W32 -> 14.965517 | AA32: =(Y32*($D$12/$D$11-1))+Y32 -> 18.381306 | AE32: Total | AJ32: =SUM(AJ29:AJ31) -> #REF! | AK32: /m2 | AL32: =ROUND(SUM(AL29:AL31),-1) -> 100 | AM32: /m2 | AN32: =ROUND(SUM(AN29:AN31),-1) -> 150 | AO32: /m2 | AP32: =ROUND(SUM(AP29:AP31),-1) -> 190 | AQ32: /m2
A33: • | B33: Clearing & grubbing | F33: =11544.79/10000 -> 1.154479 | H33: =+F33*1.1 -> 1.2699269 | J33: =(H33*(217/145-1))+H33 -> 1.9005113 | L33: =(J33*($D$12/$D$11-1))+J33 -> 2.3342915 | O33: • | P33: Clearing & grubbing | U33: =11544.79/10000 -> 1.154479 | W33: =+U33*1.1 -> 1.2699269 | Y33: =(W33*(217/145-1))+W33 -> 1.9005113 | AA33: =(Y33*($D$12/$D$11-1))+Y33 -> 2.3342915
B34: Sub-Total : Civils & Surfacing | F34: =SUM(F32:F32) -> 34.65 | G34: /m2 | H34: =SUM(H23:H33) -> 662.8328 | I34: /m² | J34: =SUM(J23:J33) -> 991.96357 | K34: /m² | L34: =SUM(L23:L33) -> 1218.3732 | M34: /m² | R34: Sub-Total : Civils & Surfacing | U34: =SUM(U31:U31) -> 29.25 | V34: /m2 | W34: =SUM(W22:W33) -> 500.89843 | X34: /m² | Y34: =SUM(Y23:Y33) -> 749.6204 | Z34: /m² | AA34: =SUM(AA23:AA33) -> 920.71671 | AB34: /m²
AJ35: Base April '08 | AL35: ='Code C,E & F stands'!$H$16 -> Estimated Rates
A36: Drainage | D36: =7910203*1.05 -> 8305713.2 | H36: =D36/$E$56 -> 37.616454 | J36: =(H36*(217/145-1))+H36 -> 56.29497 | L36: =(J36*($D$12/$D$11-1))+J36 -> 69.143955 | AD36: Graded trip (RSA)
P37: Total | U37: =SUM(U34:U36) -> 29.25 | V37: /m2 | W37: =ROUND(SUM(W34:W36),-1) -> 500 | X37: /m2 | Y37: =ROUND(SUM(Y34:Y36),-1) -> 750 | Z37: /m2 | AA37: =ROUND(SUM(AA34:AA36),-1) -> 920 | AB37: /m2 | AL37: ='Code C,E & F stands'!$H$18 -> Base Date Jan '09 | AN37: Base Date Nov '17 | AP37: Current Date Mar '19
A38: Roadmarking | D38: =(21600+172800+5876+240000+162000+630000+180900+10838+6885+17000+160000)*1.05 -> 1688294 | F38: =+#REF!/25 -> #REF! | H38: =D38/$E$56 -> 7.6462588 | J38: =(H38*(217/145-1))+H38 -> 11.443022 | L38: =(J38*($D$12/$D$11-1))+J38 -> 14.054822
AG39: 37.5 | AH39: m wide each side
A40: Ducts & Sleeves | D40: =1283646*1.05 -> 1347828.3 | F40: =+#REF!/25 -> #REF! | H40: =D40/$E$56 -> 6.1042948 | J40: =(H40*(217/145-1))+H40 -> 9.135393 | L40: =(J40*($D$12/$D$11-1))+J40 -> 11.220491 | O40: NAVAIDS & Visual Aids to consider:- | AD40: Civils
O41: • | P41: PALS CAT II or III (Precision Approach Light System) | AD41: • | AE41: Topsoil, grassing & sculpting | AL41: =AL24 -> 35 | AN41: =(AL41*(217/145-1))+AL41 -> 52.37931 | AP41: =(AN41*($D$12/$D$11-1))+AN41 -> 64.33457
A42: Concrete works for bases, foundations, etc. | D42: =2170850*1.05 -> 2279392.5 | H42: =D42/$E$56 -> 10.323336 | J42: =(H42*(217/145-1))+H42 -> 15.449406 | L42: =(J42*($D$12/$D$11-1))+J42 -> 18.975639 | O42: • | P42: ILS Cat II or III (Instrument Landing System - Visual) | AD42: • | AE42: Selected layer G7 105mm | AI42: =T28 -> 190 | AJ42: =170.66*0.15 -> 25.599 | AL42: =AI42*0.11 -> 20.9 | AN42: =(AL42*(217/145-1))+AL42 -> 31.277931 | AP42: =(AN42*($D$12/$D$11-1))+AN42 -> 38.416929
O43: • | P43: SALS Simple Approach Lighting System) | AD43: • | AE43: Selected layer G7 150mm | AI43: =T29 -> 190 | AJ43: =170.66*0.15 -> 25.599 | AL43: =AI43*0.15 -> 28.5 | AN43: =(AL43*(217/145-1))+AL43 -> 42.651724 | AP43: =(AN43*($D$12/$D$11-1))+AN43 -> 52.386721
A44: Electrical | D44: =(3429692+2169420+1743426+245054+2740017)*1.05 -> 10843989 | F44: =+#REF!/32.5 -> #REF! | H44: =D44/$E$56 -> 49.112271 | J44: =(H44*(217/145-1))+H44 -> 73.499054 | L44: =(J44*($D$12/$D$11-1))+J44 -> 90.274767 | O44: • | P44: VOR/DME (VHF Omni-directional Radio Range / Distance Measuring Equipment), visual | AD44: • | AE44: In-situ compaction | AL44: ='Code C,E & F stands'!$H$31 -> 10 | AN44: =(AL44*(217/145-1))+AL44 -> 14.965517 | AP44: =(AN44*($D$12/$D$11-1))+AN44 -> 18.381306
O45: • | P45: DVOR (Doppler Very High Frequency Omni-Directional Range | AD45: • | AE45: Clearing & grubbing | AJ45: =11544.79/10000 -> 1.154479 | AL45: =+AJ45*1.1 -> 1.2699269 | AN45: =(AL45*(217/145-1))+AL45 -> 1.9005113 | AP45: =(AN45*($D$12/$D$11-1))+AN45 -> 2.3342915
A46: Fibre Optic cabling | D46: =2258700*1.05 -> 2371635 | F46: =+E52/32.5 -> 0 | H46: =D46/$E$56 -> 10.741101 | J46: =(H46*(217/145-1))+H46 -> 16.074613 | L46: =(J46*($D$12/$D$11-1))+J46 -> 19.743545 | O46: • | P46: PAPI (Precision Approach Path Indicator) | AG46: Sub-Total : Civils & Surfacing | AJ46: =SUM(#REF!) -> #REF! | AK46: /m2 | AL46: =SUM(AL40:AL45) -> 95.669927 | AM46: /m² | AN46: =SUM(AN39:AN45) -> 143.17499 | AO46: /m² | AP46: =SUM(AP39:AP45) -> 175.85382 | AQ46: /m²
O47: • | P47: Pilot Controlled Lighting (controlled from aircraft if authority automates this options)
A48: Airfield Ground Lighting | D48: ='[5]CT Runway'!J28*1.05 -> 1.1174892e+08 | F48: =+E54/32.5 -> 0 | H48: =D48/$E$56 -> 506.10922 | J48: =(H48*(217/145-1))+H48 -> 757.41863 | L48: =(J48*($D$12/$D$11-1))+J48 -> 930.29484
O49: Lights to consider:- | AE49: Total | AJ49: =SUM(AJ46:AJ48) -> #REF! | AK49: /m2 | AL49: =ROUND(SUM(AL46:AL48),-1) -> 100 | AM49: /m2 | AN49: =ROUND(SUM(AN46:AN48),-1) -> 140 | AO49: /m2 | AP49: =ROUND(SUM(AP46:AP48),-1) -> 180 | AQ49: /m2
A50: NAVAIDS | D50: ='[5]CT Runway'!J29*1.05 -> 31778373 | F50: =+E56/32.5 -> 6793.8462 | H50: =D50/$E$56 -> 143.92379 | J50: =(H50*(217/145-1))+H50 -> 215.3894 | L50: =(J50*($D$12/$D$11-1))+J50 -> 264.55072 | O50: • | P50: Approach Lighting System (ALS)
O51: • | P51: Land and Hold Short Lights
O52: • | P52: Runway Centerline Lighting System | AJ52: Base April '08 | AL52: ='Code C,E & F stands'!$H$16 -> Estimated Rates
B53: Total (excluding shoulders & strip) | F53: =SUM(F34:F52) -> #REF! | G53: /m2 | H53: =ROUND(SUM(H34:H52),-1) -> 1430 | I53: /m² | J53: =ROUND(SUM(J34:J52),-1) -> 2150 | K53: /m² | L53: =ROUND(SUM(L34:L52),-1) -> 2640 | M53: /m² | O53: • | P53: Runway Edge Lights | AD53: Strip (RSA)
O54: • | P54: Runway End Identification Lights (threshold) | AL54: ='Code C,E & F stands'!$H$18 -> Base Date Jan '09 | AN54: Base Date Nov '17 | AP54: Current Date Mar '19
O55: • | P55: Runway End Lights (sides)
B56: CT Runway | C56: =3500+90*2 -> 3680 | D56: 60 | E56: =C56*D56 -> 220800 | F56: =(H53*C21+W37*R21*2+AL49*AG39*2)/C21+(#REF!*AL49)/('Master Runways'!Q19*'Master Runways'!P15) -> #REF! | O56: • | P56: Taxiway Centerline Lead-On / Lead-Off Lights | AG56: 75 | AH56: m wide each side
O57: • | P57: Touchdown Zone Lights (TDZ Lights) | AD57: Civils
AD58: • | AE58: Topsoil, grassing & sculpting | AL58: ='Code F Taxiway & SH'!AM25 -> 35 | AN58: =(AL58*(217/145-1))+AL58 -> 52.37931 | AP58: =(AN58*($D$12/$D$11-1))+AN58 -> 64.33457
AD59: • | AE59: In-situ compaction | AL59: ='Code F Taxiway & SH'!AM26 -> 10 | AN59: =(AL59*(217/145-1))+AL59 -> 14.965517 | AP59: =(AN59*($D$12/$D$11-1))+AN59 -> 18.381306
AD60: • | AE60: Clearing & grubbing | AJ60: =11544.79/10000 -> 1.154479 | AL60: ='Code F Taxiway & SH'!AM27 -> 1.2699269 | AN60: =(AL60*(217/145-1))+AL60 -> 1.9005113 | AP60: =(AN60*($D$12/$D$11-1))+AN60 -> 2.3342915
AG61: Sub-Total : Civils & Surfacing | AJ61: =SUM(#REF!) -> #REF! | AK61: /m2 | AL61: =SUM(AL57:AL60) -> 46.269927 | AM61: /m² | AN61: =SUM(AN54:AN60) -> 69.245339 | AO61: /m² | AP61: =SUM(AP54:AP60) -> 85.050167 | AQ61: /m²
AE64: Total | AJ64: =SUM(AJ62:AJ63) -> 0 | AK64: /m2 | AL64: =ROUND(SUM(AL61:AL63),-1) -> 50 | AM64: /m2 | AN64: =ROUND(SUM(AN61:AN63),-1) -> 70 | AO64: /m2 | AP64: =ROUND(SUM(AP61:AP63),-1) -> 90 | AQ64: /m2

Sheet Code F Taxiway & SH
A3: =[5]Cover!$A$5 -> AIRPORT DEVELOPMENT COST
A5: ='Master Taxiways'!A5:X5 -> 3. TAXIWAYS
A7: ='Master Apron stands'!A7 -> 43040
A11: 3.4 APPROXIMATE RATE BUILD-UP FOR TAXIWAYS WITH ASSOCIATED SHOULDERS & STRIPS
B13: BER Index
B14: Base Date | C14: 43040 | D14: 217.6 | E14: ='New Bldg Rates'!M4 -> Reference 2021 Q4 Table 2 - BER Building Cost Index
B15: Current Date | C15: ='Code F Runway & SH (2)'!C12 -> 44621 | D15: ='New Bldg Rates'!L5 -> 267.26588
F18: Base April '08 | H18: ='Code C,E & F stands'!$H$16 -> Estimated Rates | V18: Base April '08 | X18: ='Code C,E & F stands'!$H$16 -> Estimated Rates | AK18: Base April '08 | AM18: ='Code C,E & F stands'!$H$16 -> Estimated Rates
A19: Taxiway Travel Way - Code F (all aircraft) | P19: Shoulders | AE19: Strip
H20: ='Code C,E & F stands'!$H$18 -> Base Date Jan '09 | K20: Base Date Nov '17 | M20: ='Code F Runway & SH (2)'!L19 -> 44621 | X20: ='Code C,E & F stands'!$H$18 -> Base Date Jan '09 | Z20: Base Date Nov '17 | AB20: =M20 -> 44621 | AM20: ='Code C,E & F stands'!$H$18 -> Base Date Jan '09 | AO20: Base Date Nov '17 | AQ20: =M20 -> 44621
C22: 25 | D22: m wide | S22: 17.5 | T22: m wide each side | AH22: 27.5 | AI22: m wide each side
A24: Civils | P24: Civils | AE24: Civils
A25: • | B25: Roadmarking | F25: 5.93 | H25: 8 | K25: =(H25*(217/145-1))+H25 -> 11.972414 | M25: =(K25*($D$15/$D$14-1))+K25 -> 14.705045 | P25: • | Q25: 50 mm thick, medium grade using 150/200 | AE25: • | AF25: Topsoil, grassing & sculpting | AM25: 35 | AO25: =(AM25*(217/145-1))+AM25 -> 52.37931 | AQ25: =(AO25*($D$15/$D$14-1))+AO25 -> 64.33457
A26: • | B26: Stone mastic asphalt AE-2 mod binder (80/100) 40mm | F26: =104.45+2.92 -> 107.37 | H26: =+F26 -> 107.37 | K26: =(H26*(217/145-1))+H26 -> 160.68476 | M26: =(K26*($D$15/$D$14-1))+K26 -> 197.36008 | Q26: penetration-grade rubber bitumen | V26: 208.17 | X26: =+V26*1.05 -> 218.5785 | Z26: =(X26*(217/145-1))+X26 -> 327.11403 | AB26: =(Z26*($D$15/$D$14-1))+Z26 -> 401.77582 | AE26: • | AF26: In-situ compaction | AM26: ='Code C,E & F stands'!$H$31 -> 10 | AO26: =(AM26*(217/145-1))+AM26 -> 14.965517 | AQ26: =(AO26*($D$15/$D$14-1))+AO26 -> 18.381306
A27: • | B27: Coarse continuously graded hotmix (60/70) 90mm | F27: =166.39+6.11+2.92 -> 175.42 | H27: =+F27/80*90 -> 197.3475 | K27: =(H27*(217/145-1))+H27 -> 295.34074 | M27: =(K27*($D$15/$D$14-1))+K27 -> 362.75047 | P27: • | Q27: G1 crushed stone 125mm | U27: =E28 -> 350 | V27: =345.66*0.15 -> 51.849 | X27: =U27*0.125 -> 43.75 | Z27: =(X27*(217/145-1))+X27 -> 65.474138 | AB27: =(Z27*($D$15/$D$14-1))+Z27 -> 80.418213 | AE27: • | AF27: Clearing & grubbing | AK27: =11544.79/10000 -> 1.154479 | AM27: =+AK27*1.1 -> 1.2699269 | AO27: =(AM27*(217/145-1))+AM27 -> 1.9005113 | AQ27: =(AO27*($D$15/$D$14-1))+AO27 -> 2.3342915
A28: • | B28: G1 crushed stone 125mm | E28: ='Code F,C Taxilane & Serv Roads'!AF26 -> 350 | F28: =345.66*0.15 -> 51.849 | H28: =E28*0.125 -> 43.75 | K28: =(H28*(217/145-1))+H28 -> 65.474138 | M28: =(K28*($D$15/$D$14-1))+K28 -> 80.418213 | P28: • | Q28: Stabilised layer C4 125mm | U28: ='Code C,E & F stands'!E28 -> 360 | V28: =146.85*0.2+265.11*0.2 -> 82.392 | X28: =U28*0.125 -> 45 | Z28: =(X28*(217/145-1))+X28 -> 67.344828 | AB28: =(Z28*($D$15/$D$14-1))+Z28 -> 82.715876 | AH28: Sub-Total : Civils & Surfacing | AK28: =SUM(#REF!) -> #REF! | AL28: /m2 | AM28: =SUM(AM23:AM27) -> 46.269927 | AN28: /m² | AO28: =SUM(AO23:AO27) -> 69.245339 | AP28: /m² | AQ28: =SUM(AQ23:AQ27) -> 85.050167 | AR28: /m²
A29: • | B29: Stabilised layer C3 175mm | E29: ='Code C,E & F stands'!E27 -> 375 | F29: =146.85*0.15+265.11*0.15 -> 61.794 | H29: =E29*0.175 -> 65.625 | K29: =(H29*(217/145-1))+H29 -> 98.211207 | M29: =(K29*($D$15/$D$14-1))+K29 -> 120.62732 | P29: • | Q29: Selected layer G5 150mm | U29: 220 | V29: =+V31 -> 25.599 | X29: =U29*0.15 -> 33 | Z29: =(X29*(217/145-1))+X29 -> 49.386207 | AB29: =(Z29*($D$15/$D$14-1))+Z29 -> 60.658309
A30: • | B30: Stabilised layer C3 200mm | E30: =E29 -> 375 | F30: =146.85*0.15+265.11*0.15 -> 61.794 | H30: =E30*0.2 -> 75 | K30: =(H30*(217/145-1))+H30 -> 112.24138 | M30: =(K30*($D$15/$D$14-1))+K30 -> 137.85979 | P30: • | Q30: Selected layer G7 115mm | U30: =E31 -> 190 | V30: =170.66*0.15 -> 25.599 | X30: =U30*0.115 -> 21.85 | Z30: =(X30*(217/145-1))+X30 -> 32.699655 | AB30: =(Z30*($D$15/$D$14-1))+Z30 -> 40.163153
A31: • | B31: G7 Selected layer 150mm | E31: ='Code C,E & F stands'!E29 -> 190 | F31: =+F32 -> 27 | H31: =E31*0.15 -> 28.5 | K31: =(H31*(217/145-1))+H31 -> 42.651724 | M31: =(K31*($D$15/$D$14-1))+K31 -> 52.386721 | P31: • | Q31: Selected layer G7 200mm | U31: =E32 -> 190 | V31: =170.66*0.15 -> 25.599 | X31: =U31*0.2 -> 38 | Z31: =(X31*(217/145-1))+X31 -> 56.868966 | AB31: =(Z31*($D$15/$D$14-1))+Z31 -> 69.848962 | AF31: Total | AK31: =SUM(AK28:AK30) -> #REF! | AL31: /m2 | AM31: =ROUND(SUM(AM28:AM30),-1) -> 50 | AN31: /m2 | AO31: =ROUND(SUM(AO28:AO30),-1) -> 70 | AP31: /m2 | AQ31: =ROUND(SUM(AQ28:AQ30),-1) -> 90 | AR31: /m2
A32: • | B32: G7 Selected layer 300mm | E32: =E31 -> 190 | F32: =180*0.15 -> 27 | H32: =E32*0.3 -> 57 | K32: =(H32*(217/145-1))+H32 -> 85.303448 | M32: =(K32*($D$15/$D$14-1))+K32 -> 104.77344 | P32: • | Q32: G7 Selected layer 300mm | U32: =E32 -> 190 | W32: =U32*0.3 -> 57 | X32: =U32*0.3 -> 57 | Z32: =(X32*(217/145-1))+X32 -> 85.303448 | AB32: =(Z32*($D$15/$D$14-1))+Z32 -> 104.77344
A33: • | B33: In-situ compaction | H33: ='Code C,E & F stands'!$H$31 -> 10 | K33: =(H33*(217/145-1))+H33 -> 14.965517 | M33: =(K33*($D$15/$D$14-1))+K33 -> 18.381306 | P33: • | Q33: Earthworks (Box Cut) | U33: =E35 -> 55 | V33: =(1*45)*(0.65) -> 29.25 | X33: =U33*(0.05+0.125+0.15+0.15+0.115) -> 32.45 | Z33: =(X33*(217/145-1))+X33 -> 48.563103 | AB33: =(Z33*($D$15/$D$14-1))+Z33 -> 59.647337
A34: • | B34: Sub-soil drainage | F34: =2158863/(19774+48298+60941) -> 16.733686 | H34: ='Code C,E & F stands'!H32 -> 17.57037 | K34: =(H34*(217/145-1))+H34 -> 26.294968 | M34: =(K34*($D$15/$D$14-1))+K34 -> 32.296634 | P34: • | Q34: In-situ compaction | X34: ='Code C,E & F stands'!$H$31 -> 10 | Z34: =(X34*(217/145-1))+X34 -> 14.965517 | AB34: =(Z34*($D$15/$D$14-1))+Z34 -> 18.381306
A35: • | B35: Earthworks (Box Cut) | E35: ='Code C,E & F stands'!E33 -> 55 | F35: =(1*45)*(0.65+0.08+0.04) -> 34.65 | H35: =(0.04+0.09+0.125+0.175+0.2+0.15+0.3)*E35 -> 59.4 | K35: =(H35*(217/145-1))+H35 -> 88.895172 | M35: =(K35*($D$15/$D$14-1))+K35 -> 109.18496 | P35: • | Q35: Clearing & grubbing | V35: =11544.79/10000 -> 1.154479 | X35: =+V35*1.1 -> 1.2699269 | Z35: =(X35*(217/145-1))+X35 -> 1.9005113 | AB35: =(Z35*($D$15/$D$14-1))+Z35 -> 2.3342915
A36: • | B36: Clearing & grubbing | F36: =11544.79/10000 -> 1.154479 | H36: =+F36*1.1 -> 1.2699269 | K36: =(H36*(217/145-1))+H36 -> 1.9005113 | M36: =(K36*($D$15/$D$14-1))+K36 -> 2.3342915 | S36: Sub-Total : Civils & Surfacing | V36: =SUM(V33:V33) -> 29.25 | W36: /m2 | X36: =SUM(X23:X35) -> 500.89843 | Y36: /m² | Z36: =SUM(Z23:Z35) -> 749.6204 | AA36: /m² | AB36: =SUM(AB23:AB35) -> 920.71671 | AC36: /m²
B37: Sub-Total : Civils & Surfacing | F37: =SUM(F35:F35) -> 34.65 | G37: /m2 | H37: =SUM(H25:H36) -> 670.8328 | I37: /m² | K37: =SUM(K25:K36) -> 1003.936 | L37: /m² | M37: =SUM(M25:M36) -> 1233.0783 | N37: /m²
A39: Stormwater | Q39: Total | V39: =SUM(V36:V38) -> 29.25 | W39: /m2 | X39: =ROUND(SUM(X36:X38),-1) -> 500 | Y39: /m2 | Z39: =ROUND(SUM(Z36:Z38),-1) -> 750 | AA39: /m2 | AB39: =ROUND(SUM(AB36:AB38),-1) -> 920 | AC39: /m2
A40: • | B40: Concrete pipework with inlets | F40: =+E43/25 -> 212.05333 | H40: =E43/C22 -> 212.05333 | K40: =(H40*(217/145-1))+H40 -> 317.34878 | M40: =(K40*($D$15/$D$14-1))+K40 -> 389.78172
A41: • | B41: Concrete pipework, varying | C41: 2 | D41: =2000*1.12 -> 2240 | E41: =+D41*C41 -> 4480
